Workbook
Name \0: #REF!
Name \0: #REF!
Name \0: #REF!
Name \0: #REF!
Name \0: #REF!
Name \0: #REF!
Name \0: #REF!
Name \0: #REF!
Name \0: #REF!
Name \0: #REF!
Name \0: #REF!
Name \0: #REF!
Name \0: #REF!
Name \0: #REF!
Name \0: #REF!
Name \0: #REF!
Name \0: #REF!
Name \0: #REF!
Name \0: #REF!
Name \0: #REF!
Name \00: #REF!
Name \00: #REF!
Name \00: #REF!
Name \00: #REF!
Name \00: #REF!
Name \00: #REF!
Name \00: #REF!
Name \00: #REF!
Name \00: #REF!
Name \00: #REF!
Name \00: #REF!
Name \00: #REF!
Name \00: #REF!
Name \00: #REF!
Name \00: #REF!
Name \00: #REF!
Name \00: #REF!
Name \00: #REF!
Name \00: #REF!
Name \00: #REF!
Name \a: #REF!
Name \a: #REF!
Name \a: #REF!
Name \a: #REF!
Name \a: #REF!
Name \a: #REF!
Name \a: #REF!
Name \a: #REF!
Name \a: #REF!
Name \a: #REF!
Name \a: #REF!
Name \a: #REF!
Name \a: #REF!
Name \a: #REF!
Name \a: #REF!
Name \a: #REF!
Name \a: #REF!
Name \a: #REF!
Name \a: #REF!
Name \a: #REF!

Sheet PRESUPUESTO OFICIAL (Entidad)
C3: Formulario 1 - Propuesta económica - Documento tipo de licitación de obra pública de infraestructura de transporte - versión 4
C4: Código | D4: CCE-EICP-FM-14 | E4: Versión | F4: 4
C5: FORMULARIO 1
C6: PRESUPUESTO OFICIAL
C7: [La entidad puede utilizar este formulario de detalle del presupuesto oficial para determinar las condiciones bajo las cuales los proponentes analizarán y presentarán su propuesta económica de forma detallada, sin perjuicio que la entidad pueda modificarlo o establecer la presentación de la oferta económica con un formulario distinto al indicado.]
C9: Adicionalmente, cuando el proceso de contratación es estructurado por precios unitarios, la Entidad debe aplicar las notas 1, 2 y 3 del presente formulario y las casillas de "Descripción", "Porcentaje" de la Administración, Imprevisto, Utilidad y total A.I.U. resaltadas en color amarillo. Tratándose de otras modalidades de precio, la Entidad puede o no configurar los mismos aspectos.
C11: Nº | D11: ÍTEM DE PAGO | E11: ESPECIFICACIONES | G11: DESCRIPCIÓN | H11: UND. | I11: CANTIDAD | J11: VALOR UNITARIO | K11: VALOR TOTAL
E12: GENERAL | F12: PARTICULAR | O12: F | P12: I
C13: 1 | D13: ANDENES AEROPUERTO LA NUBIA | K13: =SUM(K14:K17) -> 20805923 | N13: FUNCIONAMIENTO | O13: =+K13 -> 20805923 | Q13: =+K13 -> 20805923
C14: 1.1 | G14: DEMOLICION DE LOSAS EXISTENTES QUE PRESENTAN DETERIORO (INCLUYE DISPOSICION FINAL) | H14: M3 | I14: 6 | J14: =+'APU 1,1'!O68 -> 220218 | K14: =+ROUND(J14*I14,0) -> 1321308
C15: 1.2 | G15: EXCAVACION EN MATERIAL GRANULAR INCLUYE RETIRO Y DISPOSICION FINAL | H15: M3 | I15: 18 | J15: =+'APU 1,2'!O68 -> 210912 | K15: =+ROUND(J15*I15,0) -> 3796416
C16: 1.3 | G16: SUMNISTRO, TRANSPORTE E INSTALACION DE BASE GRANULAR | H16: M3 | I16: 18 | J16: =+'APU 1,3'!O68 -> 366130 | K16: =+ROUND(J16*I16,0) -> 6590340
C17: 1.4 | G17: SUMINISTRO, TRANSPORTE E INSTALACION ANDEN CONCRETO 3000 PSI E= 0.10M. ACABADO: ESCOBIADO | H17: M2 | I17: 59 | J17: =+'APU 1,4'!O71 -> 154201 | K17: =+ROUND(J17*I17,0) -> 9097859
C18: 2 | D18: CERRAMIENTO PERIMETRAL - SEPARACION UNIVERSIDAD / REFORZAMIENTO BODEGA | K18: =SUM(K19:K20) -> 19595155 | N18: INVERSION | P18: =+K18 -> 19595155 | R18: =+K18 -> 19595155
C19: 2.1 | G19: VIGA DE AMARRE Y COLUMNETA EN CONCRETO DE 20,7 MPA DE 0,15*0,20 M INCLUYE REFUERZO | H19: ML | I19: 95 | J19: =+'APU 2,1'!O74 -> 152199 | K19: =+ROUND(J19*I19,0) -> 14458905
C20: 2.2 | G20: SUMINISTRO TRANSPORTE E INSTALACION DE MURO EN LADRILLO FAROL . INCLUYE MORTERO DE PEGA. | H20: M2 | I20: 70 | J20: =+'APU 2,2'!O71 -> 73375 | K20: =+ROUND(J20*I20,0) -> 5136250
C21: 3 | D21: BODEGA O ALMACEN UBICADA EN EL PARQUEADERO | K21: =SUM(K22:K24) -> 6244732 | N21: FUNCIONAMIENTO | O21: =+K21 -> 6244732 | Q21: =+K21 -> 6244732
C22: 3.1 | G22: PINTURA COLUMNAS, VIGAS, MUROS Y CIELORASO 2 MANOS (INCLUYE ASEO FINAL) | H22: M2 | I22: 55 | J22: =+'APU 3,1'!O69 -> 36062 | K22: =+ROUND(J22*I22,0) -> 1983410
C23: 3.2 | G23: DESMONTE DE CIELO RASO EXISTENTE | H23: M2 | I23: 26 | J23: =+'APU 3,2'!O69 -> 20799 | K23: =+ROUND(J23*I23,0) -> 540774
C24: 3.3 | G24: SUMINISTRO, INSTALACION Y TRANSPORTE DE CIELO RASO EN SUPERBOARD | H24: M2 | I24: 26 | J24: =+'APU 3,3'!O77 -> 143098 | K24: =+ROUND(J24*I24,0) -> 3720548
C25: 4 | D25: SEÑALIZACION PARQUEADERO Y ENTRADA AEROPUERTO | K25: =SUM(K26:K40) -> 41103751 | N25: FUNCIONAMIENTO | O25: =+K25 -> 41103751 | Q25: =+K25 -> 41103751
C26: 4.1 | G26: IMPRIMANTE PARA PINTURA ACRILICA BASE SOLVENTE NEGRA | H26: M2 | I26: 380 | J26: =+'APU 4,1'!O69 -> 49472 | K26: =+ROUND(J26*I26,0) -> 18799360
C27: 4.2 | G27: SUMINISTRO Y APLICACIÓN DE PINTURA PARA SEÑALIZACION HORIZONTAL - LINEA AMARILLA, ANCHO 10 CM | H27: ML | I27: 593 | J27: =+'APU 4,2'!O69 -> 4165 | K27: =+ROUND(J27*I27,0) -> 2469845
C28: 4.3 | G28: SUMINISTRO Y APLICACIÓN DE PINTURA PARA SEÑALIZACION HORIZONTAL - LINEA AZUL ANCHO 10 CM | H28: ML | I28: 127 | J28: =+'APU 4,2'!O69 -> 4165 | K28: =+ROUND(J28*I28,0) -> 528955
C29: 4.4 | G29: SUMINISTRO Y APLICACIÓN DE PINTURA PARA SEÑALIZACION HORIZONTAL - LINEA VERDE ANCHO 10 CM | H29: ML | I29: 60 | J29: =+'APU 4,2'!O69 -> 4165 | K29: =+ROUND(J29*I29,0) -> 249900
C30: 4.5 | G30: SUMINISTRO Y APLICACIÓN DE PINTURA PARA SEÑALIZACION HORIZONTAL - LINEA BLANCA ANCHO 10 CM | H30: ML | I30: 238 | J30: =+'APU 4,2'!O69 -> 4165 | K30: =+ROUND(J30*I30,0) -> 991270
C31: 4.6 | G31: CEBRA PEATONAL (3,00 x 0,40 m). | H31: M2 | I31: 28 | J31: =+'APU 4,6'!O69 -> 55927 | K31: =+ROUND(J31*I31,0) -> 1565956
C32: 4.7 | G32: CEBRA PEATONAL (1,00 x 0,25 m). | H32: M2 | I32: 90 | J32: =+'APU 4,6'!O69 -> 55927 | K32: =+ROUND(J32*I32,0) -> 5033430
C33: 4.8 | G33: CEBRA AMARILLA NO PARQUEAR | H33: M2 | I33: 25 | J33: =+'APU 4,6'!O69 -> 55927 | K33: =+ROUND(J33*I33,0) -> 1398175
C34: 4.9 | G34: NUMERACIÓN PARQUEADEROS, CARROS. (SEÑAL CIRCULAR Ø=60CM). | H34: M2 | I34: 21 | J34: =+'APU 4,6'!O69 -> 55927 | K34: =+ROUND(J34*I34,0) -> 1174467
C35: 4.1 | G35: NUMERACIÓN PARQUEADEROS, MOTOS. (SEÑAL CIRCULAR Ø=40CM). | H35: M2 | I35: 5 | J35: =+'APU 4,6'!O69 -> 55927 | K35: =+ROUND(J35*I35,0) -> 279635
C36: 4.11 | G36: SEÑAL HORIZONTAL, PARQUEADERO DE DISCAPACITADOS. (1,75 X 1,75 M). | H36: M2 | I36: 7 | J36: =+'APU 4,6'!O69 -> 55927 | K36: =+ROUND(J36*I36,0) -> 391489
C37: 4.12 | G37: PUNTO DE ENCUENTRO - PINTURA VERDE. | H37: M2 | I37: 96 | J37: =+'APU 4,6'!O69 -> 55927 | K37: =+ROUND(J37*I37,0) -> 5368992
C38: 4.13 | G38: SEÑAL HORIZONTAL, PUNTO DE ENCUENTRO. (3,00 X 2,00 M). | H38: M2 | I38: 7 | J38: =+'APU 4,6'!O69 -> 55927 | K38: =+ROUND(J38*I38,0) -> 391489
C39: 4.14 | G39: SEÑAL HORIZONTAL - PROHIBIDO PARQUEAR. (3,00 X 3,00 M) - PUNTO DE ENCUENTRO. | H39: M2 | I39: 9 | J39: =+'APU 4,6'!O69 -> 55927 | K39: =+ROUND(J39*I39,0) -> 503343
C40: 4.15 | G40: FLECHAS SENTIDO VIAL. | H40: M2 | I40: 35 | J40: =+'APU 4,6'!O69 -> 55927 | K40: =+ROUND(J40*I40,0) -> 1957445
C41: 5 | D41: CAMBIADOR DE BEBES | K41: =SUM(K42) -> 6219724 | N41: INVERSION | P41: =+K41 -> 6219724 | Q41: =+K41 -> 6219724
C42: 5.1 | G42: SUMINISTRO, TRANSPORTE E INSTALACION DE CAMBIADOR DE BEBE HORIZONTAL GRIS | H42: UND | I42: 2 | J42: =+'APU 5,1'!O65 -> 3109862 | K42: =+ROUND(J42*I42,0) -> 6219724
C43: 6 | D43: ASFALTO VIAS ENTRADA AEROPUERTO | K43: =SUM(K44:K46) -> 14160671 | N43: INVERSION | P43: =+K43 -> 14160671 | R43: =+K43 -> 14160671
C44: 6.1 | G44: FRESADA CARPETA ASFALTICA HASTA 10 CM (INCLUYE CARGUE, CPRTE, RETIRO Y DISPOSICION FINAL) | H44: M2 | I44: 70 | J44: =+'APU 6,1'!O71 -> 13369 | K44: =+ROUND(J44*I44,0) -> 935830
C45: 6.2 | G45: RIEGO DE IMPRIMACIÓN CON EMULSION ASFALTICO CRL-57 (CRL-1) (SUMINISTRO, BARRIDO SUPERFICIE Y RIEGO) | H45: M2 | I45: 70 | J45: =+'APU 6,2'!O67 -> 10682 | K45: =+ROUND(J45*I45,0) -> 747740
C46: 6.3 | G46: CONCRETO ASFALTICO MDC19 (INCLUYE TRANSPORTE, SUMINISTRO E INSTALACION) | H46: M3 | I46: 7 | J46: =+'APU 6,3'!O74 -> 1782443 | K46: =+ROUND(J46*I46,0) -> 12477101
C47: 7 | D47: TAPAS CAJAS DE INSPECCION | K47: =SUM(K48:K49) -> 9107408 | N47: FUNCIONAMIENTO | O47: =+K47 -> 9107408 | Q47: =+K47 -> 9107408
C48: 7.1 | G48: SUMINISTRO, TRANSPORTE E INSTALACION TAPA P/CAJA DE INSPECCIÓN TIPO II (1,2X1,2X0,1 M) CONCRETO CLASE II | H48: UND | I48: 15 | J48: =+'APU 7,1'!O72 -> 571175 | K48: =+ROUND(J48*I48,0) -> 8567625
C49: 7.2 | G49: SUMINISTRO, TRANSPORTE E INSTALACION TAPA P/CAJA DE INSPECCIÓN TIPO II (1,7X0,8X0,1 M) CONCRETO CLASE II | H49: UND | I49: 1 | J49: =+'APU 7,2'!O72 -> 539783 | K49: =+ROUND(J49*I49,0) -> 539783
C50: 8 | D50: TANQUE DE ACPM | K50: =SUM(K51) -> 5776206 | N50: INVERSION | P50: =+K50 -> 5776206 | R50: =+K50 -> 5776206
C51: 8.1 | G51: SUMINISTRO E INSTALACION DE TANQUE DE ACPM 60 GALONES VERTICAL CON DIQUE ANTIDERRAME | H51: UND | I51: 2 | J51: =+'APU 8,1'!O68 -> 2888103 | K51: =+ROUND(J51*I51,0) -> 5776206
C52: 9 | D52: CENTRO DE ACOPIO RECICLAJE | K52: =SUM(K53) -> 270606 | N52: FUNCIONAMEINTO | O52: =+K52 -> 270606 | Q52: =+K52 -> 270606
C53: 9.1 | G53: SUMINISTRO, TRANSPORTE E INSTALACION PINTURA EPOXICA ALTA RESISTENCIA CON CATALIZADOR 3 MANOS SOBRE REVOQUE. (INCLUYE 1 MANO EN PINTURA TIPO 2 Y DOS MANOS EN PINTURA EPOXI POLIAMIDA CON CATALIZADOR, FILOS Y DILATACIONES). | H53: M2 | I53: 14 | J53: =+'APU 9,1'!O73 -> 19329 | K53: =+ROUND(J53*I53,0) -> 270606
C54: 10 | D54: OFICINA PARQUEADERO | K54: =SUM(K55:K56) -> 5495532 | N54: INVERSION | P54: =+K54 -> 5495532 | R54: =+K54 -> 5495532
C55: 10.1 | G55: SUMINISTRO TRANSPORTE E INSTALACION DE MUEBLE PARA CASETA DE PÁRQUEADERO DE 2,25 * 0,77 * 0,49 ACUERDO A DISEÑO EN MATERIAL MDP CON RECUBRIMIENTO MELAMINICO Y PROTECCION ANTIBACTERIAL DE 15 MM DE ESPESOR CON CERRADURAS, BISAGRAS Y ZOCALO EN PVC | H55: UND | I55: 1 | J55: =+'APU 10,1'!O76 -> 5210773 | K55: =+ROUND(J55*I55,0) -> 5210773
C56: 10.2 | G56: DESMONTE DE MUEBLE Y REPISAS EXISTENTES. | H56: UND | I56: 1 | J56: =+'APU 10,2'!O68 -> 284759 | K56: =+ROUND(J56*I56,0) -> 284759
C57: 11 | D57: CERRAMIENTO PERIMETRAL - LADO AIRE | K57: =SUM(K58:K61) -> 236225695 | N57: INVERSION | P57: =+K57 -> 236225695 | R57: =+K57 -> 236225695
C58: 11.1 | G58: DESMONTE DE CERRAMIENTO EXISTENTE | H58: M2 | I58: 1200 | J58: =+'APU 11,1'!O69 -> 21818 | K58: =+ROUND(J58*I58,0) -> 26181600
C59: 11.2 | G59: CERRAMIENTO EN POSTE DE CONCRETO 0,1*0,1 Y MALLA ESLABONADA CAL 10 2*2" INCLUYE CONCERTINA EN ACERO INOXIDABLE, EXCAVACION Y MACHONES EN CONCRETO DE 20,7 MPA (3000 PSI) | H59: ML | I59: 400 | J59: =+'APU 11,2'!O74 -> 356411 | K59: =+ROUND(J59*I59,0) -> 142564400
C60: 11.3 | G60: VIGA DE AMARRE EN CONCRETO DE 20,7 MPA DE 0,15*0,20 M INCLUYE REFUERZO | H60: ML | I60: 400 | J60: =+'APU 2,1'!O74 -> 152199 | K60: =+ROUND(J60*I60,0) -> 60879600
C61: 11.4 | G61: EXCAVACION EN MATERIAL COMUN | H61: M3 | I61: 31.29312 | J61: =+'APU 1,2'!O68 -> 210912 | K61: =+ROUND(J61*I61,0) -> 6600095
C62: 12 | D62: REJA SELECCIÓN EQUIPAJE | K62: =SUM(K63) -> 4113114 | N62: FUNCIONAMIENTO | O62: =+K62 -> 4113114 | Q62: =+K62 -> 4113114
C63: 12.1 | G63: SUMINISTRO E INSTALACIÓN VENTANA DE SELECCIÓN DE EQUIPAJE CORREDIZA EN ALUMINIO 1,20 X 0,90 CON CHAPA | H63: M2 | I63: 2 | J63: =+'APU 12,1'!O79 -> 2056557 | K63: =+J63*I63 -> 4113114
C64: 13 | D64: PASAMANOS ANTRADA SALA DE ESPERA | K64: =SUM(K65) -> 1178318 | N64: INVERSION | P64: =+K64 -> 1178318 | Q64: =+K64 -> 1178318
C65: 13.1 | G65: SUMINISTRO, TRANSPORTE E INSTALACIÓN DE PASAMANOS EN TUBERÍA DE ACERO INOXIDABLE DE 2" - INCLUYE ACCESORIOS | H65: ML | I65: 2 | J65: =+'APU 13,1'!O72 -> 589159 | K65: =+J65*I65 -> 1178318
C66: 14 | D66: BARRA SEGURIDAD BAÑOS | K66: =SUM(K67:K68) -> 3460840 | N66: FUNCIONAMIENTO | O66: =+K66 -> 3460840 | Q66: =+K66 -> 3460840
C67: 14.1 | G67: SUMINISTRO E INSTALACION DE BARRA DE SEGURIDAD ABATIBLE DE GIRO VERTIVAL INSTITUCIONAL ACERO INOXIDABLE | H67: UND | I67: 6 | J67: =+'APU 14,1'!O71 -> 521655 | K67: =+J67*I67 -> 3129930
C68: 14.2 | G68: SUMINISTRO E INSTALACION DE BARRA DE SEGURIDAD EN ACERO INOXIDABLE 60 CM SATINAD | H68: UND | I68: 2 | J68: =+'APU 14,2'!O71 -> 165455 | K68: =+J68*I68 -> 330910
C69: 15 | D69: PLACAS CONCRETO ENTRADA SEI | K69: =SUM(K70:K75) -> 99453337 | N69: INVERSION | P69: =+K69 -> 99453337 | R69: =+K69 -> 99453337
C70: 15.1 | G70: DEMOLICION DE LOSAS EXISTENTES QUE PRESENTAN DETERIORO (INCLUYE DISPOSICION FINAL) | H70: M3 | I70: =150*0.2 -> 30 | J70: =+'APU 1,1'!O68 -> 220218 | K70: =+ROUND(J70*I70,0) -> 6606540
C71: 15.2 | G71: EXCAVACION EN MATERIAL GRANULAR INCLUYE RETIRO Y DISPOSICION FINAL | H71: M3 | I71: =150*0.3 -> 45 | J71: =+'APU 1,2'!O68 -> 210912 | K71: =+ROUND(J71*I71,0) -> 9491040
C72: 15.3 | G72: SUMNISTRO, TRANSPORTE E INSTALACION DE BASE GRANULAR DE 30 CM DE ESPESSOR | H72: M3 | I72: =150*0.3 -> 45 | J72: =+'APU 1,3'!O68 -> 366130 | K72: =+ROUND(J72*I72,0) -> 16475850
C73: 15.4 | G73: SUMINISTRO, TRANSPORTE E INSTALACION DE LOSA EN CONCRETO HIDRAULICO MR 42. ESPESOR 20 CM | H73: M3 | I73: =+I70 -> 30 | J73: =+'APU 15,4'!O73 -> 1309082 | K73: =+ROUND(J73*I73,0) -> 39272460
C74: 15.5 | G74: CONECTORES DE TRANSFERENCIA PARA PLACA DE CONCRETO EN MR42 E=0,20 | H74: KG | I74: 575 | J74: =+'APU 15,5'!O68 -> 23303 | K74: =+ROUND(J74*I74,0) -> 13399225
C75: 15.6 | G75: ACERO DE REFUERZO DE 420 MPA | H75: KG | I75: 1554 | J75: =+'APU 15,6'!O68 -> 9143 | K75: =+ROUND(J75*I75,0) -> 14208222
C76: 16 | D76: SELLADO DE JUNTAS | K76: =SUM(K77) -> 32301000 | N76: FUNCIONAMEINTO | O76: =+K76 -> 32301000 | Q76: =+K76 -> 32301000
C77: 16.1 | G77: SUMINISTRO, TRANSPORTE E INSTALACION JUNTA DE DILATACION PARA PLACA DE CONCRETO (Inlcuye sellante y limpieza) | H77: ML | I77: 1000 | J77: =+'APU 16,1'!O68 -> 32301 | K77: =+ROUND(J77*I77,0) -> 32301000 | O77: =SUM(O13:O76) -> 117407374 | P77: =SUM(P13:P76) -> 388104638 | Q77: =SUM(Q13:Q76) -> 124805416 | R77: =SUM(R13:R76) -> 380706596
C78: SUBTOTAL OBRAS | K78: =+K13+K18+K21+K25+K41+K43+K47+K50+K52+K54+K57+K62+K64+K66+K69+K76 -> 505512012
G83: SUBTOTAL OBRAS (INCLUYE IVA) | K83: =+K78 -> 505512012
G87: VALOR TOTAL | K87: =+K83 -> 505512012
C90: NOTA 1: Se debe tener en cuenta que el PRECIO UNITARIO incluye el valor de A.I.U. | H90: DESCRIPCION | K90: PORCENTAJE
C91: NOTA 2: Cuando la fracción decimal del peso sea igual o superior a 5 se aproximará por exceso al número entero siguiente del peso y cuando la fracción decimal del peso sea inferior a 5 se aproximará por defecto al número entero del peso. | H91: ADMINISTRACIÓN | J91: A= | K91: 0.32
C92: NOTA 3: El A.I.U y su discriminación deben estar en porcentaje (%). | H92: IMPREVISTO | J92: I= | K92: 0
H93: UTILIDAD | J93: U= | K93: 0.05
H94: TOTAL A.I.U | J94: A.I.U.= | K94: =SUM(K91:K93) -> 0.37

Sheet PROPUESTA ECONOMICA(Proponente)
C3: Formulario 1 - Propuesta económica - Documento tipo de licitación de obra pública de infraestructura de transporte - versión 4
C4: Código | D4: CCE-EICP-FM-14 | E4: Versión | F4: 4
C5: FORMULARIO 1
C6: PROPUESTA ECONÓMICA
C7: [La entidad puede utilizar este formulario de presentación de propuesta económica de forma detallada, sin perjuicio que la entidad pueda modificarlo o establecer la presentación de la oferta económica con un formulario distinto al indicado.] [Los proponentes emplearán el formulario establecido por la entidad para determinar su propuesta económica conforme al Formulario 1 - Presupuesto Oficial publicado por la Entidad]
C9: Cuando el proceso de contratación es estructurado por precios unitarios, la Entidad debe aplicar las notas 1, 2 y 3 del presente formato y las casillas de "Descripción", "Porcentaje" de la Administración, Imprevisto, Utilidad y total A.I.U. resaltadas en color amarillo.
C11: Nº | D11: ÍTEM DE PAGO | E11: ESPECIFICACIONES | G11: DESCRIPCIÓN | H11: UND. | I11: CANTIDAD | J11: VALOR UNITARIO | K11: VALOR TOTAL
E12: GENERAL | F12: PARTICULAR
C13: 1 | D13: ANDENES AEROPUERTO LA NUBIA
C14: 1.1 | G14: DEMOLICION DE LOSAS EXISTENTES QUE PRESENTAN DETERIORO (INCLUYE DISPOSICION FINAL) | H14: M3 | I14: 6
C15: 1.2 | G15: EXCAVACION EN MATERIAL GRANULAR INCLUYE RETIRO Y DISPOSICION FINAL | H15: M3 | I15: 18
C16: 1.3 | G16: SUMNISTRO, TRANSPORTE E INSTALACION DE BASE GRANULAR | H16: M3 | I16: 18
C17: 1.4 | G17: SUMINISTRO, TRANSPORTE E INSTALACION ANDEN CONCRETO 3000 PSI E= 0.10M. ACABADO: ESCOBIADO | H17: M2 | I17: 59
C18: 2 | D18: CERRAMIENTO PERIMETRAL - SEPARACION UNIVERSIDAD / REFORZAMIENTO BODEGA
C19: 2.1 | G19: VIGA DE AMARRE Y COLUMNETA EN CONCRETO DE 20,7 MPA DE 0,15*0,20 M INCLUYE REFUERZO | H19: ML | I19: 95
C20: 2.2 | G20: SUMINISTRO TRANSPORTE E INSTALACION DE MURO EN LADRILLO FAROL . INCLUYE MORTERO DE PEGA. | H20: M2 | I20: 70
C21: 3 | D21: BODEGA O ALMACEN UBICADA EN EL PARQUEADERO
C22: 3.1 | G22: PINTURA COLUMNAS, VIGAS, MUROS Y CIELORASO 2 MANOS (INCLUYE ASEO FINAL) | H22: M2 | I22: 55
C23: 3.2 | G23: DESMONTE DE CIELO RASO EXISTENTE | H23: M2 | I23: 26
C24: 3.3 | G24: SUMINISTRO, INSTALACION Y TRANSPORTE DE CIELO RASO EN SUPERBOARD | H24: M2 | I24: 26
C25: 4 | D25: SEÑALIZACION PARQUEADERO Y ENTRADA AEROPUERTO
C26: 4.1 | G26: IMPRIMANTE PARA PINTURA ACRILICA BASE SOLVENTE NEGRA | H26: M2 | I26: 380
C27: 4.2 | G27: SUMINISTRO Y APLICACIÓN DE PINTURA PARA SEÑALIZACION HORIZONTAL - LINEA AMARILLA, ANCHO 10 CM | H27: ML | I27: 593
C28: 4.3 | G28: SUMINISTRO Y APLICACIÓN DE PINTURA PARA SEÑALIZACION HORIZONTAL - LINEA AZUL ANCHO 10 CM | H28: ML | I28: 127
C29: 4.4 | G29: SUMINISTRO Y APLICACIÓN DE PINTURA PARA SEÑALIZACION HORIZONTAL - LINEA VERDE ANCHO 10 CM | H29: ML | I29: 60
C30: 4.5 | G30: SUMINISTRO Y APLICACIÓN DE PINTURA PARA SEÑALIZACION HORIZONTAL - LINEA BLANCA ANCHO 10 CM | H30: ML | I30: 238
C31: 4.6 | G31: CEBRA PEATONAL (3,00 x 0,40 m). | H31: M2 | I31: 28
C32: 4.7 | G32: CEBRA PEATONAL (1,00 x 0,25 m). | H32: M2 | I32: 90
C33: 4.8 | G33: CEBRA AMARILLA NO PARQUEAR | H33: M2 | I33: 25
C34: 4.9 | G34: NUMERACIÓN PARQUEADEROS, CARROS. (SEÑAL CIRCULAR Ø=60CM). | H34: M2 | I34: 21
C35: 4.1 | G35: NUMERACIÓN PARQUEADEROS, MOTOS. (SEÑAL CIRCULAR Ø=40CM). | H35: M2 | I35: 5
C36: 4.11 | G36: SEÑAL HORIZONTAL, PARQUEADERO DE DISCAPACITADOS. (1,75 X 1,75 M). | H36: M2 | I36: 7
C37: 4.12 | G37: PUNTO DE ENCUENTRO - PINTURA VERDE. | H37: M2 | I37: 96
... C40: 4.15 | G40: FLECHAS SENTIDO VIAL. | H40: M2 | I40: 35
C41: 5 | D41: CAMBIADOR DE BEBES
C42: 5.1 | G42: SUMINISTRO, TRANSPORTE E INSTALACION DE CAMBIADOR DE BEBE HORIZONTAL GRIS | H42: UND | I42: 2
C43: 6 | D43: ASFALTO VIAS ENTRADA AEROPUERTO
C44: 6.1 | G44: FRESADA CARPETA ASFALTICA HASTA 10 CM (INCLUYE CARGUE, CPRTE, RETIRO Y DISPOSICION FINAL) | H44: M2 | I44: 70
C45: 6.2 | G45: RIEGO DE IMPRIMACIÓN CON EMULSION ASFALTICO CRL-57 (CRL-1) (SUMINISTRO, BARRIDO SUPERFICIE Y RIEGO) | H45: M2 | I45: 70
C46: 6.3 | G46: CONCRETO ASFALTICO MDC19 (INCLUYE TRANSPORTE, SUMINISTRO E INSTALACION) | H46: M3 | I46: 7
C47: 7 | D47: TAPAS CAJAS DE INSPECCION
C48: 7.1 | G48: SUMINISTRO, TRANSPORTE E INSTALACION TAPA P/CAJA DE INSPECCIÓN TIPO II (1,2X1,2X0,1 M) CONCRETO CLASE II | H48: UND | I48: 15
C49: 7.2 | G49: SUMINISTRO, TRANSPORTE E INSTALACION TAPA P/CAJA DE INSPECCIÓN TIPO II (1,7X0,8X0,1 M) CONCRETO CLASE II | H49: UND | I49: 1
C50: 8 | D50: TANQUE DE ACPM
C51: 8.1 | G51: SUMINISTRO E INSTALACION DE TANQUE DE ACPM 60 GALONES VERTICAL CON DIQUE ANTIDERRAME | H51: UND | I51: 2
C52: 9 | D52: CENTRO DE ACOPIO RECICLAJE
C53: 9.1 | G53: SUMINISTRO, TRANSPORTE E INSTALACION PINTURA EPOXICA ALTA RESISTENCIA CON CATALIZADOR 3 MANOS SOBRE REVOQUE. (INCLUYE 1 MANO EN PINTURA TIPO 2 Y DOS MANOS EN PINTURA EPOXI POLIAMIDA CON CATALIZADOR, FILOS Y DILATACIONES). | H53: M2 | I53: 14
C54: 10 | D54: OFICINA PARQUEADERO
C55: 10.1 | G55: SUMINISTRO TRANSPORTE E INSTALACION DE MUEBLE PARA CASETA DE PÁRQUEADERO DE 2,25 * 0,77 * 0,49 ACUERDO A DISEÑO EN MATERIAL MDP CON RECUBRIMIENTO MELAMINICO Y PROTECCION ANTIBACTERIAL DE 15 MM DE ESPESOR CON CERRADURAS, BISAGRAS Y ZOCALO EN PVC | H55: UND | I55: 1
C56: 10.2 | G56: DESMONTE DE MUEBLE Y REPISAS EXISTENTES. | H56: UND | I56: 1
C57: 11 | D57: CERRAMIENTO PERIMETRAL - LADO AIRE
C58: 11.1 | G58: DESMONTE DE CERRAMIENTO EXISTENTE | H58: M2 | I58: 1200
C59: 11.2 | G59: CERRAMIENTO EN POSTE DE CONCRETO 0,1*0,1 Y MALLA ESLABONADA CAL 10 2*2" INCLUYE CONCERTINA EN ACERO INOXIDABLE, EXCAVACION Y MACHONES EN CONCRETO DE 20,7 MPA (3000 PSI) | H59: ML | I59: 400
C60: 11.3 | G60: VIGA DE AMARRE EN CONCRETO DE 20,7 MPA DE 0,15*0,20 M INCLUYE REFUERZO | H60: ML | I60: 400
C61: 11.4 | G61: EXCAVACION EN MATERIAL COMUN | H61: M3 | I61: 31.29312
C62: 12 | D62: REJA SELECCIÓN EQUIPAJE
C63: 12.1 | G63: SUMINISTRO E INSTALACIÓN VENTANA DE SELECCIÓN DE EQUIPAJE CORREDIZA EN ALUMINIO 1,20 X 0,90 CON CHAPA | H63: M2 | I63: 2
C64: 13 | D64: PASAMANOS ANTRADA SALA DE ESPERA
C65: 13.1 | G65: SUMINISTRO, TRANSPORTE E INSTALACIÓN DE PASAMANOS EN TUBERÍA DE ACERO INOXIDABLE DE 2" - INCLUYE ACCESORIOS | H65: ML | I65: 2
C66: 14 | D66: BARRA SEGURIDAD BAÑOS
C67: 14.1 | G67: SUMINISTRO E INSTALACION DE BARRA DE SEGURIDAD ABATIBLE DE GIRO VERTIVAL INSTITUCIONAL ACERO INOXIDABLE | H67: UND | I67: 6
C68: 14.2 | G68: SUMINISTRO E INSTALACION DE BARRA DE SEGURIDAD EN ACERO INOXIDABLE 60 CM SATINAD | H68: UND | I68: 2
C69: 15 | D69: PLACAS CONCRETO ENTRADA SEI
C70: 15.1 | G70: DEMOLICION DE LOSAS EXISTENTES QUE PRESENTAN DETERIORO (INCLUYE DISPOSICION FINAL) | H70: M3 | I70: 30
C71: 15.2 | G71: EXCAVACION EN MATERIAL GRANULAR INCLUYE RETIRO Y DISPOSICION FINAL | H71: M3 | I71: 45
C72: 15.3 | G72: SUMNISTRO, TRANSPORTE E INSTALACION DE BASE GRANULAR DE 30 CM DE ESPESSOR | H72: M3 | I72: 45
C73: 15.4 | G73: SUMINISTRO, TRANSPORTE E INSTALACION DE LOSA EN CONCRETO HIDRAULICO MR 42. ESPESOR 20 CM | H73: M3 | I73: 30
C74: 15.5 | G74: CONECTORES DE TRANSFERENCIA PARA PLACA DE CONCRETO EN MR42 E=0,20 | H74: KG | I74: 575
C75: 15.6 | G75: ACERO DE REFUERZO DE 420 MPA | H75: KG | I75: 1554
C76: 16 | D76: SELLADO DE JUNTAS
C77: 16.1 | G77: SUMINISTRO, TRANSPORTE E INSTALACION JUNTA DE DILATACION PARA PLACA DE CONCRETO (Inlcuye sellante y limpieza) | H77: ML | I77: 1000
C78: SUBTOTAL OBRAS
G83: SUBTOTAL OBRAS (INCLUYE IVA)
G87: VALOR TOTAL
C90: NOTA 1: Se debe tener en cuenta que el PRECIO UNITARIO incluye el valor de A.I.U. | H90: DESCRIPCIÓN | K90: PORCENTAJE
C91: NOTA 2: Cuando la fracción decimal del peso sea igual o superior a 5 se aproximara por exceso al número entero siguiente del peso y cuando la fracción decimal del peso sea inferior a 5 se aproximará por defecto al número entero del peso. | H91: ADMINISTRACIÓN | J91: A= | K91: [Ofrecimiento del Proponente]
C92: NOTA 3: El A.I.U y su discriminación deben estar en porcentaje (%). | H92: IMPREVISTO | J92: I= | K92: [Ofrecimiento del Proponente]
H93: UTILIDAD | J93: U= | K93: [Ofrecimiento del Proponente]
H94: TOTAL A.I.U | J94: A.I.U.= | K94: [Ofrecimiento del Proponente]
G97: Firma del Proponente o de su Representante Legal

Sheet A.I.U
C4: GOBERNACIÓN DE CALDAS
C5: INSTITUTO DE FINANCIAMIENTO, PROMOCIÓN Y DESARROLLO DE CALDAS
C6: CALCULO A.I.U.
I9: FECHA
J10: (Día) | K10: (Mes) | L10: (Año)
C14: Valor estimado de la Obra (Costo Directo). | F14: Valor | G14: =+'PRESUPUESTO OFICIAL (Entidad)'!K78/1.37 -> 3.6898687e+08
C15: Plazo estimado de ejecución | F15: Meses | G15: 3
G16: =+G15*30 -> 90
C17: CAPITULO | D17: TIPO DE GASTO | E17: UN | F17: CANTIDAD. | G17: Destinación | H17: VLOR UNITARIO (mes) | I17: Factor Prestacional. | J17: VLOR TOTAL | K17: SUMA | L17: PORCENTAJE
C19: 1 | D19: GASTOS GENERALES. | L19: =+L20 -> 0.13611938
C20: 1.1 | D20: MANO DE OBRA | K20: =SUM(J21:J29) -> 47226264 | L20: =+(K20/$G$14)+L26 -> 0.13611938
D21: Ingeniero Director | E21: Un | F21: 1 | G21: 0.1 | H21: 6500000 | I21: 0.5483 | J21: =+F21*G21*$G$15*H21*(1+I21) -> 3019185
D22: Ingeniero Residente | E22: Un | F22: 1 | G22: 1 | H22: 4200000 | I22: 0.5483 | J22: =+F22*G22*$G$15*H22*(1+I22) -> 19508580
D23: Profesional en Seguridad y Salud en el Trabajo | E23: Un | F23: 1 | G23: 1 | H23: 3250000 | I23: 0.5483 | J23: =+F23*G23*$G$15*H23*(1+I23) -> 15095925
D24: Ingeniero Ambiental | E24: Un | F24: 1 | G24: 0.3 | H24: 4200000 | I24: 0.5483 | J24: =+F24*G24*$G$15*H24*(1+I24) -> 5852574
D26: Ensayos de laboratorio | E26: Un | F26: 1 | G26: 1 | H26: 1000000 | J26: =$G$15*H26*G26*F26 -> 3000000 | L26: =+J26:J28/$G$14 -> 0.0081303706
D27: Seguridad y salud en el trabajo | E27: Un | F27: 1 | G27: 0.5 | H27: 500000 | J27: =$G$15*H27*G27*F27 -> 750000
C30: 2 | D30: GASTOS INDIRECTOS. | L30: =L31+L35+L41 -> 0.187964
C31: 2.1 | D31: LEGALIZACION.
D32: Factor Multiplicador | I32: 1.37 | N32: =+L53 -> 0.37
C35: 2.2 | D35: POLIZAS | K35: =SUM(J36:J40) -> 2274804.1 | L35: =+K35/$G$14 -> 0.006165
D36: Cumplimiento | E36: % | F36: 0.0006 | H36: =+G14 -> 3.6898687e+08 | I36: =+$I$32 -> 1.37 | J36: =+H36*I36*F36 -> 303307.21 | L36: =+J36/$G$14 -> 0.000822
D37: Estabilidad | E37: % | F37: 0.0009 | H37: =+$H$36 -> 3.6898687e+08 | I37: =+$I$32 -> 1.37 | J37: =+H37*I37*F37 -> 454960.81 | L37: =+J37/$G$14 -> 0.001233
D38: Buen manejo y correcta inversión del anticipo | E38: % | F38: 0 | H38: =+$H$36 -> 3.6898687e+08 | I38: =+$I$32 -> 1.37 | J38: =+H38*I38*F38 -> 0 | L38: =+J38/$G$14 -> 0
D39: Pago de salarios, prestaciones sociales legales e indemnizaciones laborales | E39: % | F39: 0.0005 | H39: =+$H$36 -> 3.6898687e+08 | I39: =+$I$32 -> 1.37 | J39: =+H39*I39*F39 -> 252756.01 | L39: =+J39/$G$14 -> 0.000685
D40: Responsabilidad Civil | E40: % | F40: 0.0025 | H40: =+$H$36 -> 3.6898687e+08 | I40: =+$I$32 -> 1.37 | J40: =+H40*I40*F40 -> 1263780 | L40: =+J40/$G$14 -> 0.003425
C41: 2.3 | D41: IMPUESTOS Y VALORES AGREGADOS | K41: =SUM(J42:J49) -> 67081444 | L41: =+K41/$G$14 -> 0.181799
D42: Contribución Especial (Seguridad Ciudadana) | E42: % | F42: 0.05 | H42: =+$H$40 -> 3.6898687e+08 | I42: =+$I$32 -> 1.37 | J42: =+F42*H42*I42 -> 25275601 | L42: =+J42/$G$14 -> 0.0685
D43: Estampillas para el bienestar del adulto mayor | E43: % | F43: 0.03 | H43: =+$H$40 -> 3.6898687e+08 | I43: =+$I$32 -> 1.37 | J43: =+F43*H43*I43 -> 15165360 | L43: =+J43/$G$14 -> 0.0411
D44: Estampillas Pro - Universidades. | E44: % | F44: 0.02 | H44: =+$H$40 -> 3.6898687e+08 | I44: =+$I$32 -> 1.37 | J44: =+F44*H44*I44 -> 10110240 | L44: =+J44/$G$14 -> 0.0274
D45: Estampilla Prodesarrollo | E45: % | F45: 0.01 | H45: =+$H$40 -> 3.6898687e+08 | I45: =+$I$32 -> 1.37 | J45: =+F45*H45*I45 -> 5055120.1 | L45: =+J45/$G$14 -> 0.0137
D46: Estampilla ProHospital | E46: % | F46: 0.01 | H46: =+$H$40 -> 3.6898687e+08 | I46: =+$I$32 -> 1.37 | J46: =+F46*H46*I46 -> 5055120.1 | L46: =+J46/$G$14 -> 0.0137
D47: Impuesto de timbre | E47: % | F47: 0.005 | H47: =+$H$40 -> 3.6898687e+08 | I47: =+$I$32 -> 1.37 | J47: =+F47*H47*I47 -> 2527560.1
D48: 4/1000 (transacciones financieras) | E48: % | F48: 0.004 | H48: =+$H$40 -> 3.6898687e+08 | I48: =+$I$32 -> 1.37 | J48: =+F48*H48*I48 -> 2022048 | L48: =+J48/$G$14 -> 0.00548
D49: Industria y Comercio 3,7 x 1.000 sobre valor total. | E49: % | F49: 0.0037 | H49: =+$H$40 -> 3.6898687e+08 | I49: =+$I$32 -> 1.37 | J49: =+F49*H49*I49 -> 1870394.4 | L49: =+J49/$G$14 -> 0.005069
D50: TOTAL GASTOS INDIRECTOS DE ADMINISTRACION. | K50: =SUM(K20:K49) -> 1.1658251e+08 | L50: =+ROUND((L19+L30),2) -> 0.32
D51: IMPREVISTO: | L51: 0
D52: UTILIDAD (+ IVA).: | K52: 0.05 | L52: =+K52 -> 0.05
D53: A.I.U. | L53: =SUM(L50+L51+L52) -> 0.37

Sheet APU 1,1
C3: Formulario 1 - Propuesta económica - Documento tipo de licitación de obra pública de infraestructura de transporte - versión 4
C4: Código | D4: CCE-EICP-FM-14 | E4: Versión | F4: 4
C6: [La entidad podrá utilizar este formato para la presentación de los análisis de precios unitarios del contratista en la oportunidad prevista en el numeral 8.1. del Documento Base]
D9: INSTITUTO DE FINANCIAMIENTO, PROMOCIÓN Y DESARROLLO DE CALDAS - INFICALDAS
L10: VERSIÓN
D11: INFI L.P XXXX-2025
L12: PÁGINA | M12: 1 | N12: DE | O12: 1
D14: ANALISIS DE PRECIOS UNITARIOS
L16: FECHA | M16: DD | N16: MM | O16: AA
C18: ÍTEMS DE LA PROPUESTA ECONÓMICA | I18: ÍTEMS NO PREVISTOS
C22: DATOS ESPECÍFICOS
C24: ÍTEM | D24: DESCRIPCIÓN | M24: UNIDAD | O24: CANTIDAD
C25: =+'PRESUPUESTO OFICIAL (Entidad)'!C14 -> 1.1 | D25: =+'PRESUPUESTO OFICIAL (Entidad)'!G14 -> DEMOLICION DE LOSAS EXISTENTES QUE PRESENTAN DETERIORO (INCLUYE DISPOSICION FINAL) | M25: =+'PRESUPUESTO OFICIAL (Entidad)'!H14 -> M3 | O25: 1
C26: I. EQUIPO
C29: DESCRIPCIÓN | H29: MARCA | J29: TIPO | L29: TARIFA/HORA | M29: RENDIMIENTO | O29: Vr. UNITARIO
C30: Compresor portátil de 70 a 120 HP, con martillo | L30: 133280 | M30: 0.7 | O30: =+L30*M30 -> 93296
C32: HERRAMIENTA MENOR (%) | M32: 0.05 | O32: =+O56*M32 -> 1264.068
C33: SUBTOTAL $ | O33: =+O30+O32 -> 94560.068
C34: II. MATERIALES
C37: DESCRIPCIÓN | K37: UNIDAD | L37: CANTIDAD | M37: PRECIO UNIT. | O37: Vr. UNITARIO
C38: Derechos de conformación y/o disposición de materiales sobrantes | K38: m3 | L38: 1.4 | M38: 7846.9 | O38: =+L38*M38 -> 10985.66
C40: SUBTOTAL $ | O40: =+O38 -> 10985.66
C41: III. TRANSPORTES
C44: MATERIAL | J44: VOL. o PESO | K44: DISTANCIA | L44: M3 o Ton/Km | M44: TARIFA | O44: Vr. UNITARIO
C45: Transporte de material de demolición | J45: viaje | K45: 2 | L45: 0.166 | M45: 180217 | O45: =+L45*M45 -> 29916.022
C47: SUBTOTAL $ | O47: =+O45 -> 29916.022
C48: IV. MANO DE OBRA
C51: TRABAJADOR | J51: JORNAL | K51: PRESTACIONES | L51: JORNAL TOTAL | M51: RENDIMIENTO | O51: Vr. UNITARIO
C52: Ayudante | D52: 2 | J52: =47450*D52 -> 94900 | K52: 1.85 | L52: =+J52*K52 -> 175565 | M52: 0.08 | O52: =+L52*M52 -> 14045.2
C53: Oficial | D53: 1 | J53: 75920 | K53: 1.85 | L53: =+J53*K53 -> 140452 | M53: 0.08 | O53: =+L53*M53 -> 11236.16
C56: SUBTOTAL $ | O56: =+O53+O52 -> 25281.36
C58: TOTAL COSTO DIRECTO $ | O58: =+O56+O47+O40+O33 -> 160743.11
C59: V. COSTOS INDIRECTOS
C62: Descripción | L62: Porcentaje | M62: Valor Total
C63: ADMINISTRACION | L63: =+'PRESUPUESTO OFICIAL (Entidad)'!K91 -> 0.32 | M63: =+O58*L63 -> 51437.795
C64: IMPREVISTOS | L64: =+'PRESUPUESTO OFICIAL (Entidad)'!K92 -> 0
C65: UTILIDAD | L65: =+'PRESUPUESTO OFICIAL (Entidad)'!K93 -> 0.05 | M65: =+O58*L65 -> 8037.1555
C66: SUBTOTAL $
C68: Precio Unitario Total Aproximado al peso $ | O68: =+ROUND(O58+M63+M65,0) -> 220218
H72: Firma
H73: Nombre:
H74: Representante Legal del Contratista o su Apoderado
H75: Matricula No. :
C77: OBSERVACIONES INTERVENTORÍA
C81: APROBACIÓN POR INTERVENTORÍA
C82: Nota 1: Cuando se trate de Análisis de precios unitarios correspondientes a ítems de la propuesta económica aprobada, el Interventor aprueba el desglose de los componentes manteniendo el mismo precio unitario de cada ítem, cumpliendo con las especificaciones de construcción vigentes para el proyecto.
C84: Nota 2: Cuando se trate de Análisis de precios unitarios de ítems no previstos, el Interventor aprueba el desglose y precio unitario de cada ítem no previsto, exigiendo la aplicación de los costos correspondientes a insumos y tarifas de la propuesta económica inicial cuando estén contemplados, cumpliendo con las especificaciones de construcción vigente para el proyecto.
H87: Firma
H88: Nombre:
H89: Representante Legal del Interventor o su Apoderado
H90: Matricula No. :

Sheet APU 1,2
C3: Formulario 1 - Propuesta económica - Documento tipo de licitación de obra pública de infraestructura de transporte - versión 4
C4: Código | D4: CCE-EICP-FM-14 | E4: Versión | F4: 4
C6: [La entidad podrá utilizar este formato para la presentación de los análisis de precios unitarios del contratista en la oportunidad prevista en el numeral 8.1. del Documento Base]
D9: INSTITUTO DE FINANCIAMIENTO, PROMOCIÓN Y DESARROLLO DE CALDAS - INFICALDAS
L10: VERSIÓN
D11: INFI L.P XXXX-2025
L12: PÁGINA | M12: 1 | N12: DE | O12: 1
D14: ANALISIS DE PRECIOS UNITARIOS
L16: FECHA | M16: DD | N16: MM | O16: AA
C18: ÍTEMS DE LA PROPUESTA ECONÓMICA | I18: ÍTEMS NO PREVISTOS
C22: DATOS ESPECÍFICOS
C24: ÍTEM | D24: DESCRIPCIÓN | M24: UNIDAD | O24: CANTIDAD
C25: =+'PRESUPUESTO OFICIAL (Entidad)'!C15 -> 1.2 | D25: =+'PRESUPUESTO OFICIAL (Entidad)'!G15 -> EXCAVACION EN MATERIAL GRANULAR INCLUYE RETIRO Y DISPOSICION FINAL | M25: =+'PRESUPUESTO OFICIAL (Entidad)'!H15 -> M3
C26: I. EQUIPO
C29: DESCRIPCIÓN | H29: MARCA | J29: TIPO | L29: TARIFA/HORA | M29: RENDIMIENTO | O29: Vr. UNITARIO
C30: Minicargador Bocat | L30: =180000*1.092 -> 196560 | M30: 0.2 | O30: =+L30*M30 -> 39312
C32: HERRAMIENTA MENOR (%) | M32: 0.05 | O32: =+O56*M32 -> 1035.8335
C33: SUBTOTAL $ | O33: =+O32+O30 -> 40347.834
C34: II. MATERIALES
C37: DESCRIPCIÓN | K37: UNIDAD | L37: CANTIDAD | M37: PRECIO UNIT. | O37: Vr. UNITARIO
C38: Derechos de conformación y/o disposición de materiales sobrantes | K38: m3 | L38: 1.4 | M38: 7846.9 | O38: =+L38*M38 -> 10985.66
C40: SUBTOTAL $ | O40: =+O38 -> 10985.66
C41: III. TRANSPORTES
C44: MATERIAL | J44: VOL. o PESO | K44: DISTANCIA | L44: M3 o Ton/Km | M44: TARIFA | O44: Vr. UNITARIO
C45: Transporte de material de excavacion | K45: 2 | L45: 1.25 | M45: =60000*1.092 -> 65520 | O45: =+L45*M45 -> 81900
C47: SUBTOTAL $ | O47: =+O45 -> 81900
C48: IV. MANO DE OBRA
C51: TRABAJADOR | J51: JORNAL | K51: PRESTACIONES | L51: JORNAL TOTAL | M51: RENDIMIENTO | O51: Vr. UNITARIO
C52: Ayudante | D52: 2 | J52: =47450*D52 -> 94900 | K52: 1.85 | L52: =+J52*K52 -> 175565 | M52: 0.062 | O52: =+L52*M52 -> 10885.03
C53: Oficial | D53: 1 | J53: 75920 | K53: 1.85 | L53: =+J53*K53 -> 140452 | M53: 0.07 | O53: =+L53*M53 -> 9831.64
C56: SUBTOTAL $ | O56: =+O53+O52 -> 20716.67
C58: TOTAL COSTO DIRECTO $ | O58: =+O56+O47+O40+O33 -> 153950.16
C59: V. COSTOS INDIRECTOS
C62: Descripción | L62: Porcentaje | M62: Valor Total
C63: ADMINISTRACION | L63: =+'PRESUPUESTO OFICIAL (Entidad)'!K91 -> 0.32 | M63: =+O58*L63 -> 49264.052
C64: IMPREVISTOS | L64: =+'PRESUPUESTO OFICIAL (Entidad)'!K92 -> 0
C65: UTILIDAD | L65: =+'PRESUPUESTO OFICIAL (Entidad)'!K93 -> 0.05 | M65: =+O58*L65 -> 7697.5082
C66: SUBTOTAL $
C68: Precio Unitario Total Aproximado al peso $ | O68: =+ROUND(O58+M63+M65,0) -> 210912
H72: Firma
H73: Nombre:
H74: Representante Legal del Contratista o su Apoderado
H75: Matricula No. :
C77: OBSERVACIONES INTERVENTORÍA
C81: APROBACIÓN POR INTERVENTORÍA
C82: Nota 1: Cuando se trate de Análisis de precios unitarios correspondientes a ítems de la propuesta económica aprobada, el Interventor aprueba el desglose de los componentes manteniendo el mismo precio unitario de cada ítem, cumpliendo con las especificaciones de construcción vigentes para el proyecto.
C84: Nota 2: Cuando se trate de Análisis de precios unitarios de ítems no previstos, el Interventor aprueba el desglose y precio unitario de cada ítem no previsto, exigiendo la aplicación de los costos correspondientes a insumos y tarifas de la propuesta económica inicial cuando estén contemplados, cumpliendo con las especificaciones de construcción vigente para el proyecto.
H87: Firma
H88: Nombre:
H89: Representante Legal del Interventor o su Apoderado
H90: Matricula No. :

Sheet APU 1,3
C3: Formulario 1 - Propuesta económica - Documento tipo de licitación de obra pública de infraestructura de transporte - versión 4
C4: Código | D4: CCE-EICP-FM-14 | E4: Versión | F4: 4
C6: [La entidad podrá utilizar este formato para la presentación de los análisis de precios unitarios del contratista en la oportunidad prevista en el numeral 8.1. del Documento Base]
D9: INSTITUTO DE FINANCIAMIENTO, PROMOCIÓN Y DESARROLLO DE CALDAS - INFICALDAS
L10: VERSIÓN
D11: INFI L.P XXXX-2025
L12: PÁGINA | M12: 1 | N12: DE | O12: 1
D14: ANALISIS DE PRECIOS UNITARIOS
L16: FECHA | M16: DD | N16: MM | O16: AA
C18: ÍTEMS DE LA PROPUESTA ECONÓMICA | I18: ÍTEMS NO PREVISTOS
C22: DATOS ESPECÍFICOS
C24: ÍTEM | D24: DESCRIPCIÓN | M24: UNIDAD | O24: CANTIDAD
C25: =+'PRESUPUESTO OFICIAL (Entidad)'!C16 -> 1.3 | D25: =+'PRESUPUESTO OFICIAL (Entidad)'!G16 -> SUMNISTRO, TRANSPORTE E INSTALACION DE BASE GRANULAR | M25: =+'PRESUPUESTO OFICIAL (Entidad)'!H16 -> M3
C26: I. EQUIPO
C29: DESCRIPCIÓN | H29: MARCA | J29: TIPO | L29: TARIFA/HORA | M29: RENDIMIENTO | O29: Vr. UNITARIO
C30: Vibrocompactador tipo rana | L30: 56105 | M30: 0.1 | O30: =+ROUND(L30*M30,0) -> 5611
C32: HERRAMIENTA MENOR (%) | M32: 0.05 | O32: =+O56*M32 -> 1817.0978
C33: SUBTOTAL $ | O33: =SUM(O30:O32) -> 7428.0977
C34: II. MATERIALES
C37: DESCRIPCIÓN | K37: UNIDAD | L37: CANTIDAD | M37: PRECIO UNIT. | O37: Vr. UNITARIO
C38: BASE GRANULAR B-200 NORMA INVIAS | K38: M3 | L38: 1.3 | M38: =65000*1.092 -> 70980 | O38: =+ROUND(L38*M38,0) -> 92274
C40: SUBTOTAL $ | O40: =+O38 -> 92274
C41: III. TRANSPORTES
C44: MATERIAL | J44: VOL. o PESO | K44: DISTANCIA | L44: M3 o Ton/Km | M44: TARIFA | O44: Vr. UNITARIO
C45: Transporte de material base | J45: 1.25 | K45: 60 | L45: =+J45*K45 -> 75 | M45: =1602*1.092 -> 1749.384 | O45: =+M45*L45 -> 131203.8
C47: SUBTOTAL $ | O47: =+O45+O46 -> 131203.8
C48: IV. MANO DE OBRA
C51: TRABAJADOR | J51: JORNAL | K51: PRESTACIONES | L51: JORNAL TOTAL | M51: RENDIMIENTO | O51: Vr. UNITARIO
C52: Ayudante | D52: 3 | J52: =47450*D52 -> 142350 | K52: 1.85 | L52: =+J52*K52 -> 263347.5 | M52: 0.09 | O52: =+L52*M52 -> 23701.275
C53: Oficial | D53: 1 | J53: 75920 | K53: 1.85 | L53: =+J53*K53 -> 140452 | M53: 0.09 | O53: =+L53*M53 -> 12640.68
C56: SUBTOTAL $ | O56: =+O53+O52 -> 36341.955
C58: TOTAL COSTO DIRECTO $ | O58: =+O56+O47+O40+O33 -> 267247.85
C59: V. COSTOS INDIRECTOS
C62: Descripción | L62: Porcentaje | M62: Valor Total
C63: ADMINISTRACION | L63: =+'PRESUPUESTO OFICIAL (Entidad)'!K91 -> 0.32 | M63: =+O58*L63 -> 85519.313
C64: IMPREVISTOS | L64: =+'PRESUPUESTO OFICIAL (Entidad)'!K92 -> 0
C65: UTILIDAD | L65: =+'PRESUPUESTO OFICIAL (Entidad)'!K93 -> 0.05 | M65: =+O58*L65 -> 13362.393
C66: SUBTOTAL $
C68: Precio Unitario Total Aproximado al peso $ | O68: =+ROUND(O58+M63+M65,0) -> 366130
H72: Firma
H73: Nombre:
H74: Representante Legal del Contratista o su Apoderado
H75: Matricula No. :
C77: OBSERVACIONES INTERVENTORÍA
C81: APROBACIÓN POR INTERVENTORÍA
C82: Nota 1: Cuando se trate de Análisis de precios unitarios correspondientes a ítems de la propuesta económica aprobada, el Interventor aprueba el desglose de los componentes manteniendo el mismo precio unitario de cada ítem, cumpliendo con las especificaciones de construcción vigentes para el proyecto.
C84: Nota 2: Cuando se trate de Análisis de precios unitarios de ítems no previstos, el Interventor aprueba el desglose y precio unitario de cada ítem no previsto, exigiendo la aplicación de los costos correspondientes a insumos y tarifas de la propuesta económica inicial cuando estén contemplados, cumpliendo con las especificaciones de construcción vigente para el proyecto.
H87: Firma
H88: Nombre:
H89: Representante Legal del Interventor o su Apoderado
H90: Matricula No. :

Sheet APU 1,4
C3: Formulario 1 - Propuesta económica - Documento tipo de licitación de obra pública de infraestructura de transporte - versión 4
C4: Código | D4: CCE-EICP-FM-14 | E4: Versión | F4: 4
C6: [La entidad podrá utilizar este formato para la presentación de los análisis de precios unitarios del contratista en la oportunidad prevista en el numeral 8.1. del Documento Base]
D9: INSTITUTO DE FINANCIAMIENTO, PROMOCIÓN Y DESARROLLO DE CALDAS - INFICALDAS
L10: VERSIÓN
D11: INFI L.P XXXX-2025
L12: PÁGINA | M12: 1 | N12: DE | O12: 1
D14: ANALISIS DE PRECIOS UNITARIOS
L16: FECHA | M16: DD | N16: MM | O16: AA
C18: ÍTEMS DE LA PROPUESTA ECONÓMICA | I18: ÍTEMS NO PREVISTOS
C22: DATOS ESPECÍFICOS
C24: ÍTEM | D24: DESCRIPCIÓN | M24: UNIDAD | O24: CANTIDAD
C25: =+'PRESUPUESTO OFICIAL (Entidad)'!C17 -> 1.4 | D25: =+'PRESUPUESTO OFICIAL (Entidad)'!G17 -> SUMINISTRO, TRANSPORTE E INSTALACION ANDEN CONCRETO 3000 PSI E= 0.10M. ACABADO: ESCOBIADO | M25: =+'PRESUPUESTO OFICIAL (Entidad)'!H17 -> M2
C26: I. EQUIPO
C29: DESCRIPCIÓN | H29: MARCA | J29: TIPO | L29: TARIFA/HORA | M29: RENDIMIENTO | O29: Vr. UNITARIO
C30: Herramienta menor | L30: 3484 | M30: 0.4 | O30: =+ROUND(L30*M30,0) -> 1394
C33: SUBTOTAL $ | O33: =SUM(O30:O32) -> 1394
C34: II. MATERIALES
C37: DESCRIPCIÓN | K37: UNIDAD | L37: CANTIDAD | M37: PRECIO UNIT. | O37: Vr. UNITARIO
C38: CONCRETO 3000 psi - 21 Mpa | K38: m3 | L38: 0.1 | M38: 561725 | O38: =+ROUND(L38*M38,0) -> 56173
C39: FORMALETA SARDINEL DESDE 0.20 HASTA 0.60 M. DE ALTURA POR 2.00 M. DE LONGITUD | K39: dia | L39: 1.75 | M39: 900 | O39: =+ROUND(L39*M39,0) -> 1575
C40: POLIETILENO NO. 6 | K40: m2 | L40: 1 | M40: 4924 | O40: =+ROUND(L40*M40,0) -> 4924
C41: LISTON 2 X 4 | K41: m | L41: 0.8 | M41: 4456 | O41: =+ROUND(L41*M41,0) -> 3565
C43: SUBTOTAL $ | O43: =SUM(O38:O42) -> 66237
C44: III. TRANSPORTES
C47: MATERIAL | J47: VOL. o PESO | K47: DISTANCIA | L47: M3 o Ton/Km | M47: TARIFA | O47: Vr. UNITARIO
C48: EQUIPO DE TRANSPORTE | L48: 0.007 | M48: 180217 | O48: =+M48*L48 -> 1261.519
C49: ACARREO INTERNO | L49: 1.8 | M49: 1824 | O49: =+M49*L49 -> 3283.2
C50: SUBTOTAL $ | O50: =+O48+O49 -> 4544.719
C51: IV. MANO DE OBRA
C54: TRABAJADOR | J54: JORNAL | K54: PRESTACIONES | L54: JORNAL TOTAL | M54: RENDIMIENTO | O54: Vr. UNITARIO
C55: Ayudante | D55: 3 | J55: =47450*D55 -> 142350 | K55: 1.85 | L55: =+J55*K55 -> 263347.5 | M55: 0.1 | O55: =+L55*M55 -> 26334.75
C56: Oficial | D56: 1 | J56: 75920 | K56: 1.85 | L56: =+J56*K56 -> 140452 | M56: 0.1 | O56: =+L56*M56 -> 14045.2
C59: SUBTOTAL $ | O59: =+O56+O55 -> 40379.95
C61: TOTAL COSTO DIRECTO $ | O61: =+O59+O50+O43+O33 -> 112555.67
C62: V. COSTOS INDIRECTOS
C65: Descripción | L65: Porcentaje | M65: Valor Total
C66: ADMINISTRACION | L66: =+'PRESUPUESTO OFICIAL (Entidad)'!K91 -> 0.32 | M66: =+O61*L66 -> 36017.814
C67: IMPREVISTOS | L67: =+'PRESUPUESTO OFICIAL (Entidad)'!K92 -> 0
C68: UTILIDAD | L68: =+'PRESUPUESTO OFICIAL (Entidad)'!K93 -> 0.05 | M68: =+O61*L68 -> 5627.7834
C69: SUBTOTAL $
C71: Precio Unitario Total Aproximado al peso $ | O71: =+ROUND(O61+M66+M68,0) -> 154201
H75: Firma
H76: Nombre:
H77: Representante Legal del Contratista o su Apoderado
H78: Matricula No. :
C80: OBSERVACIONES INTERVENTORÍA
C84: APROBACIÓN POR INTERVENTORÍA
C85: Nota 1: Cuando se trate de Análisis de precios unitarios correspondientes a ítems de la propuesta económica aprobada, el Interventor aprueba el desglose de los componentes manteniendo el mismo precio unitario de cada ítem, cumpliendo con las especificaciones de construcción vigentes para el proyecto.
C87: Nota 2: Cuando se trate de Análisis de precios unitarios de ítems no previstos, el Interventor aprueba el desglose y precio unitario de cada ítem no previsto, exigiendo la aplicación de los costos correspondientes a insumos y tarifas de la propuesta económica inicial cuando estén contemplados, cumpliendo con las especificaciones de construcción vigente para el proyecto.
H90: Firma
H91: Nombre:
H92: Representante Legal del Interventor o su Apoderado
H93: Matricula No. :

Sheet APU  2,1
C3: Formulario 1 - Propuesta económica - Documento tipo de licitación de obra pública de infraestructura de transporte - versión 4
C4: Código | D4: CCE-EICP-FM-14 | E4: Versión | F4: 4
C6: [La entidad podrá utilizar este formato para la presentación de los análisis de precios unitarios del contratista en la oportunidad prevista en el numeral 8.1. del Documento Base]
D9: INSTITUTO DE FINANCIAMIENTO, PROMOCIÓN Y DESARROLLO DE CALDAS - INFICALDAS
L10: VERSIÓN
D11: INFI L.P XXXX-2025
L12: PÁGINA | M12: 1 | N12: DE | O12: 1
D14: ANALISIS DE PRECIOS UNITARIOS
L16: FECHA | M16: DD | N16: MM | O16: AA
C18: ITEMS DE LA PROPUESTA ECONÓMICA | I18: ITEMS NO PREVISTOS
C22: DATOS ESPECÍFICOS
C24: ITEM | D24: DESCRIPCIÓN | M24: UNIDAD | O24: CANTIDAD
C25: =+'PRESUPUESTO OFICIAL (Entidad)'!C19 -> 2.1 | D25: =+'PRESUPUESTO OFICIAL (Entidad)'!G19 -> VIGA DE AMARRE Y COLUMNETA EN CONCRETO DE 20,7 MPA DE 0,15*0,20 M INCLUYE REFUERZO | M25: =+'PRESUPUESTO OFICIAL (Entidad)'!H19 -> ML | O25: 1
C26: I. EQUIPO
C29: DESCRIPCIÓN | H29: MARCA | J29: TIPO | L29: TARIFA/HORA | M29: RENDIMIENTO | O29: Vr. UNITARIO
C30: Herramienta menor | L30: 3484 | M30: 0.1 | O30: =+ROUND(L30*M30,0) -> 348
C31: Andamio | L31: 16636 | M31: 0.06 | O31: =+ROUND(L31*M31,0) -> 998
O32: =+ROUND(L32*M32,0) -> 0
C33: SUBTOTAL $ | O33: =+O30+O31+O32 -> 1346
C34: II. MATERIALES
C37: DESCRIPCIÓN | K37: UNIDAD | L37: CANTIDAD | M37: PRECIO UNIT. | O37: Vr. UNITARIO
C38: Tabla para formaleta | K38: ML | L38: 2 | M38: 4856 | O38: =+ROUND(M38*L38,0) -> 9712
C39: Puntilla (promedio) | K39: LB | L39: 0.1 | M39: 5100 | O39: =+ROUND(M39*L39,0) -> 510
C40: ACPM | K40: GAL | L40: 0.05 | M40: 12500 | O40: =+ROUND(M40*L40,0) -> 625
C41: Alambre negro | K41: KG | L41: 0.1 | M41: 5938 | O41: =+ROUND(M41*L41,0) -> 594
C42: Varillon de sajo | K42: ML | L42: 2 | M42: 17304 | O42: =+ROUND(M42*L42,0) -> 34608
C43: Acero G60 W #3 (3/8 Pulg) | K43: KG | L43: 2.104 | M43: 4251 | O43: =+ROUND(M43*L43,0) -> 8944
C44: Flejes acero G60 W #3 (3/8 Pulg) | K44: KG | L44: 1.6832 | M44: 4251 | O44: =+ROUND(M44*L44,0) -> 7155
C45: Concreto de 20,7 MPA (3000 PSI) (produccion) | K45: M3 | L45: 0.03 | M45: 561725 | O45: =+ROUND(M45*L45,0) -> 16852
C46: SUBTOTAL $ | O46: =SUM(O38:O45) -> 79000
C47: III. TRANSPORTES
C50: MATERIAL | J50: VOL. o PESO | K50: DISTANCIA | L50: M3 o Ton/Km | M50: TARIFA | O50: Vr. UNITARIO
C53: SUBTOTAL $ | O53: =+O51+O52 -> 0
C54: IV. MANO DE OBRA
C57: TRABAJADOR | J57: JORNAL | K57: PRESTACIONES | L57: JORNAL TOTAL | M57: RENDIMIENTO | O57: Vr. UNITARIO
C58: Ayudante | D58: 2 | J58: =47450*D58 -> 94900 | K58: 1.8 | L58: =+J58*K58 -> 170820 | M58: 0.1 | O58: =+ROUND(L58*M58,0) -> 17082 | R58: 27815 | S58: 1692
C59: Oficial | D59: 1 | J59: 75920 | K59: 1.8 | L59: =+J59*K59 -> 136656 | M59: =+M58 -> 0.1 | O59: =+ROUND(L59*M59,0) -> 13666
C62: SUBTOTAL $ | O62: =+O58+O59 -> 30748
C64: TOTAL COSTO DIRECTO $ | O64: =+O62+O53+O46+O33 -> 111094
C65: V. COSTOS INDIRECTOS
C68: Descripción | L68: Porcentaje | M68: Valor Total
C69: ADMINISTRACION | L69: =+'[129]APU 2,3 - 11,6'!L64 -> 0.32 | M69: =+ROUND($O$64*L69,0) -> 35550
C70: IMPREVISTOS | L70: 0 | M70: =+ROUND($O$64*L70,0) -> 0
C71: UTILIDAD | L71: 0.05 | M71: =+ROUND($O$64*L71,0) -> 5555
C72: SUBTOTAL $ | O72: =+M69+M70+M71 -> 41105
C74: Precio Unitario Total Aproximado al peso $ | O74: =+ROUND(O64+O72,0) -> 152199
H78: Firma
H79: Nombre:
H80: Representante Legal del Contratista o su Apoderado
H81: Matricula No. :
C83: OBSERVACIONES INTERVENTORÍA
C87: APROBACIÓN POR INTERVENTORÍA
C88: Nota 1: Cuando se trate de Análisis de precios unitarios correspondientes a ítems de la propuesta económica aprobada, el Interventor aprueba el desglose de los componentes manteniendo el mismo precio unitario de cada ítem, cumpliendo con las especificaciones de construcción vigentes para el proyecto.
C90: Nota 2: Cuando se trate de Análisis de precios unitarios de ítems no previstos, el Interventor aprueba el desglose y precio unitario de cada ítem no previsto, exigiendo la aplicación de los costos correspondientes a insumos y tarifas de la propuesta económica inicial cuando estén contemplados, cumpliendo con las especificaciones de construcción vigente para el proyecto.
H93: Firma
H94: Nombre:
H95: Representante Legal del Interventor o su Apoderado
H96: Matricula No. :

Sheet APU  2,2
C3: Formulario 1 - Propuesta económica - Documento tipo de licitación de obra pública de infraestructura de transporte - versión 4
C4: Código | D4: CCE-EICP-FM-14 | E4: Versión | F4: 4
C6: [La entidad podrá utilizar este formato para la presentación de los análisis de precios unitarios del contratista en la oportunidad prevista en el numeral 8.1. del Documento Base]
D9: INSTITUTO DE FINANCIAMIENTO, PROMOCIÓN Y DESARROLLO DE CALDAS - INFICALDAS
L10: VERSIÓN
D11: INFI L.P XXXX-2025
L12: PÁGINA | M12: 1 | N12: DE | O12: 1
D14: ANALISIS DE PRECIOS UNITARIOS
L16: FECHA | M16: DD | N16: MM | O16: AA
C18: ITEMS DE LA PROPUESTA ECONÓMICA | I18: ITEMS NO PREVISTOS
C22: DATOS ESPECÍFICOS
C24: ITEM | D24: DESCRIPCIÓN | M24: UNIDAD | O24: CANTIDAD
C25: =+'PRESUPUESTO OFICIAL (Entidad)'!C20 -> 2.2 | D25: =+'PRESUPUESTO OFICIAL (Entidad)'!G20 -> SUMINISTRO TRANSPORTE E INSTALACION DE MURO EN LADRILLO FAROL . INCLUYE MORTERO DE PEGA. | M25: =+'PRESUPUESTO OFICIAL (Entidad)'!H20 -> M2 | O25: 1
C26: I. EQUIPO
C29: DESCRIPCIÓN | H29: MARCA | J29: TIPO | L29: TARIFA/HORA | M29: RENDIMIENTO | O29: Vr. UNITARIO
C30: Herramienta menor | L30: 3484 | M30: 0.6 | O30: =+ROUND(L30*M30,0) -> 2090
C31: Andamio | L31: 16636 | M31: 0.06 | O31: =+ROUND(L31*M31,0) -> 998
O32: =+ROUND(L32*M32,0) -> 0
C33: SUBTOTAL $ | O33: =+O30+O31+O32 -> 3088
C34: II. MATERIALES
C37: DESCRIPCIÓN | K37: UNIDAD | L37: CANTIDAD | M37: PRECIO UNIT. | O37: Vr. UNITARIO
C38: MORTERO 1:3 | K38: m3 | L38: 0.017 | M38: 505998 | O38: =+ROUND(M38*L38,0) -> 8602
C39: LADRILLO FAROL RAYADO DE 0,12X0,20X0,30M | K39: und | L39: 15.3 | M39: 1400 | O39: =+ROUND(M39*L39,0) -> 21420
C40: AGUA LITRO | K40: lt | L40: 14 | M40: 33 | O40: =+ROUND(M40*L40,0) -> 462
O41: =+ROUND(M41*L41,0) -> 0
O42: =+ROUND(M42*L42,0) -> 0
C43: SUBTOTAL $ | O43: =SUM(O38:O42) -> 30484
C44: III. TRANSPORTES
C47: MATERIAL | J47: VOL. o PESO | K47: DISTANCIA | L47: M3 o Ton/Km | M47: TARIFA | O47: Vr. UNITARIO
C50: SUBTOTAL $ | O50: =+O48+O49 -> 0
C51: IV. MANO DE OBRA
C54: TRABAJADOR | J54: JORNAL | K54: PRESTACIONES | L54: JORNAL TOTAL | M54: RENDIMIENTO | O54: Vr. UNITARIO
C55: Ayudante | D55: 2 | J55: =47450*D55 -> 94900 | K55: 1.8 | L55: =+J55*K55 -> 170820 | M55: 0.065 | O55: =+ROUND(L55*M55,0) -> 11103 | R55: 27815 | S55: 1692
C56: Oficial | D56: 1 | J56: 75920 | K56: 1.8 | L56: =+J56*K56 -> 136656 | M56: =+M55 -> 0.065 | O56: =+ROUND(L56*M56,0) -> 8883
C59: SUBTOTAL $ | O59: =+O55+O56 -> 19986
C61: TOTAL COSTO DIRECTO $ | O61: =+O59+O50+O43+O33 -> 53558
C62: V. COSTOS INDIRECTOS
C65: Descripción | L65: Porcentaje | M65: Valor Total
C66: ADMINISTRACION | L66: =+'[129]APU 2,3 - 11,6'!L64 -> 0.32 | M66: =+ROUND($O$61*L66,0) -> 17139
C67: IMPREVISTOS | L67: 0 | M67: =+ROUND($O$61*L67,0) -> 0
C68: UTILIDAD | L68: 0.05 | M68: =+ROUND($O$61*L68,0) -> 2678
C69: SUBTOTAL $ | O69: =+M66+M67+M68 -> 19817
C71: Precio Unitario Total Aproximado al peso $ | O71: =+ROUND(O61+O69,0) -> 73375
H75: Firma
H76: Nombre:
H77: Representante Legal del Contratista o su Apoderado
H78: Matricula No. :
C80: OBSERVACIONES INTERVENTORÍA
C84: APROBACIÓN POR INTERVENTORÍA
C85: Nota 1: Cuando se trate de Análisis de precios unitarios correspondientes a ítems de la propuesta económica aprobada, el Interventor aprueba el desglose de los componentes manteniendo el mismo precio unitario de cada ítem, cumpliendo con las especificaciones de construcción vigentes para el proyecto.
C87: Nota 2: Cuando se trate de Análisis de precios unitarios de ítems no previstos, el Interventor aprueba el desglose y precio unitario de cada ítem no previsto, exigiendo la aplicación de los costos correspondientes a insumos y tarifas de la propuesta económica inicial cuando estén contemplados, cumpliendo con las especificaciones de construcción vigente para el proyecto.
H90: Firma
H91: Nombre:
H92: Representante Legal del Interventor o su Apoderado
H93: Matricula No. :

Sheet APU 3,1
C3: Formulario 1 - Propuesta económica - Documento tipo de licitación de obra pública de infraestructura de transporte - versión 4
C4: Código | D4: CCE-EICP-FM-14 | E4: Versión | F4: 4
C6: [La entidad podrá utilizar este formato para la presentación de los análisis de precios unitarios del contratista en la oportunidad prevista en el numeral 8.1. del Documento Base]
D9: INSTITUTO DE FINANCIAMIENTO, PROMOCIÓN Y DESARROLLO DE CALDAS - INFICALDAS
L10: VERSIÓN
D11: INFI L.P XXXX-2025
L12: PÁGINA | M12: 1 | N12: DE | O12: 1
D14: ANALISIS DE PRECIOS UNITARIOS
L16: FECHA | M16: DD | N16: MM | O16: AA
C18: ITEMS DE LA PROPUESTA ECONÓMICA | I18: ITEMS NO PREVISTOS
C22: DATOS ESPECÍFICOS
C24: ITEM | D24: DESCRIPCIÓN | M24: UNIDAD | O24: CANTIDAD
C25: =+'PRESUPUESTO OFICIAL (Entidad)'!C22 -> 3.1 | D25: =+'PRESUPUESTO OFICIAL (Entidad)'!G22 -> PINTURA COLUMNAS, VIGAS, MUROS Y CIELORASO 2 MANOS (INCLUYE ASEO FINAL) | M25: =+'PRESUPUESTO OFICIAL (Entidad)'!H22 -> M2 | O25: 1
C26: I. EQUIPO
C29: DESCRIPCIÓN | H29: MARCA | J29: TIPO | L29: TARIFA/HORA | M29: RENDIMIENTO | O29: Vr. UNITARIO
C30: Herramienta menor | L30: 3484 | M30: 0.05 | O30: =+ROUND(L30*M30,0) -> 174
C31: Andamio | L31: 16636 | M31: 0.06 | O31: =+ROUND(L31*M31,0) -> 998
C33: SUBTOTAL $ | O33: =+O30+O31 -> 1172
C34: II. MATERIALES
C37: DESCRIPCIÓN | K37: UNIDAD | L37: CANTIDAD | M37: PRECIO UNIT. | O37: Vr. UNITARIO
C38: Lija PABMERIL PLIEGO 9" X 11" | K38: UND | L38: 0.02 | M38: 4660 | O38: =+ROUND(L38*M38,0) -> 93
C39: VINILTEX - TIPO PINTUCO REF. SEGÚN COLOR DISEÑO O SIMILAR. | K39: GAL | L39: 0.08 | M39: 104901 | O39: =+ROUND(L39*M39,0) -> 8392
C40: ESTUCO PARA EXTERIORES - TIPO PINTUCO REF. 27060 O SIMILAR. | K40: GAL | L40: 0.05 | M40: 37500 | O40: =+ROUND(L40*M40,0) -> 1875
C41: SUBTOTAL $ | O41: =+O38+O39+O40 -> 10360
C42: III. TRANSPORTES
C45: MATERIAL | J45: VOL. o PESO | K45: DISTANCIA | L45: M3 o Ton/Km | M45: TARIFA | O45: Vr. UNITARIO
C46: Equipo de transporte | J46: DIA | L46: 0.0013 | M46: 180217 | O46: =+ROUND(M46*L46,0) -> 234
C48: SUBTOTAL $ | O48: =+O46 -> 234
C49: IV. MANO DE OBRA
C52: TRABAJADOR | J52: JORNAL | K52: PRESTACIONES | L52: JORNAL TOTAL | M52: RENDIMIENTO | O52: Vr. UNITARIO
C53: Ayudante | D53: 1 | J53: 54568 | K53: 1.8 | L53: =+J53*K53 -> 98222.4 | M53: 0.057 | O53: =+ROUND(L53*M53,0) -> 5599
C54: Oficial | D54: 1 | J54: 87308 | K54: 1.8 | L54: =+J54*K54 -> 157154.4 | M54: =+M53 -> 0.057 | O54: =+ROUND(L54*M54,0) -> 8958
C57: SUBTOTAL $ | O57: =+O53+O54 -> 14557
C59: TOTAL COSTO DIRECTO $ | O59: =+O57+O48+O41+O33 -> 26323
C60: V. COSTOS INDIRECTOS
C63: Descripción | L63: Porcentaje | M63: Valor Total
C64: ADMINISTRACION | L64: =+'PRESUPUESTO OFICIAL (Entidad)'!K91 -> 0.32 | M64: =+ROUND($O$59*L64,0) -> 8423
C65: IMPREVISTOS | L65: =+'PRESUPUESTO OFICIAL (Entidad)'!K92 -> 0 | M65: =+ROUND($O$59*L65,0) -> 0
C66: UTILIDAD | L66: =+'PRESUPUESTO OFICIAL (Entidad)'!K93 -> 0.05 | M66: =+ROUND($O$59*L66,0) -> 1316
C67: SUBTOTAL $ | O67: =+M64+M65+M66 -> 9739
C69: Precio Unitario Total Aproximado al peso $ | O69: =+ROUND(O59+O67,0) -> 36062
H73: Firma
H74: Nombre:
H75: Representante Legal del Contratista o su Apoderado
H76: Matricula No. :
C78: OBSERVACIONES INTERVENTORÍA
C82: APROBACIÓN POR INTERVENTORÍA
C83: Nota 1: Cuando se trate de Análisis de precios unitarios correspondientes a ítems de la propuesta económica aprobada, el Interventor aprueba el desglose de los componentes manteniendo el mismo precio unitario de cada ítem, cumpliendo con las especificaciones de construcción vigentes para el proyecto.
C85: Nota 2: Cuando se trate de Análisis de precios unitarios de ítems no previstos, el Interventor aprueba el desglose y precio unitario de cada ítem no previsto, exigiendo la aplicación de los costos correspondientes a insumos y tarifas de la propuesta económica inicial cuando estén contemplados, cumpliendo con las especificaciones de construcción vigente para el proyecto.
H88: Firma
H89: Nombre:
H90: Representante Legal del Interventor o su Apoderado
H91: Matricula No. :

Sheet APU 3,2
C3: Formulario 1 - Propuesta económica - Documento tipo de licitación de obra pública de infraestructura de transporte - versión 4
C4: Código | D4: CCE-EICP-FM-14 | E4: Versión | F4: 4
C6: [La entidad podrá utilizar este formato para la presentación de los análisis de precios unitarios del contratista en la oportunidad prevista en el numeral 8.1. del Documento Base]
D9: INSTITUTO DE FINANCIAMIENTO, PROMOCIÓN Y DESARROLLO DE CALDAS - INFICALDAS
L10: VERSIÓN
D11: INFI L.P XXXX-2025
L12: PÁGINA | M12: 1 | N12: DE | O12: 1
D14: ANALISIS DE PRECIOS UNITARIOS
L16: FECHA | M16: DD | N16: MM | O16: AA
C18: ITEMS DE LA PROPUESTA ECONÓMICA | I18: ITEMS NO PREVISTOS
C22: DATOS ESPECÍFICOS
C24: ITEM | D24: DESCRIPCIÓN | M24: UNIDAD | O24: CANTIDAD
C25: =+'PRESUPUESTO OFICIAL (Entidad)'!C23 -> 3.2 | D25: =+'PRESUPUESTO OFICIAL (Entidad)'!G23 -> DESMONTE DE CIELO RASO EXISTENTE | M25: =+'PRESUPUESTO OFICIAL (Entidad)'!H23 -> M2 | O25: 1
C26: I. EQUIPO
C29: DESCRIPCIÓN | H29: MARCA | J29: TIPO | L29: TARIFA/HORA | M29: RENDIMIENTO | O29: Vr. UNITARIO
C30: Herramienta menor | L30: 3484 | M30: 0.18 | O30: =+ROUND(L30*M30,0) -> 627
C31: Andamio | L31: 16636 | M31: 0.16 | O31: =+ROUND(L31*M31,0) -> 2662
O32: =+ROUND(L32*M32,0) -> 0
C33: SUBTOTAL $ | O33: =+O30+O31+O32 -> 3289
C34: II. MATERIALES
C37: DESCRIPCIÓN | K37: UNIDAD | L37: CANTIDAD | M37: PRECIO UNIT. | O37: Vr. UNITARIO
C41: SUBTOTAL $ | O41: =+O38+O39+O40 -> 0
C42: III. TRANSPORTES
C45: MATERIAL | J45: VOL. o PESO | K45: DISTANCIA | L45: M3 o Ton/Km | M45: TARIFA | O45: Vr. UNITARIO
C46: vOLQUETA 6M3 (CARGUE A MANO) - INCLUYE DISPOSICION EN BOTADERO | J46: VJE | L46: 0.018 | M46: 310000 | O46: =+ROUND(M46*L46,0) -> 5580
C47: Acarreo interno | J47: UND | L47: 0.2954 | M47: 1824 | O47: =+ROUND(M47*L47,0) -> 539
C48: SUBTOTAL $ | O48: =+O46+O47 -> 6119
C49: IV. MANO DE OBRA
C52: TRABAJADOR | J52: JORNAL | K52: PRESTACIONES | L52: JORNAL TOTAL | M52: RENDIMIENTO | O52: Vr. UNITARIO
C53: Ayudante | D53: 1 | J53: 47450 | K53: 1.8 | L53: =+J53*K53 -> 85410 | M53: 0.026 | O53: =+ROUND(L53*M53,0) -> 2221
C54: Oficial | D54: 1 | J54: 75920 | K54: 1.8 | L54: =+J54*K54 -> 136656 | M54: 0.026 | O54: =+ROUND(L54*M54,0) -> 3553
C57: SUBTOTAL $ | O57: =+O53+O54 -> 5774
C59: TOTAL COSTO DIRECTO $ | O59: =+O57+O48+O41+O33 -> 15182
C60: V. COSTOS INDIRECTOS
C63: Descripción | L63: Porcentaje | M63: Valor Total
C64: ADMINISTRACION | L64: =+'PRESUPUESTO OFICIAL (Entidad)'!K91 -> 0.32 | M64: =+ROUND($O$59*L64,0) -> 4858
C65: IMPREVISTOS | L65: =+'PRESUPUESTO OFICIAL (Entidad)'!K92 -> 0 | M65: =+ROUND($O$59*L65,0) -> 0
C66: UTILIDAD | L66: =+'PRESUPUESTO OFICIAL (Entidad)'!K93 -> 0.05 | M66: =+ROUND($O$59*L66,0) -> 759
C67: SUBTOTAL $ | O67: =+M64+M65+M66 -> 5617
C69: Precio Unitario Total Aproximado al peso $ | O69: =+ROUND(O59+O67,0) -> 20799
H73: Firma
H74: Nombre:
H75: Representante Legal del Contratista o su Apoderado
H76: Matricula No. :
C78: OBSERVACIONES INTERVENTORÍA
C82: APROBACIÓN POR INTERVENTORÍA
C83: Nota 1: Cuando se trate de Análisis de precios unitarios correspondientes a ítems de la propuesta económica aprobada, el Interventor aprueba el desglose de los componentes manteniendo el mismo precio unitario de cada ítem, cumpliendo con las especificaciones de construcción vigentes para el proyecto.
C85: Nota 2: Cuando se trate de Análisis de precios unitarios de ítems no previstos, el Interventor aprueba el desglose y precio unitario de cada ítem no previsto, exigiendo la aplicación de los costos correspondientes a insumos y tarifas de la propuesta económica inicial cuando estén contemplados, cumpliendo con las especificaciones de construcción vigente para el proyecto.
H88: Firma
H89: Nombre:
H90: Representante Legal del Interventor o su Apoderado
H91: Matricula No. :

Sheet APU 3,3
C3: Formulario 1 - Propuesta económica - Documento tipo de licitación de obra pública de infraestructura de transporte - versión 4
C4: Código | D4: CCE-EICP-FM-14 | E4: Versión | F4: 4
C6: [La entidad podrá utilizar este formato para la presentación de los análisis de precios unitarios del contratista en la oportunidad prevista en el numeral 8.1. del Documento Base]
D9: INSTITUTO DE FINANCIAMIENTO, PROMOCIÓN Y DESARROLLO DE CALDAS - INFICALDAS
L10: VERSIÓN
D11: INFI L.P XXXX-2025
L12: PÁGINA | M12: 1 | N12: DE | O12: 1
D14: ANALISIS DE PRECIOS UNITARIOS
L16: FECHA | M16: DD | N16: MM | O16: AA
C18: ITEMS DE LA PROPUESTA ECONÓMICA | I18: ITEMS NO PREVISTOS
C22: DATOS ESPECÍFICOS
C24: ITEM | D24: DESCRIPCIÓN | M24: UNIDAD | O24: CANTIDAD
C25: =+'PRESUPUESTO OFICIAL (Entidad)'!C24 -> 3.3 | D25: =+'PRESUPUESTO OFICIAL (Entidad)'!G24 -> SUMINISTRO, INSTALACION Y TRANSPORTE DE CIELO RASO EN SUPERBOARD | M25: =+'PRESUPUESTO OFICIAL (Entidad)'!H24 -> M2 | O25: 1
C26: I. EQUIPO
C29: DESCRIPCIÓN | H29: MARCA | J29: TIPO | L29: TARIFA/HORA | M29: RENDIMIENTO | O29: Vr. UNITARIO
C30: HERRAMIENTA MENOR | L30: 3484 | M30: 0.57 | O30: =+ROUND(L30*M30,0) -> 1986
C31: ANDAMIO METALICO CERTIFICADO, INCLUYE ESCALERILLA CON BARANDAS Y PLATAFORMAS DE TRABAJO | L31: 16636 | M31: 0.8 | O31: =+ROUND(L31*M31,0) -> 13309
O32: =+ROUND(L32*M32,0) -> 0
C33: SUBTOTAL $ | O33: =+O30+O31+O32 -> 15295
C34: II. MATERIALES
C37: DESCRIPCIÓN | K37: UNIDAD | L37: CANTIDAD | M37: PRECIO UNIT. | O37: Vr. UNITARIO
C38: INTERVINILO - TIPO PINTUCO REF. SEGÚN COLOR DISEÑO O SIMILAR | K38: GAL | L38: 0.04 | M38: 59900 | O38: =+ROUND(L38*M38,0) -> 2396
C39: VINILTEX - TIPO PINTUCO REF. SEGÚN COLOR DISEÑO O SIMILAR. | K39: GAL | L39: 0.08 | M39: 104901 | O39: =+ROUND(L39*M39,0) -> 8392
C40: CINTA MALLA DE FIBRA DE VIDRIO ( 90 M. ) | K40: ROLLO | L40: 0.006 | M40: 12900 | O40: =+ROUND(L40*M40,0) -> 77
C41: MASILLA SUPERMASTIC USG | K41: CANECA | L41: 0.04 | M41: 61900 | O41: =+ROUND(L41*M41,0) -> 2476
C42: PERFIL CANAL CAL. 26 ( 90 MM ) - 2.44 M. | K42: UND | L42: 0.71 | M42: 6450 | O42: =+ROUND(L42*M42,0) -> 4580
C43: PERFIL OMEGA CAL 26 - 2.44 M. | K43: UND | L43: 0.89 | M43: 3650 | O43: =+ROUND(L43*M43,0) -> 3249
C44: TORNILLO AUTOPERFORANTE EST. 7/16 " | K44: UND | L44: 6.03 | M44: 42 | O44: =+ROUND(L44*M44,0) -> 253
C45: TORNILLO AUTOPERFORANTE YESO 6 X1 | K45: UND | L45: 8.79 | M45: 42 | O45: =+ROUND(L45*M45,0) -> 369
C46: TORNILLO PTA BROCA EXTRAPL. EST 8 X 1/2" ( 13MM ) | K46: UND | L46: 0.24 | M46: 77 | O46: =+ROUND(L46*M46,0) -> 18
C47: SUPERBOARD ( 2.44 X 1.22 ) E=6 MM | K47: M2 | L47: 1 | M47: 26000 | O47: =+ROUND(L47*M47,0) -> 26000
C49: SUBTOTAL $ | O49: =SUM(O38:O48) -> 47810
C50: III. TRANSPORTES
C53: MATERIAL | J53: 54568 | K53: DISTANCIA | L53: M3 o Ton/Km | M53: TARIFA | O53: Vr. UNITARIO
C54: Equipo de transporte | J54: 87308 | L54: 0.0084 | M54: 171308 | O54: =+ROUND(M54*L54,0) -> 1439
C55: Acarreo interno | J55: UND | L55: 1.2 | M55: 1733 | O55: =+ROUND(M55*L55,0) -> 2080
C56: SUBTOTAL $ | O56: =+O54+O55 -> 3519
C57: IV. MANO DE OBRA
C60: TRABAJADOR | J60: JORNAL | K60: PRESTACIONES | L60: JORNAL TOTAL | M60: RENDIMIENTO | O60: Vr. UNITARIO
C61: Ayudante | D61: 2 | J61: 51156 | K61: 1.8 | L61: =+J61*K61 -> 92080.8 | M61: 0.158 | O61: =+ROUND(L61*M61,0) -> 14549
C62: Oficial | D62: 1 | J62: 81850 | K62: 1.8 | L62: =+J62*K62 -> 147330 | M62: =+M61 -> 0.158 | O62: =+ROUND(L62*M62,0) -> 23278
L64: =+'PRESUPUESTO OFICIAL (Entidad)'!K91 -> 0.32
C65: SUBTOTAL $ | O65: =+O61+O62 -> 37827
L66: =+'PRESUPUESTO OFICIAL (Entidad)'!K93 -> 0.05
C67: TOTAL COSTO DIRECTO $ | O67: =+O65+O56+O49+O33 -> 104451
C68: V. COSTOS INDIRECTOS
C71: Descripción | L71: Porcentaje | M71: Valor Total
C72: ADMINISTRACION | L72: =+'[129]APU 2,4'!L67 -> 0.32 | M72: =+ROUND($O$67*L72,0) -> 33424
C73: IMPREVISTOS | L73: 0 | M73: =+ROUND($O$67*L73,0) -> 0
C74: UTILIDAD | L74: 0.05 | M74: =+ROUND($O$67*L74,0) -> 5223
C75: SUBTOTAL $ | O75: =+M72+M73+M74 -> 38647
C77: Precio Unitario Total Aproximado al peso $ | O77: =+ROUND(O67+O75,0) -> 143098
H81: Firma
H82: Nombre:
H83: Representante Legal del Contratista o su Apoderado
H84: Matricula No. :
C86: OBSERVACIONES INTERVENTORÍA
C90: APROBACIÓN POR INTERVENTORÍA
C91: Nota 1: Cuando se trate de Análisis de precios unitarios correspondientes a ítems de la propuesta económica aprobada, el Interventor aprueba el desglose de los componentes manteniendo el mismo precio unitario de cada ítem, cumpliendo con las especificaciones de construcción vigentes para el proyecto.
C93: Nota 2: Cuando se trate de Análisis de precios unitarios de ítems no previstos, el Interventor aprueba el desglose y precio unitario de cada ítem no previsto, exigiendo la aplicación de los costos correspondientes a insumos y tarifas de la propuesta económica inicial cuando estén contemplados, cumpliendo con las especificaciones de construcción vigente para el proyecto.
H96: Firma
H97: Nombre:
H98: Representante Legal del Interventor o su Apoderado
H99: Matricula No. :

Sheet APU 4,1
C3: Formulario 1 - Propuesta económica - Documento tipo de licitación de obra pública de infraestructura de transporte - versión 4
C4: Código | D4: CCE-EICP-FM-14 | E4: Versión | F4: 4
C6: [La entidad podrá utilizar este formato para la presentación de los análisis de precios unitarios del contratista en la oportunidad prevista en el numeral 8.1. del Documento Base]
D9: INSTITUTO DE FINANCIAMIENTO, PROMOCIÓN Y DESARROLLO DE CALDAS - INFICALDAS
L10: VERSIÓN
D11: INFI L.P XXXX-2025
L12: PÁGINA | M12: 1 | N12: DE | O12: 1
D14: ANALISIS DE PRECIOS UNITARIOS
L16: FECHA | M16: DD | N16: MM | O16: AA
C18: ITEMS DE LA PROPUESTA ECONÓMICA | I18: ITEMS NO PREVISTOS
C22: DATOS ESPECÍFICOS
C24: ITEM | D24: DESCRIPCIÓN | M24: UNIDAD | O24: CANTIDAD
C25: =+'PRESUPUESTO OFICIAL (Entidad)'!C26 -> 4.1 | D25: =+'PRESUPUESTO OFICIAL (Entidad)'!G26 -> IMPRIMANTE PARA PINTURA ACRILICA BASE SOLVENTE NEGRA | M25: =+'PRESUPUESTO OFICIAL (Entidad)'!H26 -> M2 | O25: 1
C26: I. EQUIPO
C29: DESCRIPCIÓN | H29: MARCA | J29: TIPO | L29: TARIFA/HORA | M29: RENDIMIENTO | O29: Vr. UNITARIO
C30: Camioneta de estacas 4x4 | L30: 45917.311 | M30: 6.2 | O30: =+ROUND(L30/M30,0) -> 7406
C31: Vehículo delineador para aplicación de pintura con mínimo 2 boquillas (NTC 4744-2) | L31: 10412 | M31: 6.2 | O31: =+ROUND(L31/M31,0) -> 1679
O32: =+ROUND(L32*M32,0) -> 0
C33: SUBTOTAL $ | O33: =+O30+O31+O32 -> 9085
C34: II. MATERIALES
C37: DESCRIPCIÓN | K37: UNIDAD | L37: CANTIDAD | M37: PRECIO UNIT. | O37: Vr. UNITARIO
C38: Imprimante base solvente | K38: GAL | L38: 0.13 | M38: =142558*1.1 -> 156813.8 | O38: =+M38*L38 -> 20385.794
C41: SUBTOTAL $ | O41: =+O38+O39+O40 -> 20385.794
C42: III. TRANSPORTES
C45: MATERIAL | J45: VOL. o PESO | K45: DISTANCIA | L45: M3 o Ton/Km | M45: TARIFA | O45: Vr. UNITARIO
C48: SUBTOTAL $ | O48: =+O46+O47 -> 0
C49: IV. MANO DE OBRA
C52: TRABAJADOR | J52: JORNAL | K52: PRESTACIONES | L52: JORNAL TOTAL | M52: RENDIMIENTO | O52: Vr. UNITARIO
C53: Ayudante | D53: 2 | J53: 54568 | K53: 1.8 | L53: =+J53*K53 -> 98222.4 | M53: 0.026 | O53: =+ROUND(L53*M53,0) -> 2554
C54: Oficial | D54: 1 | J54: 87308 | K54: 1.8 | L54: =+J54*K54 -> 157154.4 | M54: 0.026 | O54: =+ROUND(L54*M54,0) -> 4086
C57: SUBTOTAL $ | O57: =+O53+O54 -> 6640
C59: TOTAL COSTO DIRECTO $ | O59: =+O57+O48+O41+O33 -> 36110.794
C60: V. COSTOS INDIRECTOS
C63: Descripción | L63: Porcentaje | M63: Valor Total
C64: ADMINISTRACION | L64: =+'PRESUPUESTO OFICIAL (Entidad)'!K91 -> 0.32 | M64: =+ROUND($O$59*L64,0) -> 11555
C65: IMPREVISTOS | L65: =+'PRESUPUESTO OFICIAL (Entidad)'!K92 -> 0 | M65: =+ROUND($O$59*L65,0) -> 0
C66: UTILIDAD | L66: =+'PRESUPUESTO OFICIAL (Entidad)'!K93 -> 0.05 | M66: =+ROUND($O$59*L66,0) -> 1806
C67: SUBTOTAL $ | O67: =+M64+M65+M66 -> 13361
C69: Precio Unitario Total Aproximado al peso $ | O69: =+ROUND(O59+O67,0) -> 49472
H73: Firma
H74: Nombre:
H75: Representante Legal del Contratista o su Apoderado
H76: Matricula No. :
C78: OBSERVACIONES INTERVENTORÍA
C82: APROBACIÓN POR INTERVENTORÍA
C83: Nota 1: Cuando se trate de Análisis de precios unitarios correspondientes a ítems de la propuesta económica aprobada, el Interventor aprueba el desglose de los componentes manteniendo el mismo precio unitario de cada ítem, cumpliendo con las especificaciones de construcción vigentes para el proyecto.
C85: Nota 2: Cuando se trate de Análisis de precios unitarios de ítems no previstos, el Interventor aprueba el desglose y precio unitario de cada ítem no previsto, exigiendo la aplicación de los costos correspondientes a insumos y tarifas de la propuesta económica inicial cuando estén contemplados, cumpliendo con las especificaciones de construcción vigente para el proyecto.
H88: Firma
H89: Nombre:
H90: Representante Legal del Interventor o su Apoderado
H91: Matricula No. :

Sheet APU 4,2
C3: Formulario 1 - Propuesta económica - Documento tipo de licitación de obra pública de infraestructura de transporte - versión 4
C4: Código | D4: CCE-EICP-FM-14 | E4: Versión | F4: 4
C6: [La entidad podrá utilizar este formato para la presentación de los análisis de precios unitarios del contratista en la oportunidad prevista en el numeral 8.1. del Documento Base]
D9: INSTITUTO DE FINANCIAMIENTO, PROMOCIÓN Y DESARROLLO DE CALDAS - INFICALDAS
L10: VERSIÓN
D11: INFI L.P XXXX-2025
L12: PÁGINA | M12: 1 | N12: DE | O12: 1
D14: ANALISIS DE PRECIOS UNITARIOS
L16: FECHA | M16: DD | N16: MM | O16: AA
C18: ITEMS DE LA PROPUESTA ECONÓMICA | I18: ITEMS NO PREVISTOS
C22: DATOS ESPECÍFICOS
C24: ITEM | D24: DESCRIPCIÓN | M24: UNIDAD | O24: CANTIDAD
C25: =+'PRESUPUESTO OFICIAL (Entidad)'!C27 -> 4.2 | D25: =+'PRESUPUESTO OFICIAL (Entidad)'!G27 -> SUMINISTRO Y APLICACIÓN DE PINTURA PARA SEÑALIZACION HORIZONTAL - LINEA AMARILLA, ANCHO 10 CM | M25: =+'PRESUPUESTO OFICIAL (Entidad)'!H27 -> ML | O25: 1
C26: I. EQUIPO
C29: DESCRIPCIÓN | H29: MARCA | J29: TIPO | L29: TARIFA/HORA | M29: RENDIMIENTO | O29: Vr. UNITARIO
C30: Herramienta menor | L30: 3484 | M30: 0.0059 | O30: =+L30*M30 -> 20.5556
C31: Camioneta de estacas 4x4 | L31: 45917.311 | M31: 0.0059 | O31: =+L31*M31 -> 270.91213
C32: Vehículo delineador para aplicación de pintura con mínimo 2 boquillas (NTC 4744-2) | L32: 7500 | M32: 0.0059 | O32: =+L32*M32 -> 44.25
C33: SUBTOTAL $ | O33: =+O30+O31+O32 -> 335.71773
C34: II. MATERIALES
C37: DESCRIPCIÓN | K37: UNIDAD | L37: CANTIDAD | M37: PRECIO UNIT. | O37: Vr. UNITARIO
C38: Esferas reflectivas | K38: KG | L38: 0.053 | M38: =11731*1.092 -> 12810.252 | O38: =+L38*M38 -> 678.94336
C39: Pintura acrilico pura para trafico | K39: GALON | L39: 0.013 | M39: =138700*1.092 -> 151460.4 | O39: =+M39*L39 -> 1968.9852
C40: Disolvente para pintura acrilico pura para trafico | K40: GALON | L40: 0.00043 | M40: =63554.8733333333*1.092 -> 69401.922 | O40: =+M40*L40 -> 29.842826
C41: SUBTOTAL $ | O41: =+O38+O39+O40 -> 2677.7714
C42: III. TRANSPORTES
C45: MATERIAL | J45: VOL. o PESO | K45: DISTANCIA | L45: M3 o Ton/Km | M45: TARIFA | O45: Vr. UNITARIO
C48: SUBTOTAL $ | O48: =+O46+O47 -> 0
C49: IV. MANO DE OBRA
C52: TRABAJADOR | J52: JORNAL | K52: PRESTACIONES | L52: JORNAL TOTAL | M52: RENDIMIENTO | O52: Vr. UNITARIO
C53: Ayudante | D53: 2 | J53: =54568*D53 -> 109136 | K53: 1.8 | L53: =+J53*K53 -> 196444.8 | M53: 13528 | O53: =+ROUND(L53/M53,0) -> 15
C54: Oficial | D54: 1 | J54: 87308 | K54: 1.8 | L54: =+J54*K54 -> 157154.4 | M54: =+M53 -> 13528 | O54: =+ROUND(L54/M54,0) -> 12
C57: SUBTOTAL $ | O57: =+O53+O54 -> 27
C59: TOTAL COSTO DIRECTO $ | O59: =+O57+O48+O41+O33 -> 3040.4891
C60: V. COSTOS INDIRECTOS
C63: Descripción | L63: Porcentaje | M63: Valor Total
C64: ADMINISTRACION | L64: =+'PRESUPUESTO OFICIAL (Entidad)'!K91 -> 0.32 | M64: =+ROUND($O$59*L64,0) -> 973
C65: IMPREVISTOS | L65: =+'PRESUPUESTO OFICIAL (Entidad)'!K92 -> 0 | M65: =+ROUND($O$59*L65,0) -> 0
C66: UTILIDAD | L66: =+'PRESUPUESTO OFICIAL (Entidad)'!K93 -> 0.05 | M66: =+ROUND($O$59*L66,0) -> 152
C67: SUBTOTAL $ | O67: =+M64+M65+M66 -> 1125
C69: Precio Unitario Total Aproximado al peso $ | O69: =+ROUND(O59+O67,0) -> 4165
H73: Firma
H74: Nombre:
H75: Representante Legal del Contratista o su Apoderado
H76: Matricula No. :
C78: OBSERVACIONES INTERVENTORÍA
C82: APROBACIÓN POR INTERVENTORÍA
C83: Nota 1: Cuando se trate de Análisis de precios unitarios correspondientes a ítems de la propuesta económica aprobada, el Interventor aprueba el desglose de los componentes manteniendo el mismo precio unitario de cada ítem, cumpliendo con las especificaciones de construcción vigentes para el proyecto.
C85: Nota 2: Cuando se trate de Análisis de precios unitarios de ítems no previstos, el Interventor aprueba el desglose y precio unitario de cada ítem no previsto, exigiendo la aplicación de los costos correspondientes a insumos y tarifas de la propuesta económica inicial cuando estén contemplados, cumpliendo con las especificaciones de construcción vigente para el proyecto.
H88: Firma
H89: Nombre:
H90: Representante Legal del Interventor o su Apoderado
H91: Matricula No. :

Sheet APU 4,6
C3: Formulario 1 - Propuesta económica - Documento tipo de licitación de obra pública de infraestructura de transporte - versión 4
C4: Código | D4: CCE-EICP-FM-14 | E4: Versión | F4: 4
C6: [La entidad podrá utilizar este formato para la presentación de los análisis de precios unitarios del contratista en la oportunidad prevista en el numeral 8.1. del Documento Base]
D9: INSTITUTO DE FINANCIAMIENTO, PROMOCIÓN Y DESARROLLO DE CALDAS - INFICALDAS
L10: VERSIÓN
D11: INFI L.P XXXX-2025
L12: PÁGINA | M12: 1 | N12: DE | O12: 1
D14: ANALISIS DE PRECIOS UNITARIOS
L16: FECHA | M16: DD | N16: MM | O16: AA
C18: ITEMS DE LA PROPUESTA ECONÓMICA | I18: ITEMS NO PREVISTOS
C22: DATOS ESPECÍFICOS
C24: ITEM | D24: DESCRIPCIÓN | M24: UNIDAD | O24: CANTIDAD
C25: =+'PRESUPUESTO OFICIAL (Entidad)'!C31 -> 4.6 | D25: =+'PRESUPUESTO OFICIAL (Entidad)'!G31 -> CEBRA PEATONAL (3,00 x 0,40 m). | M25: =+'PRESUPUESTO OFICIAL (Entidad)'!H31 -> M2 | O25: 1
C26: I. EQUIPO
C29: DESCRIPCIÓN | H29: MARCA | J29: TIPO | L29: TARIFA/HORA | M29: RENDIMIENTO | O29: Vr. UNITARIO
C30: Herramienta menor | L30: 3484 | M30: 0.11 | O30: =+L30*M30 -> 383.24
C31: Camioneta de estacas 4x4 | L31: 45917.311 | M31: =+M30 -> 0.11 | O31: =+L31*M31 -> 5050.9042
C32: Equipo de pintura (Compresor). Presión máxima de trabajo 7 HP | L32: 7500 | M32: =+M31 -> 0.11 | O32: =+L32*M32 -> 825
C33: SUBTOTAL $ | O33: =+O30+O31+O32 -> 6259.1442
C34: II. MATERIALES
C37: DESCRIPCIÓN | K37: UNIDAD | L37: CANTIDAD | M37: PRECIO UNIT. | O37: Vr. UNITARIO
C38: Esferas reflectivas | K38: KG | L38: 0.48 | M38: 12810.252 | O38: =+L38*M38 -> 6148.921
C39: Pintura acrilico pura para trafico | K39: GALON | L39: 0.129 | M39: 151460.4 | O39: =+M39*L39 -> 19538.392
C40: Disolvente para pintura acrilico pura para trafico | K40: GALON | L40: 0.065 | M40: 69401.922 | O40: =+M40*L40 -> 4511.1249
C41: SUBTOTAL $ | O41: =+O38+O39+O40 -> 30198.437
C42: III. TRANSPORTES
C45: MATERIAL | J45: VOL. o PESO | K45: DISTANCIA | L45: M3 o Ton/Km | M45: TARIFA | O45: Vr. UNITARIO
C48: SUBTOTAL $ | O48: =+O46+O47 -> 0
C49: IV. MANO DE OBRA
C52: TRABAJADOR | J52: JORNAL | K52: PRESTACIONES | L52: JORNAL TOTAL | M52: RENDIMIENTO | O52: Vr. UNITARIO
C53: Ayudante | D53: 2 | J53: =54568*D53 -> 109136 | K53: 1.8 | L53: =+J53*K53 -> 196444.8 | M53: 81 | O53: =+ROUND(L53/M53,0) -> 2425
C54: Oficial | D54: 1 | J54: 87308 | K54: 1.8 | L54: =+J54*K54 -> 157154.4 | M54: 81 | O54: =+ROUND(L54/M54,0) -> 1940
C57: SUBTOTAL $ | O57: =+O53+O54 -> 4365
C59: TOTAL COSTO DIRECTO $ | O59: =+O57+O48+O41+O33 -> 40822.582
C60: V. COSTOS INDIRECTOS
C63: Descripción | L63: Porcentaje | M63: Valor Total
C64: ADMINISTRACION | L64: =+'PRESUPUESTO OFICIAL (Entidad)'!K91 -> 0.32 | M64: =+ROUND($O$59*L64,0) -> 13063
C65: IMPREVISTOS | L65: =+'PRESUPUESTO OFICIAL (Entidad)'!K92 -> 0 | M65: =+ROUND($O$59*L65,0) -> 0
C66: UTILIDAD | L66: =+'PRESUPUESTO OFICIAL (Entidad)'!K93 -> 0.05 | M66: =+ROUND($O$59*L66,0) -> 2041
C67: SUBTOTAL $ | O67: =+M64+M65+M66 -> 15104
C69: Precio Unitario Total Aproximado al peso $ | O69: =+ROUND(O59+O67,0) -> 55927
H73: Firma
H74: Nombre:
H75: Representante Legal del Contratista o su Apoderado
H76: Matricula No. :
C78: OBSERVACIONES INTERVENTORÍA
C82: APROBACIÓN POR INTERVENTORÍA
C83: Nota 1: Cuando se trate de Análisis de precios unitarios correspondientes a ítems de la propuesta económica aprobada, el Interventor aprueba el desglose de los componentes manteniendo el mismo precio unitario de cada ítem, cumpliendo con las especificaciones de construcción vigentes para el proyecto.
C85: Nota 2: Cuando se trate de Análisis de precios unitarios de ítems no previstos, el Interventor aprueba el desglose y precio unitario de cada ítem no previsto, exigiendo la aplicación de los costos correspondientes a insumos y tarifas de la propuesta económica inicial cuando estén contemplados, cumpliendo con las especificaciones de construcción vigente para el proyecto.
H88: Firma
H89: Nombre:
H90: Representante Legal del Interventor o su Apoderado
H91: Matricula No. :

Sheet APU 5,1
D5: INSTITUTO DE FINANCIAMIENTO, PROMOCIÓN Y DESARROLLO DE CALDAS - INFICALDAS
L6: VERSIÓN
D7: INFI L.P XXXX-2025
L8: PÁGINA | M8: 1 | N8: DE | O8: 1
D10: ANALISIS DE PRECIOS UNITARIOS
L12: FECHA | M12: DD | N12: MM | O12: AA
C14: ITEMS DE LA PROPUESTA ECONÓMICA | I14: ITEMS NO PREVISTOS
C18: DATOS ESPECÍFICOS
C20: ITEM | D20: DESCRIPCIÓN | M20: UNIDAD | O20: CANTIDAD
C21: =+'PRESUPUESTO OFICIAL (Entidad)'!C42 -> 5.1 | D21: =+'PRESUPUESTO OFICIAL (Entidad)'!G42 -> SUMINISTRO, TRANSPORTE E INSTALACION DE CAMBIADOR DE BEBE HORIZONTAL GRIS | M21: =+'PRESUPUESTO OFICIAL (Entidad)'!H42 -> UND | O21: 1
C22: I. EQUIPO
C25: DESCRIPCIÓN | H25: MARCA | J25: TIPO | L25: TARIFA/HORA | M25: RENDIMIENTO | O25: Vr. UNITARIO
C26: Herramienta menor | L26: 3484 | M26: 0.3 | O26: =+ROUND(L26*M26,0) -> 1045
O27: =+ROUND(L27*M27,0) -> 0
C28: SUBTOTAL $ | O28: =+O26+O27 -> 1045
C29: II. MATERIALES
C32: DESCRIPCIÓN | K32: UNIDAD | L32: CANTIDAD | M32: PRECIO UNIT. | O32: Vr. UNITARIO
C33: Cambiador De Bebe Horizontal Gris Rubbermaid Commercial | K33: und | L33: 1 | M33: 2143900 | O33: =+ROUND(L33*M33,0) -> 2143900
C34: Chazo y tornillo | K34: und | L34: 6 | M34: 275 | O34: =+ROUND(L34*M34,0) -> 1650
O35: =+ROUND(L35*M35,0) -> 0
C37: SUBTOTAL $ | O37: =SUM(O33:O36) -> 2145550
C38: III. TRANSPORTES
C41: MATERIAL | J41: VOL. o PESO | K41: DISTANCIA | L41: M3 o Ton/Km | M41: TARIFA | O41: Vr. UNITARIO
C42: EQUIPO DE TRANSPORTE | L42: 0.034 | M42: 180217 | O42: =+ROUND(M42*L42,0) -> 6127
C43: ACARREO INTERNO | L43: 4.5 | M43: 1824 | O43: =+ROUND(M43*L43,0) -> 8208
C44: SUBTOTAL $ | O44: =+O42 -> 6127
C45: IV. MANO DE OBRA
C48: TRABAJADOR | J48: JORNAL | K48: PRESTACIONES | L48: JORNAL TOTAL | M48: RENDIMIENTO | O48: Vr. UNITARIO
C49: Ayudante | D49: 1 | J49: 52195 | K49: 1.8 | L49: =+J49*K49 -> 93951 | M49: 0.48 | O49: =+ROUND(L49*M49,0) -> 45096
C50: Oficial | D50: 1 | J50: 83512 | K50: 1.8 | L50: =+J50*K50 -> 150321.6 | M50: =+M49 -> 0.48 | O50: =+ROUND(L50*M50,0) -> 72154
C53: SUBTOTAL $ | O53: =+O49+O50 -> 117250
C55: TOTAL COSTO DIRECTO $ | O55: =+O53+O44+O37+O28 -> 2269972
C56: V. COSTOS INDIRECTOS
C59: Descripción | L59: Porcentaje | M59: Valor Total
C60: ADMINISTRACION | L60: =+'PRESUPUESTO OFICIAL (Entidad)'!K91 -> 0.32 | M60: =+ROUND($O$55*L60,0) -> 726391
C61: IMPREVISTOS | L61: =+'PRESUPUESTO OFICIAL (Entidad)'!K92 -> 0 | M61: =+ROUND($O$55*L61,0) -> 0
C62: UTILIDAD | L62: =+'PRESUPUESTO OFICIAL (Entidad)'!K93 -> 0.05 | M62: =+ROUND($O$55*L62,0) -> 113499
C63: SUBTOTAL $ | O63: =+M60+M61+M62 -> 839890
C65: Precio Unitario Total Aproximado al peso $ | O65: =+ROUND(O55+O63,0) -> 3109862
H69: Firma
H70: Nombre:
H71: Representante Legal del Contratista o su Apoderado
H72: Matricula No. :
C74: OBSERVACIONES INTERVENTORÍA
C78: APROBACIÓN POR INTERVENTORÍA
C79: Nota 1: Cuando se trate de Análisis de precios unitarios correspondientes a ítems de la propuesta económica aprobada, el Interventor aprueba el desglose de los componentes manteniendo el mismo precio unitario de cada ítem, cumpliendo con las especificaciones de construcción vigentes para el proyecto.
C81: Nota 2: Cuando se trate de Análisis de precios unitarios de ítems no previstos, el Interventor aprueba el desglose y precio unitario de cada ítem no previsto, exigiendo la aplicación de los costos correspondientes a insumos y tarifas de la propuesta económica inicial cuando estén contemplados, cumpliendo con las especificaciones de construcción vigente para el proyecto.
H84: Firma
H85: Nombre:
H86: Representante Legal del Interventor o su Apoderado
H87: Matricula No. :

Sheet APU 6,1
C3: Formulario 1 - Propuesta económica - Documento tipo de licitación de obra pública de infraestructura de transporte - versión 4
C4: Código | D4: CCE-EICP-FM-14 | E4: Versión | F4: 4
C6: [La entidad podrá utilizar este formato para la presentación de los análisis de precios unitarios del contratista en la oportunidad prevista en el numeral 8.1. del Documento Base]
D9: INSTITUTO DE FINANCIAMIENTO, PROMOCIÓN Y DESARROLLO DE CALDAS - INFICALDAS
L10: VERSIÓN
D11: INFI L.P XXXX-2025
L12: PÁGINA | M12: 1 | N12: DE | O12: 1
D14: ANALISIS DE PRECIOS UNITARIOS
L16: FECHA | M16: DD | N16: MM | O16: AA
C18: ÍTEMS DE LA PROPUESTA ECONÓMICA | I18: ÍTEMS NO PREVISTOS
C22: DATOS ESPECÍFICOS
C24: ÍTEM | D24: DESCRIPCIÓN | M24: UNIDAD | O24: CANTIDAD
C25: =+'PRESUPUESTO OFICIAL (Entidad)'!C44 -> 6.1 | D25: =+'PRESUPUESTO OFICIAL (Entidad)'!G44 -> FRESADA CARPETA ASFALTICA HASTA 10 CM (INCLUYE CARGUE, CPRTE, RETIRO Y DISPOSICION FINAL) | M25: =+'PRESUPUESTO OFICIAL (Entidad)'!H44 -> M2 | O25: 1
C26: I. EQUIPO
C29: DESCRIPCIÓN | H29: MARCA | J29: TIPO | L29: TARIFA/HORA | M29: RENDIMIENTO | O29: Vr. UNITARIO
C30: Barredora de succión, almacenamiento aproximado 6 m3 | L30: 86784 | M30: 0.0066666667 | O30: =+L30*M30 -> 578.56
C31: Fresadora de pavimento, ancho de trabajo 2 m, potencia aproximada 580 HP, profundidad de corte 30 cm | L31: 1049782.4 | M31: 0.0066666667 | O31: =+L31*M31 -> 6998.5494
C32: Cargador: potencia en el volante 110 hp, clasificación de rpm del motoro 2300 | L32: 196960.55 | M32: 0.007 | O32: =+L32*M32 -> 1378.7238
C35: HERRAMIENTA MENOR (%) | M35: 0.05 | O35: =+O59*M35 -> 14.630417
C36: SUBTOTAL $ | O36: =SUM(O30:O35) -> 8970.4637
C37: II. MATERIALES
C40: DESCRIPCIÓN | K40: UNIDAD | L40: CANTIDAD | M40: PRECIO UNIT. | O40: Vr. UNITARIO
O41: =+L41*M41 -> 0
C43: SUBTOTAL $ | O43: =+O41 -> 0
C44: III. TRANSPORTES
C47: MATERIAL | J47: VOL. o PESO | K47: DISTANCIA | L47: M3 o Ton/Km | M47: TARIFA | O47: Vr. UNITARIO
C48: Transporte de material fresado | J48: 0.13 | K48: 2 | L48: =+J48*K48 -> 0.26 | M48: 1904 | O48: =+M48*L48 -> 495.04
C50: SUBTOTAL $ | O50: =+O48 -> 495.04
C51: IV. MANO DE OBRA
C54: TRABAJADOR | J54: JORNAL | K54: PRESTACIONES | L54: JORNAL TOTAL | M54: RENDIMIENTO | O54: Vr. UNITARIO
C55: Ayudante | D55: 4 | J55: =47450*D55 -> 189800 | K55: 1.85 | L55: =+J55*K55 -> 351130 | M55: 1200 | O55: =+L55/M55 -> 292.60833
C59: SUBTOTAL $ | O59: =+O56+O55 -> 292.60833
C61: TOTAL COSTO DIRECTO $ | O61: =+O59+O50+O43+O36 -> 9758.112
C62: V. COSTOS INDIRECTOS
C65: Descripción | L65: Porcentaje | M65: Valor Total
C66: ADMINISTRACION | L66: =+'PRESUPUESTO OFICIAL (Entidad)'!K91 -> 0.32 | M66: =+O61*L66 -> 3122.5958
C67: IMPREVISTOS | L67: =+'PRESUPUESTO OFICIAL (Entidad)'!K92 -> 0
C68: UTILIDAD | L68: =+'PRESUPUESTO OFICIAL (Entidad)'!K93 -> 0.05 | M68: =+O61*L68 -> 487.9056
C69: SUBTOTAL $
C71: Precio Unitario Total Aproximado al peso $ | O71: =+ROUND(O61+M66+M68,0) -> 13369
H75: Firma
H76: Nombre:
H77: Representante Legal del Contratista o su Apoderado
H78: Matricula No. :
C80: OBSERVACIONES INTERVENTORÍA
C84: APROBACIÓN POR INTERVENTORÍA
C85: Nota 1: Cuando se trate de Análisis de precios unitarios correspondientes a ítems de la propuesta económica aprobada, el Interventor aprueba el desglose de los componentes manteniendo el mismo precio unitario de cada ítem, cumpliendo con las especificaciones de construcción vigentes para el proyecto.
C87: Nota 2: Cuando se trate de Análisis de precios unitarios de ítems no previstos, el Interventor aprueba el desglose y precio unitario de cada ítem no previsto, exigiendo la aplicación de los costos correspondientes a insumos y tarifas de la propuesta económica inicial cuando estén contemplados, cumpliendo con las especificaciones de construcción vigente para el proyecto.
H90: Firma
H91: Nombre:
H92: Representante Legal del Interventor o su Apoderado
H93: Matricula No. :

Sheet APU 6,2
C3: Formulario 1 - Propuesta económica - Documento tipo de licitación de obra pública de infraestructura de transporte - versión 4
C4: Código | D4: CCE-EICP-FM-14 | E4: Versión | F4: 4
C6: [La entidad podrá utilizar este formato para la presentación de los análisis de precios unitarios del contratista en la oportunidad prevista en el numeral 8.1. del Documento Base]
D9: INSTITUTO DE FINANCIAMIENTO, PROMOCIÓN Y DESARROLLO DE CALDAS - INFICALDAS
L10: VERSIÓN
D11: INFI L.P XXXX-2025
L12: PÁGINA | M12: 1 | N12: DE | O12: 1
D14: ANALISIS DE PRECIOS UNITARIOS
L16: FECHA | M16: DD | N16: MM | O16: AA
C18: ÍTEMS DE LA PROPUESTA ECONÓMICA | I18: ÍTEMS NO PREVISTOS
C22: DATOS ESPECÍFICOS
C24: ÍTEM | D24: DESCRIPCIÓN | M24: UNIDAD | O24: CANTIDAD
C25: =+'PRESUPUESTO OFICIAL (Entidad)'!C45 -> 6.2 | D25: =+'PRESUPUESTO OFICIAL (Entidad)'!G45 -> RIEGO DE IMPRIMACIÓN CON EMULSION ASFALTICO CRL-57 (CRL-1) (SUMINISTRO, BARRIDO SUPERFICIE Y RIEGO) | M25: =+'PRESUPUESTO OFICIAL (Entidad)'!H45 -> M2 | O25: 1
C26: I. EQUIPO
C29: DESCRIPCIÓN | H29: MARCA | J29: TIPO | L29: TARIFA/HORA | M29: RENDIMIENTO | O29: Vr. UNITARIO
C30: Carrotanque irrigador de asfalto, 1000 galones de capacidad | L30: 104134 | M30: 0.0020602627 | O30: =+L30*M30 -> 214.54339
C31: Compresor (barrido y soplado) | L31: 1049782.4 | M31: 0.0020602627 | O31: =+L31*M31 -> 2162.8275
C32: HERRAMIENTA MENOR (%) | M32: 0.05 | O32: =+O55*M32 -> 70.226
C33: SUBTOTAL $ | O33: =SUM(O30:O32) -> 2447.5969
C34: II. MATERIALES
C37: DESCRIPCIÓN | K37: UNIDAD | L37: CANTIDAD | M37: PRECIO UNIT. | O37: Vr. UNITARIO
C38: Emulsión asfáltica CRL-57 (CRL-1) | K38: L | L38: 1.55 | M38: 2545.21 | O38: =+L38*M38 -> 3945.0755
C40: SUBTOTAL $ | O40: =+O38 -> 3945.0755
C41: III. TRANSPORTES
C44: MATERIAL | J44: VOL. o PESO | K44: DISTANCIA | L44: M3 o Ton/Km | M44: TARIFA | O44: Vr. UNITARIO
C47: SUBTOTAL $ | O47: =+O45 -> 0
C48: IV. MANO DE OBRA
C51: TRABAJADOR | J51: JORNAL | K51: PRESTACIONES | L51: JORNAL TOTAL | M51: RENDIMIENTO | O51: Vr. UNITARIO
C52: Ayudante | D52: 4 | J52: =47450*D52 -> 189800 | K52: 1.85 | L52: =+J52*K52 -> 351130 | M52: 0.004 | O52: =+L52*M52 -> 1404.52
C55: SUBTOTAL $ | O55: =SUM(O52:O54) -> 1404.52
C57: TOTAL COSTO DIRECTO $ | O57: =+O55+O47+O40+O33 -> 7797.1924
C58: V. COSTOS INDIRECTOS
C61: Descripción | L61: Porcentaje | M61: Valor Total
C62: ADMINISTRACION | L62: =+'PRESUPUESTO OFICIAL (Entidad)'!K91 -> 0.32 | M62: =+O57*L62 -> 2495.1016
C63: IMPREVISTOS | L63: =+'PRESUPUESTO OFICIAL (Entidad)'!K92 -> 0
C64: UTILIDAD | L64: =+'PRESUPUESTO OFICIAL (Entidad)'!K93 -> 0.05 | M64: =+O57*L64 -> 389.85962
C65: SUBTOTAL $
C67: Precio Unitario Total Aproximado al peso $ | O67: =+ROUND(O57+M62+M64,0) -> 10682
H71: Firma
H72: Nombre:
H73: Representante Legal del Contratista o su Apoderado
H74: Matricula No. :
C76: OBSERVACIONES INTERVENTORÍA
C80: APROBACIÓN POR INTERVENTORÍA
C81: Nota 1: Cuando se trate de Análisis de precios unitarios correspondientes a ítems de la propuesta económica aprobada, el Interventor aprueba el desglose de los componentes manteniendo el mismo precio unitario de cada ítem, cumpliendo con las especificaciones de construcción vigentes para el proyecto.
C83: Nota 2: Cuando se trate de Análisis de precios unitarios de ítems no previstos, el Interventor aprueba el desglose y precio unitario de cada ítem no previsto, exigiendo la aplicación de los costos correspondientes a insumos y tarifas de la propuesta económica inicial cuando estén contemplados, cumpliendo con las especificaciones de construcción vigente para el proyecto.
H86: Firma
H87: Nombre:
H88: Representante Legal del Interventor o su Apoderado
H89: Matricula No. :

Sheet APU 6,3
C3: Formulario 1 - Propuesta económica - Documento tipo de licitación de obra pública de infraestructura de transporte - versión 4
C4: Código | D4: CCE-EICP-FM-14 | E4: Versión | F4: 4
C6: [La entidad podrá utilizar este formato para la presentación de los análisis de precios unitarios del contratista en la oportunidad prevista en el numeral 8.1. del Documento Base]
D9: INSTITUTO DE FINANCIAMIENTO, PROMOCIÓN Y DESARROLLO DE CALDAS - INFICALDAS
L10: VERSIÓN
D11: INFI L.P XXXX-2025
L12: PÁGINA | M12: 1 | N12: DE | O12: 1
D14: ANALISIS DE PRECIOS UNITARIOS
L16: FECHA | M16: DD | N16: MM | O16: AA
C18: ÍTEMS DE LA PROPUESTA ECONÓMICA | I18: ÍTEMS NO PREVISTOS
C22: DATOS ESPECÍFICOS
C24: ÍTEM | D24: DESCRIPCIÓN | M24: UNIDAD | O24: CANTIDAD
C25: =+'PRESUPUESTO OFICIAL (Entidad)'!C46 -> 6.3 | D25: =+'PRESUPUESTO OFICIAL (Entidad)'!G46 -> CONCRETO ASFALTICO MDC19 (INCLUYE TRANSPORTE, SUMINISTRO E INSTALACION) | M25: =+'PRESUPUESTO OFICIAL (Entidad)'!H46 -> M3 | O25: 1
C26: I. EQUIPO
C29: DESCRIPCIÓN | H29: MARCA | J29: TIPO | L29: TARIFA/HORA | M29: RENDIMIENTO | O29: Vr. UNITARIO
C30: Cargador: potencia en el volante 125 hp, clasificación de rpm del motor 2300 | L30: 192558 | M30: 0.1 | O30: =+L30*M30 -> 19255.8
C31: Compactador neumático de Potencia 70 HP, peso de 13 ton | L31: 173594 | M31: 0.1 | O31: =+L31*M31 -> 17359.4
C32: Compactador de rodillo potencia: 99 hp, peso: 8 toneladas | L32: 173594 | M32: 0.1 | O32: =+L32*M32 -> 17359.4
C33: Planta de asfalto en caliente continua de 120 toneladas de capacidad | L33: 534134 | M33: 0.1 | O33: =+L33*M33 -> 53413.4
C34: Terminadora de asfalto (Finisher), potencia en el volante 174 HP, R=20M3/H, velocidad de desplazamiento 114 m/min | L34: 357000 | M34: 0.1 | O34: =+L34*M34 -> 35700
C35: Volqueta 15 m3 | L35: 147684 | M35: 0.1 | O35: =+L35*M35 -> 14768.4
C38: HERRAMIENTA MENOR (%) | M38: 0.05 | O38: =+O62*M38 -> 672.63341
C39: SUBTOTAL $ | O39: =SUM(O30:O38) -> 158529.03
C40: II. MATERIALES
C43: DESCRIPCIÓN | K43: UNIDAD | L43: CANTIDAD | M43: PRECIO UNIT. | O43: Vr. UNITARIO
C44: Agregado petreo para mezcla asfaltica (Procesado) - Incluye cemento asfaltico | K44: m3 | L44: 1.25 | M44: 805000 | O44: =+M44*L44 -> 1006250
C45: Agua | K45: L | L45: 25 | M45: 105.37 | O45: =+M45*L45 -> 2634.25
C46: SUBTOTAL $ | O46: =SUM(O44:O45) -> 1008884.2
C47: III. TRANSPORTES
C50: MATERIAL | J50: VOL. o PESO | K50: DISTANCIA | L50: M3 o Ton/Km | M50: TARIFA | O50: Vr. UNITARIO
C51: Trasnsporte de agregados | J51: 1.25 | K51: 60 | L51: =+J51*K51 -> 75 | M51: 1602.5 | O51: =+L51*M51 -> 120187.5
C53: SUBTOTAL $ | O53: =+O51 -> 120187.5
C54: IV. MANO DE OBRA
C57: TRABAJADOR | J57: JORNAL | K57: PRESTACIONES | L57: JORNAL TOTAL | M57: RENDIMIENTO | O57: Vr. UNITARIO
C58: Obrero 8 | J58: =+L58/K58 -> 3796 | K58: 185 | L58: 702260 | M58: 80 | O58: =+L58/M58 -> 8778.25
C59: Oficial | J59: 80665 | K59: 185 | L59: 149230.25 | M59: 80 | O59: =+L59/M59 -> 1865.3781
C60: Rastrilleros 2 | J60: 121472 | K60: 185 | L60: 224723.2 | M60: 80 | O60: =+L60/M60 -> 2809.04
C62: SUBTOTAL $ | O62: =SUM(O58:O61) -> 13452.668
C64: TOTAL COSTO DIRECTO $ | O64: =+O62+O53+O46+O39 -> 1301053.5
C65: V. COSTOS INDIRECTOS
C68: Descripción | L68: Porcentaje | M68: Valor Total
C69: ADMINISTRACION | L69: =+'PRESUPUESTO OFICIAL (Entidad)'!K91 -> 0.32 | M69: =+O64*L69 -> 416337.1
C70: IMPREVISTOS | L70: =+'PRESUPUESTO OFICIAL (Entidad)'!K92 -> 0
C71: UTILIDAD | L71: =+'PRESUPUESTO OFICIAL (Entidad)'!K93 -> 0.05 | M71: =+O64*L71 -> 65052.673
C72: SUBTOTAL $
C74: Precio Unitario Total Aproximado al peso $ | O74: =+ROUND(O64+M69+M71,0) -> 1782443
H78: Firma
H79: Nombre:
H80: Representante Legal del Contratista o su Apoderado
H81: Matricula No. :
C83: OBSERVACIONES INTERVENTORÍA
C87: APROBACIÓN POR INTERVENTORÍA
C88: Nota 1: Cuando se trate de Análisis de precios unitarios correspondientes a ítems de la propuesta económica aprobada, el Interventor aprueba el desglose de los componentes manteniendo el mismo precio unitario de cada ítem, cumpliendo con las especificaciones de construcción vigentes para el proyecto.
C90: Nota 2: Cuando se trate de Análisis de precios unitarios de ítems no previstos, el Interventor aprueba el desglose y precio unitario de cada ítem no previsto, exigiendo la aplicación de los costos correspondientes a insumos y tarifas de la propuesta económica inicial cuando estén contemplados, cumpliendo con las especificaciones de construcción vigente para el proyecto.
H93: Firma
H94: Nombre:
H95: Representante Legal del Interventor o su Apoderado
H96: Matricula No. :

Sheet APU 7,1
C3: Formulario 1 - Propuesta económica - Documento tipo de licitación de obra pública de infraestructura de transporte - versión 4
C4: Código | D4: CCE-EICP-FM-14 | E4: Versión | F4: 4
C6: [La entidad podrá utilizar este formato para la presentación de los análisis de precios unitarios del contratista en la oportunidad prevista en el numeral 8.1. del Documento Base]
D9: INSTITUTO DE FINANCIAMIENTO, PROMOCIÓN Y DESARROLLO DE CALDAS - INFICALDAS
L10: VERSIÓN
D11: INFI L.P XXXX-2025
L12: PÁGINA | M12: 1 | N12: DE | O12: 1
D14: ANALISIS DE PRECIOS UNITARIOS
L16: FECHA | M16: DD | N16: MM | O16: AA
C18: ÍTEMS DE LA PROPUESTA ECONÓMICA | I18: ÍTEMS NO PREVISTOS
C22: DATOS ESPECÍFICOS
C24: ÍTEM | D24: DESCRIPCIÓN | M24: UNIDAD | O24: CANTIDAD
C25: =+'PRESUPUESTO OFICIAL (Entidad)'!C48 -> 7.1 | D25: =+'PRESUPUESTO OFICIAL (Entidad)'!G48 -> SUMINISTRO, TRANSPORTE E INSTALACION TAPA P/CAJA DE INSPECCIÓN TIPO II (1,2X1,2X0,1 M) CONCRETO CLASE II | M25: =+'PRESUPUESTO OFICIAL (Entidad)'!H48 -> UND | O25: 1
C26: I. EQUIPO
C29: DESCRIPCIÓN | H29: MARCA | J29: TIPO | L29: TARIFA/HORA | M29: RENDIMIENTO | O29: Vr. UNITARIO
C30: HERRAMIENTA MENOR | L30: 3484 | M30: 0.62 | O30: =+L30*M30 -> 2160.08
C31: FORMALETA METALICA PARA CAMARA CIRCULAR | L31: 1802 | M31: 1.6 | O31: =+M31*L31 -> 2883.2
C33: SUBTOTAL $ | O33: =SUM(O30:O32) -> 5043.28
C34: II. MATERIALES
C37: DESCRIPCIÓN | K37: UNIDAD | L37: CANTIDAD | M37: PRECIO UNIT. | O37: Vr. UNITARIO
C38: AGUA M3 | K38: m3 | L38: 0.36 | M38: 2808 | O38: =+M38*L38 -> 1010.88
C39: TRITURADO DE 3/4" (Inc. Transporte hasta 39 km) | K39: m3 | L39: 0.07 | M39: 136420 | O39: =+M39*L39 -> 9549.4
C40: ARENA DELGADA (Inc Transporte hasta 39 km) | K40: m3 | L40: 0.03 | M40: 106670 | O40: =+M40*L40 -> 3200.1
C41: CEMENTO GRIS | K41: kg | L41: 48 | M41: 680 | O41: =+M41*L41 -> 32640
C42: BARRAS CORRUGADAS W60X6M D: 3/8" | K42: und | L42: 16.14 | M42: 14075 | O42: =+M42*L42 -> 227170.5
C44: SUBTOTAL $ | O44: =SUM(O38:O43) -> 273570.88
C45: III. TRANSPORTES
C48: MATERIAL | J48: VOL. o PESO | K48: DISTANCIA | L48: M3 o Ton/Km | M48: TARIFA | O48: Vr. UNITARIO
C49: ACARREO INTERNO | L49: 17.6 | M49: 1824 | O49: =+M49*L49 -> 32102.4
C50: EQUIPO DE TRANSPORTE | L50: 0.02 | M50: 180217 | O50: =+M50*L50 -> 3604.34
C51: SUBTOTAL $ | O51: =+O49 -> 32102.4
C52: IV. MANO DE OBRA
C55: TRABAJADOR | J55: JORNAL | K55: PRESTACIONES | L55: JORNAL TOTAL | M55: RENDIMIENTO | O55: Vr. UNITARIO
C56: Ayudante | D56: 3 | J56: =47450*D56 -> 142350 | K56: 1.85 | L56: =+J56*K56 -> 263347.5 | M56: 0.263 | O56: =+L56*M56 -> 69260.393
C57: Oficial | D57: 1 | J57: 75920 | K57: 1.85 | L57: =+J57*K57 -> 140452 | M57: =+M56 -> 0.263 | O57: =+L57*M57 -> 36938.876
C60: SUBTOTAL $ | O60: =+O57+O56 -> 106199.27
C62: TOTAL COSTO DIRECTO $ | O62: =+O60+O51+O44+O33 -> 416915.83
C63: V. COSTOS INDIRECTOS
C66: Descripción | L66: Porcentaje | M66: Valor Total
C67: ADMINISTRACION | L67: =+'PRESUPUESTO OFICIAL (Entidad)'!K91 -> 0.32 | M67: =+O62*L67 -> 133413.07
C68: IMPREVISTOS | L68: =+'PRESUPUESTO OFICIAL (Entidad)'!K92 -> 0
C69: UTILIDAD | L69: =+'PRESUPUESTO OFICIAL (Entidad)'!K93 -> 0.05 | M69: =+O62*L69 -> 20845.791
C70: SUBTOTAL $
C72: Precio Unitario Total Aproximado al peso $ | O72: =+ROUND(O62+M67+M69,0) -> 571175
H76: Firma
H77: Nombre:
H78: Representante Legal del Contratista o su Apoderado
H79: Matricula No. :
C81: OBSERVACIONES INTERVENTORÍA
C85: APROBACIÓN POR INTERVENTORÍA
C86: Nota 1: Cuando se trate de Análisis de precios unitarios correspondientes a ítems de la propuesta económica aprobada, el Interventor aprueba el desglose de los componentes manteniendo el mismo precio unitario de cada ítem, cumpliendo con las especificaciones de construcción vigentes para el proyecto.
C88: Nota 2: Cuando se trate de Análisis de precios unitarios de ítems no previstos, el Interventor aprueba el desglose y precio unitario de cada ítem no previsto, exigiendo la aplicación de los costos correspondientes a insumos y tarifas de la propuesta económica inicial cuando estén contemplados, cumpliendo con las especificaciones de construcción vigente para el proyecto.
H91: Firma
H92: Nombre:
H93: Representante Legal del Interventor o su Apoderado
H94: Matricula No. :

Sheet APU 7,2
C3: Formulario 1 - Propuesta económica - Documento tipo de licitación de obra pública de infraestructura de transporte - versión 4
C4: Código | D4: CCE-EICP-FM-14 | E4: Versión | F4: 4
C6: [La entidad podrá utilizar este formato para la presentación de los análisis de precios unitarios del contratista en la oportunidad prevista en el numeral 8.1. del Documento Base]
D9: INSTITUTO DE FINANCIAMIENTO, PROMOCIÓN Y DESARROLLO DE CALDAS - INFICALDAS
L10: VERSIÓN
D11: INFI L.P XXXX-2025
L12: PÁGINA | M12: 1 | N12: DE | O12: 1
D14: ANALISIS DE PRECIOS UNITARIOS
L16: FECHA | M16: DD | N16: MM | O16: AA
C18: ÍTEMS DE LA PROPUESTA ECONÓMICA | I18: ÍTEMS NO PREVISTOS
C22: DATOS ESPECÍFICOS
C24: ÍTEM | D24: DESCRIPCIÓN | M24: UNIDAD | O24: CANTIDAD
C25: =+'PRESUPUESTO OFICIAL (Entidad)'!C49 -> 7.2 | D25: =+'PRESUPUESTO OFICIAL (Entidad)'!G49 -> SUMINISTRO, TRANSPORTE E INSTALACION TAPA P/CAJA DE INSPECCIÓN TIPO II (1,7X0,8X0,1 M) CONCRETO CLASE II | M25: =+'PRESUPUESTO OFICIAL (Entidad)'!H49 -> UND | O25: 1
C26: I. EQUIPO
C29: DESCRIPCIÓN | H29: MARCA | J29: TIPO | L29: TARIFA/HORA | M29: RENDIMIENTO | O29: Vr. UNITARIO
C30: HERRAMIENTA MENOR | L30: 3484 | M30: 0.59 | O30: =+L30*M30 -> 2055.56
C31: FORMALETA METALICA PARA CAMARA CIRCULAR | L31: 1802 | M31: 1.51 | O31: =+L31*M31 -> 2721.02
C33: SUBTOTAL $ | O33: =SUM(O30:O32) -> 4776.58
C34: II. MATERIALES
C37: DESCRIPCIÓN | K37: UNIDAD | L37: CANTIDAD | M37: PRECIO UNIT. | O37: Vr. UNITARIO
C38: AGUA M3 | K38: m3 | L38: 0.34 | M38: 2808 | O38: =+M38*L38 -> 954.72
C39: TRITURADO DE 3/4" (Inc. Transporte hasta 39 km) | K39: m3 | L39: 0.07 | M39: 136420 | O39: =+M39*L39 -> 9549.4
C40: ARENA DELGADA (Inc Transporte hasta 39 km) | K40: m3 | L40: 0.03 | M40: 106670 | O40: =+M40*L40 -> 3200.1
C41: CEMENTO GRIS | K41: kg | L41: 45.33 | M41: 680 | O41: =+M41*L41 -> 30824.4
C42: BARRAS CORRUGADAS W60X6M D: 3/8" | K42: und | L42: 15.25 | M42: 14075 | O42: =+M42*L42 -> 214643.75
C44: SUBTOTAL $ | O44: =SUM(O38:O43) -> 259172.37
C45: III. TRANSPORTES
C48: MATERIAL | J48: VOL. o PESO | K48: DISTANCIA | L48: M3 o Ton/Km | M48: TARIFA | O48: Vr. UNITARIO
C49: ACARREO INTERNO | L49: 16.62 | M49: 1824 | O49: =+M49*L49 -> 30314.88
C50: EQUIPO DE TRANSPORTE | L50: 0.02 | M50: 180217 | O50: =+M50*L50 -> 3604.34
C51: SUBTOTAL $ | O51: =+O49 -> 30314.88
C52: IV. MANO DE OBRA
C55: TRABAJADOR | J55: JORNAL | K55: PRESTACIONES | L55: JORNAL TOTAL | M55: RENDIMIENTO | O55: Vr. UNITARIO
C56: Ayudante | D56: 3 | J56: =47450*D56 -> 142350 | K56: 1.85 | L56: =+J56*K56 -> 263347.5 | M56: 0.247 | O56: =+L56*M56 -> 65046.832
C57: Oficial | D57: 1 | J57: 75920 | K57: 1.85 | L57: =+J57*K57 -> 140452 | M57: =+M56 -> 0.247 | O57: =+L57*M57 -> 34691.644
C60: SUBTOTAL $ | O60: =+O57+O56 -> 99738.476
C62: TOTAL COSTO DIRECTO $ | O62: =+O60+O51+O44+O33 -> 394002.31
C63: V. COSTOS INDIRECTOS
C66: Descripción | L66: Porcentaje | M66: Valor Total
C67: ADMINISTRACION | L67: =+'PRESUPUESTO OFICIAL (Entidad)'!K91 -> 0.32 | M67: =+O62*L67 -> 126080.74
C68: IMPREVISTOS | L68: =+'PRESUPUESTO OFICIAL (Entidad)'!K92 -> 0
C69: UTILIDAD | L69: =+'PRESUPUESTO OFICIAL (Entidad)'!K93 -> 0.05 | M69: =+O62*L69 -> 19700.115
C70: SUBTOTAL $
C72: Precio Unitario Total Aproximado al peso $ | O72: =+ROUND(O62+M67+M69,0) -> 539783
H76: Firma
H77: Nombre:
H78: Representante Legal del Contratista o su Apoderado
H79: Matricula No. :
C81: OBSERVACIONES INTERVENTORÍA
C85: APROBACIÓN POR INTERVENTORÍA
C86: Nota 1: Cuando se trate de Análisis de precios unitarios correspondientes a ítems de la propuesta económica aprobada, el Interventor aprueba el desglose de los componentes manteniendo el mismo precio unitario de cada ítem, cumpliendo con las especificaciones de construcción vigentes para el proyecto.
C88: Nota 2: Cuando se trate de Análisis de precios unitarios de ítems no previstos, el Interventor aprueba el desglose y precio unitario de cada ítem no previsto, exigiendo la aplicación de los costos correspondientes a insumos y tarifas de la propuesta económica inicial cuando estén contemplados, cumpliendo con las especificaciones de construcción vigente para el proyecto.
H91: Firma
H92: Nombre:
H93: Representante Legal del Interventor o su Apoderado
H94: Matricula No. :

Sheet APU 8,1
C3: Formulario 1 - Propuesta económica - Documento tipo de licitación de obra pública de infraestructura de transporte - versión 4
C4: Código | D4: CCE-EICP-FM-14 | E4: Versión | F4: 4
C6: [La entidad podrá utilizar este formato para la presentación de los análisis de precios unitarios del contratista en la oportunidad prevista en el numeral 8.1. del Documento Base]
D9: INSTITUTO DE FINANCIAMIENTO, PROMOCIÓN Y DESARROLLO DE CALDAS - INFICALDAS
L10: VERSIÓN
D11: INFI L.P XXXX-2025
L12: PÁGINA | M12: 1 | N12: DE | O12: 1
D14: ANALISIS DE PRECIOS UNITARIOS
L16: FECHA | M16: DD | N16: MM | O16: AA
C18: ÍTEMS DE LA PROPUESTA ECONÓMICA | I18: ÍTEMS NO PREVISTOS
C22: DATOS ESPECÍFICOS
C24: ÍTEM | D24: DESCRIPCIÓN | M24: UNIDAD | O24: CANTIDAD
C25: =+'PRESUPUESTO OFICIAL (Entidad)'!C51 -> 8.1 | D25: =+'PRESUPUESTO OFICIAL (Entidad)'!G51 -> SUMINISTRO E INSTALACION DE TANQUE DE ACPM 60 GALONES VERTICAL CON DIQUE ANTIDERRAME | M25: =+'PRESUPUESTO OFICIAL (Entidad)'!H51 -> UND | O25: 1
C26: I. EQUIPO
C29: DESCRIPCIÓN | H29: MARCA | J29: TIPO | L29: TARIFA/HORA | M29: RENDIMIENTO | O29: Vr. UNITARIO
C30: Herramienta menor | L30: 3484 | M30: 1 | O30: =+ROUND(L30*M30,0) -> 3484
O32: =+O56*M32 -> 0
C33: SUBTOTAL $ | O33: =+O30+O32 -> 3484
C34: II. MATERIALES
C37: DESCRIPCIÓN | K37: UNIDAD | L37: CANTIDAD | M37: PRECIO UNIT. | O37: Vr. UNITARIO
C38: TANQUE DE ACPM 60 GALONES VERTICAL CON DIQUE ANTIDERRAME | K38: UND | L38: 1 | M38: 1861200 | O38: =+L38*M38 -> 1861200
C40: SUBTOTAL $ | O40: =+O38 -> 1861200
C41: III. TRANSPORTES
C44: MATERIAL | J44: VOL. o PESO | K44: DISTANCIA | L44: M3 o Ton/Km | M44: TARIFA | O44: Vr. UNITARIO
C45: Equipo de transporte | J45: DIA | L45: 1 | M45: 180217 | O45: =+ROUND(M45*L45,0) -> 180217
C47: SUBTOTAL $ | O47: =+O45 -> 180217
C48: IV. MANO DE OBRA
C51: TRABAJADOR | J51: JORNAL | K51: PRESTACIONES | L51: JORNAL TOTAL | M51: RENDIMIENTO | O51: Vr. UNITARIO
C52: Ayudante | D52: 2 | J52: =47450*D52 -> 94900 | K52: 1.85 | L52: =+J52*K52 -> 175565 | M52: 0.2 | O52: =+L52*M52 -> 35113
C53: Oficial | D53: 1 | J53: 75920 | K53: 1.85 | L53: =+J53*K53 -> 140452 | M53: =+M52 -> 0.2 | O53: =+L53*M53 -> 28090.4
C56: SUBTOTAL $ | O56: =+O53+O52 -> 63203.4
C58: TOTAL COSTO DIRECTO $ | O58: =+O56+O47+O40+O33 -> 2108104.4
C59: V. COSTOS INDIRECTOS
C62: Descripción | L62: Porcentaje | M62: Valor Total
C63: ADMINISTRACION | L63: =+'PRESUPUESTO OFICIAL (Entidad)'!K91 -> 0.32 | M63: =+O58*L63 -> 674593.41
C64: IMPREVISTOS | L64: =+'PRESUPUESTO OFICIAL (Entidad)'!K92 -> 0
C65: UTILIDAD | L65: =+'PRESUPUESTO OFICIAL (Entidad)'!K93 -> 0.05 | M65: =+O58*L65 -> 105405.22
C66: SUBTOTAL $
C68: Precio Unitario Total Aproximado al peso $ | O68: =+ROUND(O58+M63+M65,0) -> 2888103
H72: Firma
H73: Nombre:
H74: Representante Legal del Contratista o su Apoderado
H75: Matricula No. :
C77: OBSERVACIONES INTERVENTORÍA
C81: APROBACIÓN POR INTERVENTORÍA
C82: Nota 1: Cuando se trate de Análisis de precios unitarios correspondientes a ítems de la propuesta económica aprobada, el Interventor aprueba el desglose de los componentes manteniendo el mismo precio unitario de cada ítem, cumpliendo con las especificaciones de construcción vigentes para el proyecto.
C84: Nota 2: Cuando se trate de Análisis de precios unitarios de ítems no previstos, el Interventor aprueba el desglose y precio unitario de cada ítem no previsto, exigiendo la aplicación de los costos correspondientes a insumos y tarifas de la propuesta económica inicial cuando estén contemplados, cumpliendo con las especificaciones de construcción vigente para el proyecto.
H87: Firma
H88: Nombre:
H89: Representante Legal del Interventor o su Apoderado
H90: Matricula No. :

Sheet APU 9,1
C3: Formulario 1 - Propuesta económica - Documento tipo de licitación de obra pública de infraestructura de transporte - versión 4
C4: Código | D4: CCE-EICP-FM-14 | E4: Versión | F4: 4
C6: [La entidad podrá utilizar este formato para la presentación de los análisis de precios unitarios del contratista en la oportunidad prevista en el numeral 8.1. del Documento Base]
D9: INSTITUTO DE FINANCIAMIENTO, PROMOCIÓN Y DESARROLLO DE CALDAS - INFICALDAS
L10: VERSIÓN
D11: INFI L.P XXXX-2025
L12: PÁGINA | M12: 1 | N12: DE | O12: 1
D14: ANALISIS DE PRECIOS UNITARIOS
L16: FECHA | M16: DD | N16: MM | O16: AA
C18: ITEMS DE LA PROPUESTA ECONÓMICA | I18: ITEMS NO PREVISTOS
C22: DATOS ESPECÍFICOS
C24: ITEM | D24: DESCRIPCIÓN | M24: UNIDAD | O24: CANTIDAD
C25: =+'PRESUPUESTO OFICIAL (Entidad)'!C53 -> 9.1 | D25: =+'PRESUPUESTO OFICIAL (Entidad)'!G53 -> SUMINISTRO, TRANSPORTE E INSTALACION PINTURA EPOXICA ALTA RESISTENCIA CON CATALIZADOR 3 MANOS SOBRE REVOQUE. (INCLUYE 1 MANO EN PINTURA TIPO 2 Y DOS MANOS EN PINTURA EPOXI POLIAMIDA CON CATALIZADOR, FILOS Y DILATACIONES). | M25: =+'PRESUPUESTO OFICIAL (Entidad)'!H53 -> M2 | O25: 1
C26: I. EQUIPO
C29: DESCRIPCIÓN | H29: MARCA | J29: TIPO | L29: TARIFA/HORA | M29: RENDIMIENTO | O29: Vr. UNITARIO
C30: Herramienta menor | L30: 3484 | M30: 0.05 | O30: =+ROUND(L30*M30,0) -> 174
O31: =+ROUND(L31*M31,0) -> 0
C33: SUBTOTAL $ | O33: =+O30+O31 -> 174
C34: II. MATERIALES
C37: DESCRIPCIÓN | K37: UNIDAD | L37: CANTIDAD | M37: PRECIO UNIT. | O37: Vr. UNITARIO
C38: PABMERIL PLIEGO 9" X 11" | K38: UND | L38: 0.02 | M38: 4660 | O38: =+ROUND(L38*M38,0) -> 93
C39: PINTURA EPOXI POLIAMIDA CON CATALIZADOR - TIPO PINTUCO REF. 113243 COLOR SEGÚN DISEÑO O SIMILAR | K39: GAL | L39: 0.06 | M39: 175900 | O39: =+ROUND(L39*M39,0) -> 10554
C40: INTERVINILO - TIPO PINTUCO REF. 2501 SEGÚN COLOR DISEÑO O SIMILAR | K40: GAL | L40: 0.04 | M40: 59900 | O40: =+ROUND(L40*M40,0) -> 2396
C41: AJUSTADOR PARA DILUSION DE PINTURA EPOXI POLIAMIDA CON CATALIZADOR - TIPO PINTUCO REF. 125290 O SIMILAR | K41: GAL | L41: 0.012 | M41: 67283 | O41: =+ROUND(L41*M41,0) -> 807
O42: =+ROUND(L42*M42,0) -> 0
O43: =+ROUND(L43*M43,0) -> 0
O44: =+ROUND(L44*M44,0) -> 0
C45: SUBTOTAL $ | O45: =+O38+O43+O44 -> 93
C46: III. TRANSPORTES
C49: MATERIAL | J49: VOL. o PESO | K49: DISTANCIA | L49: M3 o Ton/Km | M49: TARIFA | O49: Vr. UNITARIO
C50: Equipo de transporte | J50: DIA | L50: 0.0014 | M50: 180217 | O50: =+ROUND(M50*L50,0) -> 252
C51: Acarreo interno | L51: 0.45 | M51: 1824 | O51: =+M51*L51 -> 820.8
C52: SUBTOTAL $ | O52: =SUM(O50:O51) -> 1072.8
C53: IV. MANO DE OBRA
C56: TRABAJADOR | J56: JORNAL | K56: PRESTACIONES | L56: JORNAL TOTAL | M56: RENDIMIENTO | O56: Vr. UNITARIO
C57: Ayudante | D57: 1 | J57: 54568 | K57: 1.8 | L57: =+J57*K57 -> 98222.4 | M57: 0.05 | O57: =+ROUND(L57*M57,0) -> 4911
C58: Oficial | D58: 1 | J58: 87308 | K58: 1.8 | L58: =+J58*K58 -> 157154.4 | M58: =+M57 -> 0.05 | O58: =+ROUND(L58*M58,0) -> 7858
C61: SUBTOTAL $ | O61: =+O57+O58 -> 12769
C63: TOTAL COSTO DIRECTO $ | O63: =+O61+O52+O45+O33 -> 14108.8
C64: V. COSTOS INDIRECTOS
C67: Descripción | L67: Porcentaje | M67: Valor Total
C68: ADMINISTRACION | L68: =+'PRESUPUESTO OFICIAL (Entidad)'!K91 -> 0.32 | M68: =+ROUND($O$63*L68,0) -> 4515
C69: IMPREVISTOS | L69: =+'PRESUPUESTO OFICIAL (Entidad)'!K92 -> 0 | M69: =+ROUND($O$63*L69,0) -> 0
C70: UTILIDAD | L70: =+'PRESUPUESTO OFICIAL (Entidad)'!K93 -> 0.05 | M70: =+ROUND($O$63*L70,0) -> 705
C71: SUBTOTAL $ | O71: =+M68+M69+M70 -> 5220
C73: Precio Unitario Total Aproximado al peso $ | O73: =+ROUND(O63+O71,0) -> 19329
H77: Firma
H78: Nombre:
H79: Representante Legal del Contratista o su Apoderado
H80: Matricula No. :
C82: OBSERVACIONES INTERVENTORÍA
C86: APROBACIÓN POR INTERVENTORÍA
C87: Nota 1: Cuando se trate de Análisis de precios unitarios correspondientes a ítems de la propuesta económica aprobada, el Interventor aprueba el desglose de los componentes manteniendo el mismo precio unitario de cada ítem, cumpliendo con las especificaciones de construcción vigentes para el proyecto.
C89: Nota 2: Cuando se trate de Análisis de precios unitarios de ítems no previstos, el Interventor aprueba el desglose y precio unitario de cada ítem no previsto, exigiendo la aplicación de los costos correspondientes a insumos y tarifas de la propuesta económica inicial cuando estén contemplados, cumpliendo con las especificaciones de construcción vigente para el proyecto.
H92: Firma
H93: Nombre:
H94: Representante Legal del Interventor o su Apoderado
H95: Matricula No. :

Sheet APU 10,1
C3: Formulario 1 - Propuesta económica - Documento tipo de licitación de obra pública de infraestructura de transporte - versión 4
C4: Código | D4: CCE-EICP-FM-14 | E4: Versión | F4: 4
C6: [La entidad podrá utilizar este formato para la presentación de los análisis de precios unitarios del contratista en la oportunidad prevista en el numeral 8.1. del Documento Base]
D9: INSTITUTO DE FINANCIAMIENTO, PROMOCIÓN Y DESARROLLO DE CALDAS - INFICALDAS
L10: VERSIÓN
D11: INFI L.P XXXX-2025
L12: PÁGINA | M12: 1 | N12: DE | O12: 1
D14: ANALISIS DE PRECIOS UNITARIOS
L16: FECHA | M16: DD | N16: MM | O16: AA
C18: ITEMS DE LA PROPUESTA ECONÓMICA | I18: ITEMS NO PREVISTOS
C22: DATOS ESPECÍFICOS
C24: ITEM | D24: DESCRIPCIÓN | M24: UNIDAD | O24: CANTIDAD
C25: =+'PRESUPUESTO OFICIAL (Entidad)'!C55 -> 10.1 | D25: =+'PRESUPUESTO OFICIAL (Entidad)'!G55 -> SUMINISTRO TRANSPORTE E INSTALACION DE MUEBLE PARA CASETA DE PÁRQUEADERO DE 2,25 * 0,77 * 0,49 ACUERDO A DISEÑO EN MATERIAL MDP CON RECUBRIMIENTO MELAMINICO Y PROTECCION ANTIBACTERIAL DE 15 MM DE ESPESOR CON CERRADURAS, BISAGRAS Y ZOCALO EN PVC | M25: =+'PRESUPUESTO OFICIAL (Entidad)'!H55 -> UND | O25: 1
C26: I. EQUIPO
C29: DESCRIPCIÓN | H29: MARCA | J29: TIPO | L29: TARIFA/HORA | M29: RENDIMIENTO | O29: Vr. UNITARIO
C30: Herramienta menor | L30: 3484 | M30: 1 | O30: =+ROUND(L30*M30,0) -> 3484
O31: =+ROUND(L31*M31,0) -> 0
C33: SUBTOTAL $ | O33: =+O30+O31 -> 3484
C34: II. MATERIALES
C37: DESCRIPCIÓN | K37: UNIDAD | L37: CANTIDAD | M37: PRECIO UNIT. | O37: Vr. UNITARIO
C38: Estructuras moduladas elaboradas en MDP con recubrimiento melamínico, protección antibacteriana y RH de 15mm de espesor, 100% enchapadas. Color por escoger. De acuerdo a diseño | K38: UND | L38: 1 | M38: 3800000 | O38: =+M38*L38 -> 3800000
C39: Fachadas para módulos en Supercor de 15 mm de espesor con cantos rígidos marca brasileña Duratex. Color por escoger. De acuerdo a diseño
C40: Fachadas para superficie de barra y módulo de microondas en Supercor de 15 mm de espesor, con cantos rígidos de la marca brasileña Duratex. Color por escoger. De acuerdo a diseño
C41: La tecnología de todos los enchapes para canto es con sistema PUR que brinda óptima adherencia y resistencia al calor, vapor y humedad.
C42: Estructuras en perfil metálico de 2 x 1 " con acabado en pintura electrostática color blanco para soporte de comedor.
C43: Bisagras Clip Top de 107° de apertura con tecnología Blumotion (cierre lento), para puertas batientes inferiores, marca austriaca Blum.
C44: Bisagras Clip Top de 107° de apertura sin muelle con tecnología TipOn (tipo push), para puertas batientes, marca austriaca Blum.
C45: Zócalo en PVC con frente de acabado en aluminio y patas niveladoras de 100 mm de altura para apoyar todos los módulos inferiores de cocina.
C46: Todos los módulos inferiores llevan manija gola en aluminio para la apertura de puertas y cajones.
C48: SUBTOTAL $ | O48: =+O38+O46+O47 -> 3800000
C49: III. TRANSPORTES
C52: MATERIAL | J52: VOL. o PESO | K52: DISTANCIA | L52: M3 o Ton/Km | M52: TARIFA | O52: Vr. UNITARIO
C55: SUBTOTAL $ | O55: =+O53 -> 0
C56: IV. MANO DE OBRA
C59: TRABAJADOR | J59: JORNAL | K59: PRESTACIONES | L59: JORNAL TOTAL | M59: RENDIMIENTO | O59: Vr. UNITARIO
C64: SUBTOTAL $ | O64: =+O60+O61 -> 0
C66: TOTAL COSTO DIRECTO $ | O66: =+O64+O55+O48+O33 -> 3803484
C67: V. COSTOS INDIRECTOS
C70: Descripción | L70: Porcentaje | M70: Valor Total
C71: ADMINISTRACION | L71: =+'PRESUPUESTO OFICIAL (Entidad)'!K91 -> 0.32 | M71: =+ROUND($O$66*L71,0) -> 1217115
C72: IMPREVISTOS | L72: =+'PRESUPUESTO OFICIAL (Entidad)'!K92 -> 0 | M72: =+ROUND($O$66*L72,0) -> 0
C73: UTILIDAD | L73: =+'PRESUPUESTO OFICIAL (Entidad)'!K93 -> 0.05 | M73: =+ROUND($O$66*L73,0) -> 190174
C74: SUBTOTAL $ | O74: =+M71+M72+M73 -> 1407289
C76: Precio Unitario Total Aproximado al peso $ | O76: =+ROUND(O66+O74,0) -> 5210773
H80: Firma
H81: Nombre:
H82: Representante Legal del Contratista o su Apoderado
H83: Matricula No. :
C85: OBSERVACIONES INTERVENTORÍA
C89: APROBACIÓN POR INTERVENTORÍA
C90: Nota 1: Cuando se trate de Análisis de precios unitarios correspondientes a ítems de la propuesta económica aprobada, el Interventor aprueba el desglose de los componentes manteniendo el mismo precio unitario de cada ítem, cumpliendo con las especificaciones de construcción vigentes para el proyecto.
C92: Nota 2: Cuando se trate de Análisis de precios unitarios de ítems no previstos, el Interventor aprueba el desglose y precio unitario de cada ítem no previsto, exigiendo la aplicación de los costos correspondientes a insumos y tarifas de la propuesta económica inicial cuando estén contemplados, cumpliendo con las especificaciones de construcción vigente para el proyecto.
H95: Firma
H96: Nombre:
H97: Representante Legal del Interventor o su Apoderado
H98: Matricula No. :

Sheet APU 10,2
C3: Formulario 1 - Propuesta económica - Documento tipo de licitación de obra pública de infraestructura de transporte - versión 4
C4: Código | D4: CCE-EICP-FM-14 | E4: Versión | F4: 4
C6: [La entidad podrá utilizar este formato para la presentación de los análisis de precios unitarios del contratista en la oportunidad prevista en el numeral 8.1. del Documento Base]
D9: INSTITUTO DE FINANCIAMIENTO, PROMOCIÓN Y DESARROLLO DE CALDAS - INFICALDAS
L10: VERSIÓN
D11: INFI L.P XXXX-2025
L12: PÁGINA | M12: 1 | N12: DE | O12: 1
D14: ANALISIS DE PRECIOS UNITARIOS
L16: FECHA | M16: DD | N16: MM | O16: AA
C18: ITEMS DE LA PROPUESTA ECONÓMICA | I18: ITEMS NO PREVISTOS
C22: DATOS ESPECÍFICOS
C24: ITEM | D24: DESCRIPCIÓN | M24: UNIDAD | O24: CANTIDAD
C25: =+'PRESUPUESTO OFICIAL (Entidad)'!C56 -> 10.2 | D25: =+'PRESUPUESTO OFICIAL (Entidad)'!G56 -> DESMONTE DE MUEBLE Y REPISAS EXISTENTES. | M25: =+'PRESUPUESTO OFICIAL (Entidad)'!H56 -> UND | O25: 1
C26: I. EQUIPO
C29: DESCRIPCIÓN | H29: MARCA | J29: TIPO | L29: TARIFA/HORA | M29: RENDIMIENTO | O29: Vr. UNITARIO
C30: Herramienta menor | L30: 3484 | M30: 0.3 | O30: =+ROUND(L30*M30,0) -> 1045
C33: SUBTOTAL $ | O33: =+O30+O31 -> 1045
C34: II. MATERIALES
C37: DESCRIPCIÓN | K37: UNIDAD | L37: CANTIDAD | M37: PRECIO UNIT. | O37: Vr. UNITARIO
O38: =+ROUND(L38*M38,0) -> 0
O39: =+ROUND(L39*M39,0) -> 0
O40: =+ROUND(L40*M40,0) -> 0
C41: SUBTOTAL $ | O41: =+O38+O39+O40 -> 0
C42: III. TRANSPORTES
C45: MATERIAL | J45: VOL. o PESO | K45: DISTANCIA | L45: M3 o Ton/Km | M45: TARIFA | O45: Vr. UNITARIO
C46: Acarreo interno | L46: 1 | M46: 1824 | O46: =+ROUND(M46*L46,0) -> 1824
C48: SUBTOTAL $ | O48: =+O46 -> 1824
C49: IV. MANO DE OBRA
C52: TRABAJADOR | J52: JORNAL | K52: PRESTACIONES | L52: JORNAL TOTAL | M52: RENDIMIENTO | O52: Vr. UNITARIO
C53: Ayudante | D53: 3 | J53: =47450*D53 -> 142350 | K53: 1.8 | L53: =+J53*K53 -> 256230 | M53: 0.8 | O53: =+ROUND(L53*M53,0) -> 204984
C56: SUBTOTAL $ | O56: =SUM(O53:O55) -> 204984
C58: TOTAL COSTO DIRECTO $ | O58: =+O56+O48+O41+O33 -> 207853
C59: V. COSTOS INDIRECTOS
C62: Descripción | L62: Porcentaje | M62: Valor Total
C63: ADMINISTRACION | L63: =+'PRESUPUESTO OFICIAL (Entidad)'!K91 -> 0.32 | M63: =+ROUND($O$58*L63,0) -> 66513
C64: IMPREVISTOS | L64: =+'PRESUPUESTO OFICIAL (Entidad)'!K92 -> 0 | M64: =+ROUND($O$58*L64,0) -> 0
C65: UTILIDAD | L65: =+'PRESUPUESTO OFICIAL (Entidad)'!K93 -> 0.05 | M65: =+ROUND($O$58*L65,0) -> 10393
C66: SUBTOTAL $ | O66: =+M63+M64+M65 -> 76906
C68: Precio Unitario Total Aproximado al peso $ | O68: =+ROUND(O58+O66,0) -> 284759
H72: Firma
H73: Nombre:
H74: Representante Legal del Contratista o su Apoderado
H75: Matricula No. :
C77: OBSERVACIONES INTERVENTORÍA
C81: APROBACIÓN POR INTERVENTORÍA
C82: Nota 1: Cuando se trate de Análisis de precios unitarios correspondientes a ítems de la propuesta económica aprobada, el Interventor aprueba el desglose de los componentes manteniendo el mismo precio unitario de cada ítem, cumpliendo con las especificaciones de construcción vigentes para el proyecto.
C84: Nota 2: Cuando se trate de Análisis de precios unitarios de ítems no previstos, el Interventor aprueba el desglose y precio unitario de cada ítem no previsto, exigiendo la aplicación de los costos correspondientes a insumos y tarifas de la propuesta económica inicial cuando estén contemplados, cumpliendo con las especificaciones de construcción vigente para el proyecto.
H87: Firma
H88: Nombre:
H89: Representante Legal del Interventor o su Apoderado
H90: Matricula No. :

Sheet APU 11,1
C3: Formulario 1 - Propuesta económica - Documento tipo de licitación de obra pública de infraestructura de transporte - versión 4
C4: Código | D4: CCE-EICP-FM-14 | E4: Versión | F4: 4
C6: [La entidad podrá utilizar este formato para la presentación de los análisis de precios unitarios del contratista en la oportunidad prevista en el numeral 8.1. del Documento Base]
D9: INSTITUTO DE FINANCIAMIENTO, PROMOCIÓN Y DESARROLLO DE CALDAS - INFICALDAS
L10: VERSIÓN
D11: INFI L.P XXXX-2025
L12: PÁGINA | M12: 1 | N12: DE | O12: 1
D14: ANALISIS DE PRECIOS UNITARIOS
L16: FECHA | M16: DD | N16: MM | O16: AA
C18: ITEMS DE LA PROPUESTA ECONÓMICA | I18: ITEMS NO PREVISTOS
C22: DATOS ESPECÍFICOS
C24: ITEM | D24: DESCRIPCIÓN | M24: UNIDAD | O24: CANTIDAD
C25: =+'PRESUPUESTO OFICIAL (Entidad)'!C58 -> 11.1 | D25: =+'PRESUPUESTO OFICIAL (Entidad)'!G58 -> DESMONTE DE CERRAMIENTO EXISTENTE | M25: =+'PRESUPUESTO OFICIAL (Entidad)'!H58 -> M2 | O25: 1
C26: I. EQUIPO
C29: DESCRIPCIÓN | H29: MARCA | J29: TIPO | L29: TARIFA/HORA | M29: RENDIMIENTO | O29: Vr. UNITARIO
C30: Herramienta menor | L30: 3484 | M30: 0.2 | O30: =+ROUND(L30*M30,0) -> 697
O31: =+ROUND(L31*M31,0) -> 0
C33: SUBTOTAL $ | O33: =+O30+O31 -> 697
C34: II. MATERIALES
C37: DESCRIPCIÓN | K37: UNIDAD | L37: CANTIDAD | M37: PRECIO UNIT. | O37: Vr. UNITARIO
O38: =+ROUND(L38*M38,0) -> 0
O39: =+ROUND(L39*M39,0) -> 0
O40: =+ROUND(L40*M40,0) -> 0
C41: SUBTOTAL $ | O41: =+O38+O39+O40 -> 0
C42: III. TRANSPORTES
C45: MATERIAL | J45: VOL. o PESO | K45: DISTANCIA | L45: M3 o Ton/Km | M45: TARIFA | O45: Vr. UNITARIO
C46: Volqueta 6m3 (cargue a mano) | J46: VJE | L46: 0.03 | M46: 310000 | O46: =+M46*L46 -> 9300
C47: Acarreo interno | J47: UND | L47: 0.3282 | M47: 1824 | O47: =+M47*L47 -> 598.6368
C48: SUBTOTAL $ | O48: =SUM(O46:O47) -> 9898.6368
C49: IV. MANO DE OBRA
C52: TRABAJADOR | J52: JORNAL | K52: PRESTACIONES | L52: JORNAL TOTAL | M52: RENDIMIENTO | O52: Vr. UNITARIO
C53: Ayudante | D53: 1 | J53: 47450 | K53: 1.8 | L53: =+J53*K53 -> 85410 | M53: 0.024 | O53: =+ROUND(L53*M53,0) -> 2050
C54: Oficial | D54: 1 | J54: 75920 | K54: 1.8 | L54: =+J54*K54 -> 136656 | M54: =+M53 -> 0.024 | O54: =+ROUND(L54*M54,0) -> 3280
C57: SUBTOTAL $ | O57: =+O53+O54 -> 5330
C59: TOTAL COSTO DIRECTO $ | O59: =+O57+O48+O41+O33 -> 15925.637
C60: V. COSTOS INDIRECTOS
C63: Descripción | L63: Porcentaje | M63: Valor Total
C64: ADMINISTRACION | L64: =+'PRESUPUESTO OFICIAL (Entidad)'!K91 -> 0.32 | M64: =+ROUND($O$59*L64,0) -> 5096
C65: IMPREVISTOS | L65: =+'PRESUPUESTO OFICIAL (Entidad)'!K92 -> 0 | M65: =+ROUND($O$59*L65,0) -> 0
C66: UTILIDAD | L66: =+'PRESUPUESTO OFICIAL (Entidad)'!K93 -> 0.05 | M66: =+ROUND($O$59*L66,0) -> 796
C67: SUBTOTAL $ | O67: =+M64+M65+M66 -> 5892
C69: Precio Unitario Total Aproximado al peso $ | O69: =+ROUND(O59+O67,0) -> 21818
H73: Firma
H74: Nombre:
H75: Representante Legal del Contratista o su Apoderado
H76: Matricula No. :
C78: OBSERVACIONES INTERVENTORÍA
C82: APROBACIÓN POR INTERVENTORÍA
C83: Nota 1: Cuando se trate de Análisis de precios unitarios correspondientes a ítems de la propuesta económica aprobada, el Interventor aprueba el desglose de los componentes manteniendo el mismo precio unitario de cada ítem, cumpliendo con las especificaciones de construcción vigentes para el proyecto.
C85: Nota 2: Cuando se trate de Análisis de precios unitarios de ítems no previstos, el Interventor aprueba el desglose y precio unitario de cada ítem no previsto, exigiendo la aplicación de los costos correspondientes a insumos y tarifas de la propuesta económica inicial cuando estén contemplados, cumpliendo con las especificaciones de construcción vigente para el proyecto.
H88: Firma
H89: Nombre:
H90: Representante Legal del Interventor o su Apoderado
H91: Matricula No. :

Sheet APU 11,2
C3: Formulario 1 - Propuesta económica - Documento tipo de licitación de obra pública de infraestructura de transporte - versión 4
C4: Código | D4: CCE-EICP-FM-14 | E4: Versión | F4: 4
C6: [La entidad podrá utilizar este formato para la presentación de los análisis de precios unitarios del contratista en la oportunidad prevista en el numeral 8.1. del Documento Base]
D9: INSTITUTO DE FINANCIAMIENTO, PROMOCIÓN Y DESARROLLO DE CALDAS - INFICALDAS
L10: VERSIÓN
D11: INFI L.P XXXX-2025
L12: PÁGINA | M12: 1 | N12: DE | O12: 1
D14: ANALISIS DE PRECIOS UNITARIOS
L16: FECHA | M16: DD | N16: MM | O16: AA
C18: ITEMS DE LA PROPUESTA ECONÓMICA | I18: ITEMS NO PREVISTOS
C22: DATOS ESPECÍFICOS
C24: ITEM | D24: DESCRIPCIÓN | M24: UNIDAD | O24: CANTIDAD
C25: =+'PRESUPUESTO OFICIAL (Entidad)'!C59 -> 11.2 | D25: =+'PRESUPUESTO OFICIAL (Entidad)'!G59 -> CERRAMIENTO EN POSTE DE CONCRETO 0,1*0,1 Y MALLA ESLABONADA CAL 10 2*2" INCLUYE CONCERTINA EN ACERO INOXIDABLE, EXCAVACION Y MACHONES EN CONCRETO DE 20,7 MPA (3000 PSI) | M25: =+'PRESUPUESTO OFICIAL (Entidad)'!H59 -> ML | O25: 1
C26: I. EQUIPO
C29: DESCRIPCIÓN | H29: MARCA | J29: TIPO | L29: TARIFA/HORA | M29: RENDIMIENTO | O29: Vr. UNITARIO
C30: Herramienta menor | L30: 3484 | M30: 0.2 | O30: =+ROUND(L30*M30,0) -> 697
C31: Andamio | L31: 16636 | M31: 0.05 | O31: =+ROUND(L31*M31,0) -> 832
C33: SUBTOTAL $ | O33: =+O30+O31 -> 1529
C34: II. MATERIALES
C37: DESCRIPCIÓN | K37: UNIDAD | L37: CANTIDAD | M37: PRECIO UNIT. | O37: Vr. UNITARIO
C38: Alambre de puas C 14 | K38: ML | L38: 2 | M38: =282800/350 -> 808 | O38: =+ROUND(L38*M38,0) -> 1616
C39: Poste para cerramiento en concreto .10x.10x3 M | K39: UND | L39: 1 | M39: 75845 | O39: =+ROUND(L39*M39,0) -> 75845
C40: Malla eslabonada Cal. 10 2x2" | K40: M2 | L40: 2.15 | M40: 26612 | O40: =+ROUND(L40*M40,0) -> 57216
C41: Alambre galvanizado Cal. 12 | K41: KG | L41: 1 | M41: 9312 | O41: =+ROUND(L41*M41,0) -> 9312
C42: Concertina acero inoxidable | K42: ML | L42: 1.05 | M42: 36446 | O42: =+ROUND(L42*M42,0) -> 38268
C43: Concreto de 20,7 MPA (3000 PSI) (producción) para dado de .30x.30x.40 Mts | K43: M3 | L43: 0.08 | M43: 561725 | O43: =+ROUND(L43*M43,0) -> 44938
O45: =+ROUND(L45*M45,0) -> 0
C46: SUBTOTAL $ | O46: =SUM(O38:O45) -> 227195
C47: III. TRANSPORTES
C50: MATERIAL | J50: VOL. o PESO | K50: DISTANCIA | L50: M3 o Ton/Km | M50: TARIFA | O50: Vr. UNITARIO
O51: =+ROUND(M51*L51,0) -> 0
C53: SUBTOTAL $ | O53: =+O51 -> 0
C54: IV. MANO DE OBRA
C57: TRABAJADOR | J57: JORNAL | K57: PRESTACIONES | L57: JORNAL TOTAL | M57: RENDIMIENTO | O57: Vr. UNITARIO
C58: Ayudante | D58: 3 | J58: =47450*D58 -> 142350 | K58: 1.8 | L58: =+J58*K58 -> 256230 | M58: 0.08 | O58: =+ROUND(L58*M58,0) -> 20498
C59: Oficial | D59: 1 | J59: 75920 | K59: 1.8 | L59: =+J59*K59 -> 136656 | M59: =+M58 -> 0.08 | O59: =+ROUND(L59*M59,0) -> 10932
C62: SUBTOTAL $ | O62: =+O58+O59 -> 31430
C64: TOTAL COSTO DIRECTO $ | O64: =+O62+O53+O46+O33 -> 260154
C65: V. COSTOS INDIRECTOS
C68: Descripción | L68: Porcentaje | M68: Valor Total
C69: ADMINISTRACION | L69: =+'PRESUPUESTO OFICIAL (Entidad)'!K91 -> 0.32 | M69: =+ROUND($O$64*L69,0) -> 83249
C70: IMPREVISTOS | L70: =+'PRESUPUESTO OFICIAL (Entidad)'!K92 -> 0 | M70: =+ROUND($O$64*L70,0) -> 0
C71: UTILIDAD | L71: =+'PRESUPUESTO OFICIAL (Entidad)'!K93 -> 0.05 | M71: =+ROUND($O$64*L71,0) -> 13008
C72: SUBTOTAL $ | O72: =+M69+M70+M71 -> 96257
C74: Precio Unitario Total Aproximado al peso $ | O74: =+ROUND(O64+O72,0) -> 356411
H78: Firma
H79: Nombre:
H80: Representante Legal del Contratista o su Apoderado
H81: Matricula No. :
C83: OBSERVACIONES INTERVENTORÍA
C87: APROBACIÓN POR INTERVENTORÍA
C88: Nota 1: Cuando se trate de Análisis de precios unitarios correspondientes a ítems de la propuesta económica aprobada, el Interventor aprueba el desglose de los componentes manteniendo el mismo precio unitario de cada ítem, cumpliendo con las especificaciones de construcción vigentes para el proyecto.
C90: Nota 2: Cuando se trate de Análisis de precios unitarios de ítems no previstos, el Interventor aprueba el desglose y precio unitario de cada ítem no previsto, exigiendo la aplicación de los costos correspondientes a insumos y tarifas de la propuesta económica inicial cuando estén contemplados, cumpliendo con las especificaciones de construcción vigente para el proyecto.
H93: Firma
H94: Nombre:
H95: Representante Legal del Interventor o su Apoderado
H96: Matricula No. :

Sheet APU 12,1
C3: Formulario 1 - Propuesta económica - Documento tipo de licitación de obra pública de infraestructura de transporte - versión 4
C4: Código | D4: CCE-EICP-FM-14 | E4: Versión | F4: 4
C6: [La entidad podrá utilizar este formato para la presentación de los análisis de precios unitarios del contratista en la oportunidad prevista en el numeral 8.1. del Documento Base]
D9: INSTITUTO DE FINANCIAMIENTO, PROMOCIÓN Y DESARROLLO DE CALDAS - INFICALDAS
L10: VERSIÓN
D11: INFI L.P XXXX-2025
L12: PÁGINA | M12: 1 | N12: DE | O12: 1
D14: ANALISIS DE PRECIOS UNITARIOS
L16: FECHA | M16: DD | N16: MM | O16: AA
C18: ITEMS DE LA PROPUESTA ECONÓMICA | I18: ITEMS NO PREVISTOS
C22: DATOS ESPECÍFICOS
C24: ITEM | D24: DESCRIPCIÓN | M24: UNIDAD | O24: CANTIDAD
C25: =+'PRESUPUESTO OFICIAL (Entidad)'!C63 -> 12.1 | D25: =+'PRESUPUESTO OFICIAL (Entidad)'!G63 -> SUMINISTRO E INSTALACIÓN VENTANA DE SELECCIÓN DE EQUIPAJE CORREDIZA EN ALUMINIO 1,20 X 0,90 CON CHAPA | M25: =+'PRESUPUESTO OFICIAL (Entidad)'!H63 -> M2 | O25: 1
C26: I. EQUIPO
C29: DESCRIPCIÓN | H29: MARCA | J29: TIPO | L29: TARIFA/HORA | M29: RENDIMIENTO | O29: Vr. UNITARIO
C30: HERRAMIENTA MENOR | L30: 3484 | M30: 1.5 | O30: =+ROUND(L30*M30,0) -> 5226
O31: =+ROUND(L31*M31,0) -> 0
O32: =+ROUND(L32*M32,0) -> 0
C33: SUBTOTAL $ | O33: =+O30+O31+O32 -> 5226
C34: II. MATERIALES
C37: DESCRIPCIÓN | K37: UNIDAD | L37: CANTIDAD | M37: PRECIO UNIT. | O37: Vr. UNITARIO
C38: Celosia en aluminio | K38: M2 | L38: 1 | M38: 1215607 | O38: =+ROUND(L38*M38,0) -> 1215607
C39: DIVISOR 3831 | K39: ML | L39: 1.79 | M39: 11670 | O39: =+ROUND(L39*M39,0) -> 20889
C40: MARCO NAVE 3831 | K40: ML | L40: 2.15 | M40: 10582 | O40: =+ROUND(L40*M40,0) -> 22751
C41: CHAPETA 1.1/2" | K41: UND | L41: 2.86 | M41: 2335 | O41: =+ROUND(L41*M41,0) -> 6678
C42: MANIJA Y SEGURO PUERTA | K42: UND | L42: 1 | M42: 54457 | O42: =+ROUND(L42*M42,0) -> 54457
C43: SILICONA TRANSPARENTE ANTIHONGOS SICASIL E | K43: UND | L43: 0.18 | M43: 24900 | O43: =+ROUND(L43*M43,0) -> 4482
C44: TORNNILLO CABEZA PLANA 8X1/2" | K44: UND | L44: 17.86 | M44: 47 | O44: =+ROUND(L44*M44,0) -> 839
C45: TORNILLO ENSAMBLE PAN 6X1/2" | K45: UND | L45: 35.72 | M45: 47 | O45: =+ROUND(L45*M45,0) -> 1679
C46: REMACHE POP 4X3 | K46: UND | L46: 10.72 | M46: 47 | O46: =+ROUND(L46*M46,0) -> 504
C47: SILLAR CABEZAL 3831 | K47: ML | L47: 1.43 | M47: 8871 | O47: =+ROUND(L47*M47,0) -> 12686
C48: JAMBA 3831 | K48: ML | L48: 1.08 | M48: 8871 | O48: =+ROUND(L48*M48,0) -> 9581
O49: =+ROUND(L49*M49,0) -> 0
C51: SUBTOTAL $ | O51: =SUM(O38:O50) -> 1350153
C52: III. TRANSPORTES
C55: MATERIAL | K55: DISTANCIA | L55: M3 o Ton/Km | M55: TARIFA | O55: Vr. UNITARIO
C56: Equipo de transporte | L56: 0.01 | M56: 180217 | O56: =+ROUND(M56*L56,0) -> 1802
C57: Acarreo interno | J57: UND | L57: 5 | M57: 1733 | O57: =+ROUND(M57*L57,0) -> 8665
C58: SUBTOTAL $ | O58: =+O56+O57 -> 10467
C59: IV. MANO DE OBRA
C62: TRABAJADOR | J62: JORNAL | K62: PRESTACIONES | L62: JORNAL TOTAL | M62: RENDIMIENTO | O62: Vr. UNITARIO
C63: Ayudante | D63: 2 | J63: =52195*D63 -> 104390 | K63: 1.8 | L63: =+J63*K63 -> 187902 | M63: 0.4 | O63: =+ROUND(L63*M63,0) -> 75161
C64: Oficial | D64: 1 | J64: 83512 | K64: 1.8 | L64: =+J64*K64 -> 150321.6 | M64: =+M63 -> 0.4 | O64: =+ROUND(L64*M64,0) -> 60129
L66: =+'PRESUPUESTO OFICIAL (Entidad)'!K91 -> 0.32
C67: SUBTOTAL $ | O67: =+O63+O64 -> 135290
L68: =+'PRESUPUESTO OFICIAL (Entidad)'!K93 -> 0.05
C69: TOTAL COSTO DIRECTO $ | O69: =+O67+O58+O51+O33 -> 1501136
C70: V. COSTOS INDIRECTOS
C73: Descripción | L73: Porcentaje | M73: Valor Total
C74: ADMINISTRACION | L74: =+'[129]APU 2,4'!L67 -> 0.32 | M74: =+ROUND($O$69*L74,0) -> 480364
C75: IMPREVISTOS | L75: 0 | M75: =+ROUND($O$69*L75,0) -> 0
C76: UTILIDAD | L76: 0.05 | M76: =+ROUND($O$69*L76,0) -> 75057
C77: SUBTOTAL $ | O77: =+M74+M75+M76 -> 555421
C79: Precio Unitario Total Aproximado al peso $ | O79: =+ROUND(O69+O77,0) -> 2056557
H83: Firma
H84: Nombre:
H85: Representante Legal del Contratista o su Apoderado
H86: Matricula No. :
C88: OBSERVACIONES INTERVENTORÍA
C92: APROBACIÓN POR INTERVENTORÍA
C93: Nota 1: Cuando se trate de Análisis de precios unitarios correspondientes a ítems de la propuesta económica aprobada, el Interventor aprueba el desglose de los componentes manteniendo el mismo precio unitario de cada ítem, cumpliendo con las especificaciones de construcción vigentes para el proyecto.
C95: Nota 2: Cuando se trate de Análisis de precios unitarios de ítems no previstos, el Interventor aprueba el desglose y precio unitario de cada ítem no previsto, exigiendo la aplicación de los costos correspondientes a insumos y tarifas de la propuesta económica inicial cuando estén contemplados, cumpliendo con las especificaciones de construcción vigente para el proyecto.
H98: Firma
H99: Nombre:
H100: Representante Legal del Interventor o su Apoderado
H101: Matricula No. :

Sheet APU 13,1
C3: Formulario 1 - Propuesta económica - Documento tipo de licitación de obra pública de infraestructura de transporte - versión 4
C4: Código | D4: CCE-EICP-FM-14 | E4: Versión | F4: 4
C6: [La entidad podrá utilizar este formato para la presentación de los análisis de precios unitarios del contratista en la oportunidad prevista en el numeral 8.1. del Documento Base]
D9: INSTITUTO DE FINANCIAMIENTO, PROMOCIÓN Y DESARROLLO DE CALDAS - INFICALDAS
L10: VERSIÓN
D11: INFI L.P XXXX-2025
L12: PÁGINA | M12: 1 | N12: DE | O12: 1
D14: ANALISIS DE PRECIOS UNITARIOS
L16: FECHA | M16: DD | N16: MM | O16: AA
C18: ITEMS DE LA PROPUESTA ECONÓMICA | I18: ITEMS NO PREVISTOS
C22: DATOS ESPECÍFICOS
C24: ITEM | D24: DESCRIPCIÓN | M24: UNIDAD | O24: CANTIDAD
C25: =+'PRESUPUESTO OFICIAL (Entidad)'!C65 -> 13.1 | D25: =+'PRESUPUESTO OFICIAL (Entidad)'!G65 -> SUMINISTRO, TRANSPORTE E INSTALACIÓN DE PASAMANOS EN TUBERÍA DE ACERO INOXIDABLE DE 2" - INCLUYE ACCESORIOS | M25: =+'PRESUPUESTO OFICIAL (Entidad)'!H65 -> ML | O25: 1
C26: I. EQUIPO
C29: DESCRIPCIÓN | H29: MARCA | J29: TIPO | L29: TARIFA/HORA | M29: RENDIMIENTO | O29: Vr. UNITARIO
C30: HERRAMIENTA MENOR | L30: 3484 | M30: 2 | O30: =+ROUND(L30*M30,0) -> 6968
C31: EQUIPO DE SOLDADURA | L31: 45052 | M31: 0.26 | O31: =+ROUND(L31*M31,0) -> 11714
O32: =+ROUND(L32*M32,0) -> 0
C33: SUBTOTAL $ | O33: =+O30+O31+O32 -> 18682
C34: II. MATERIALES
C37: DESCRIPCIÓN | K37: UNIDAD | L37: CANTIDAD | M37: PRECIO UNIT. | O37: Vr. UNITARIO
C38: Soldadura eléctrica TIG | K38: KG | L38: 0.8 | M38: 22500 | O38: =+ROUND(L38*M38,0) -> 18000
C39: Tubo acero inoxidable 2" calibre 18 | K39: M | L39: 4 | M39: 65000 | O39: =+ROUND(L39*M39,0) -> 260000
C40: Perno de anclaje 1/2” | K40: UND | L40: 8 | M40: 800 | O40: =+ROUND(L40*M40,0) -> 6400
C41: Platinas de acero inoxidable de 9*9 cm | K41: UND | L41: 1 | M41: 8500 | O41: =+ROUND(L41*M41,0) -> 8500
C42: Vidrio templado 10mm | K42: m2 | L42: 1 | M42: 80000 | O42: =+ROUND(L42*M42,0) -> 80000
C44: SUBTOTAL $ | O44: =SUM(O38:O43) -> 372900
C45: III. TRANSPORTES
C48: MATERIAL | J48: 54568 | K48: DISTANCIA | L48: M3 o Ton/Km | M48: TARIFA | O48: Vr. UNITARIO
C49: Equipo de transporte | J49: 87308 | L49: 0.02 | M49: 171308 | O49: =+ROUND(M49*L49,0) -> 3426
C50: Acarreo interno | J50: UND | L50: 0.7 | M50: 1733 | O50: =+ROUND(M50*L50,0) -> 1213
C51: SUBTOTAL $ | O51: =+O49+O50 -> 4639
C52: IV. MANO DE OBRA
C55: TRABAJADOR | J55: JORNAL | K55: PRESTACIONES | L55: JORNAL TOTAL | M55: RENDIMIENTO | O55: Vr. UNITARIO
C56: Ayudante | D56: 2 | J56: =52195*D56 -> 104390 | K56: 1.8 | L56: =+J56*K56 -> 187902 | M56: 0.1 | O56: =+ROUND(L56*M56,0) -> 18790
C57: Oficial | D57: 1 | J57: 83512 | K57: 1.8 | L57: =+J57*K57 -> 150321.6 | M57: 0.1 | O57: =+ROUND(L57*M57,0) -> 15032
C60: SUBTOTAL $ | O60: =+O56+O57 -> 33822
C62: TOTAL COSTO DIRECTO $ | O62: =+O60+O51+O44+O33 -> 430043
C63: V. COSTOS INDIRECTOS
C66: Descripción | L66: Porcentaje | M66: Valor Total
C67: ADMINISTRACION | L67: =+'[129]APU 2,4'!L67 -> 0.32 | M67: =+ROUND($O$62*L67,0) -> 137614
C68: IMPREVISTOS | L68: 0 | M68: =+ROUND($O$62*L68,0) -> 0
C69: UTILIDAD | L69: 0.05 | M69: =+ROUND($O$62*L69,0) -> 21502
C70: SUBTOTAL $ | O70: =+M67+M68+M69 -> 159116
C72: Precio Unitario Total Aproximado al peso $ | O72: =+ROUND(O62+O70,0) -> 589159
H76: Firma
H77: Nombre:
H78: Representante Legal del Contratista o su Apoderado
H79: Matricula No. :
C81: OBSERVACIONES INTERVENTORÍA
C85: APROBACIÓN POR INTERVENTORÍA
C86: Nota 1: Cuando se trate de Análisis de precios unitarios correspondientes a ítems de la propuesta económica aprobada, el Interventor aprueba el desglose de los componentes manteniendo el mismo precio unitario de cada ítem, cumpliendo con las especificaciones de construcción vigentes para el proyecto.
C88: Nota 2: Cuando se trate de Análisis de precios unitarios de ítems no previstos, el Interventor aprueba el desglose y precio unitario de cada ítem no previsto, exigiendo la aplicación de los costos correspondientes a insumos y tarifas de la propuesta económica inicial cuando estén contemplados, cumpliendo con las especificaciones de construcción vigente para el proyecto.
H91: Firma
H92: Nombre:
H93: Representante Legal del Interventor o su Apoderado
H94: Matricula No. :

Sheet APU  14,1
C3: Formulario 1 - Propuesta económica - Documento tipo de licitación de obra pública de infraestructura de transporte - versión 4
C4: Código | D4: CCE-EICP-FM-14 | E4: Versión | F4: 4
C6: [La entidad podrá utilizar este formato para la presentación de los análisis de precios unitarios del contratista en la oportunidad prevista en el numeral 8.1. del Documento Base]
D9: INSTITUTO DE FINANCIAMIENTO, PROMOCIÓN Y DESARROLLO DE CALDAS - INFICALDAS
L10: VERSIÓN
D11: INFI L.P XXXX-2025
L12: PÁGINA | M12: 1 | N12: DE | O12: 1
D14: ANALISIS DE PRECIOS UNITARIOS
L16: FECHA | M16: DD | N16: MM | O16: AA
C18: ITEMS DE LA PROPUESTA ECONÓMICA | I18: ITEMS NO PREVISTOS
C22: DATOS ESPECÍFICOS
C24: ITEM | D24: DESCRIPCIÓN | M24: UNIDAD | O24: CANTIDAD
C25: =+'PRESUPUESTO OFICIAL (Entidad)'!C67 -> 14.1 | D25: =+'PRESUPUESTO OFICIAL (Entidad)'!G67 -> SUMINISTRO E INSTALACION DE BARRA DE SEGURIDAD ABATIBLE DE GIRO VERTIVAL INSTITUCIONAL ACERO INOXIDABLE | M25: =+'PRESUPUESTO OFICIAL (Entidad)'!H67 -> UND | O25: 1
C26: I. EQUIPO
C29: DESCRIPCIÓN | H29: MARCA | J29: TIPO | L29: TARIFA/HORA | M29: RENDIMIENTO | O29: Vr. UNITARIO
C30: Herramienta menor | L30: 3484 | M30: 0.3 | O30: =+ROUND(L30*M30,0) -> 1045
O31: =+ROUND(L31*M31,0) -> 0
O32: =+ROUND(L32*M32,0) -> 0
C33: SUBTOTAL $ | O33: =+O30+O31+O32 -> 1045
C34: II. MATERIALES
C37: DESCRIPCIÓN | K37: UNIDAD | L37: CANTIDAD | M37: PRECIO UNIT. | O37: Vr. UNITARIO
C38: Barra de seguridad abatible de giro vertival Institucional Acero Inoxidable | K38: und | L38: 1 | M38: 369900 | O38: =+ROUND(M38*L38,0) -> 369900
C39: Chazo y tornillo | K39: und | L39: 6 | M39: 275 | O39: =+ROUND(M39*L39,0) -> 1650
O40: =+ROUND(M40*L40,0) -> 0
O41: =+ROUND(M41*L41,0) -> 0
O42: =+ROUND(M42*L42,0) -> 0
C43: SUBTOTAL $ | O43: =SUM(O38:O42) -> 371550
C44: III. TRANSPORTES
C47: MATERIAL | J47: VOL. o PESO | K47: DISTANCIA | L47: M3 o Ton/Km | M47: TARIFA | O47: Vr. UNITARIO
C48: ACARREO INTERNO | L48: 1 | M48: 1824 | O48: =+M48*L48 -> 1824
C50: SUBTOTAL $ | O50: =+O48+O49 -> 1824
C51: IV. MANO DE OBRA
C54: TRABAJADOR | J54: JORNAL | K54: PRESTACIONES | L54: JORNAL TOTAL | M54: RENDIMIENTO | O54: Vr. UNITARIO
C55: Ayudante | D55: 1 | J55: 52195 | K55: 1.8 | L55: =+J55*K55 -> 93951 | M55: 0.026 | O55: =+L55*M55 -> 2442.726 | R55: 27815 | S55: 1692
C56: Oficial | D56: 1 | J56: 83512 | K56: 1.8 | L56: =+J56*K56 -> 150321.6 | M56: 0.026 | O56: =+L56*M56 -> 3908.3616
C59: SUBTOTAL $ | O59: =+O55+O56 -> 6351.0876
C61: TOTAL COSTO DIRECTO $ | O61: =+O59+O50+O43+O33 -> 380770.09
C62: V. COSTOS INDIRECTOS
C65: Descripción | L65: Porcentaje | M65: Valor Total
C66: ADMINISTRACION | L66: =+'[129]APU 2,3 - 11,6'!L64 -> 0.32 | M66: =+ROUND($O$61*L66,0) -> 121846
C67: IMPREVISTOS | L67: 0 | M67: =+ROUND($O$61*L67,0) -> 0
C68: UTILIDAD | L68: 0.05 | M68: =+ROUND($O$61*L68,0) -> 19039
C69: SUBTOTAL $ | O69: =+M66+M67+M68 -> 140885
C71: Precio Unitario Total Aproximado al peso $ | O71: =+ROUND(O61+O69,0) -> 521655
H75: Firma
H76: Nombre:
H77: Representante Legal del Contratista o su Apoderado
H78: Matricula No. :
C80: OBSERVACIONES INTERVENTORÍA
C84: APROBACIÓN POR INTERVENTORÍA
C85: Nota 1: Cuando se trate de Análisis de precios unitarios correspondientes a ítems de la propuesta económica aprobada, el Interventor aprueba el desglose de los componentes manteniendo el mismo precio unitario de cada ítem, cumpliendo con las especificaciones de construcción vigentes para el proyecto.
C87: Nota 2: Cuando se trate de Análisis de precios unitarios de ítems no previstos, el Interventor aprueba el desglose y precio unitario de cada ítem no previsto, exigiendo la aplicación de los costos correspondientes a insumos y tarifas de la propuesta económica inicial cuando estén contemplados, cumpliendo con las especificaciones de construcción vigente para el proyecto.
H90: Firma
H91: Nombre:
H92: Representante Legal del Interventor o su Apoderado
H93: Matricula No. :

Sheet APU  14,2
C3: Formulario 1 - Propuesta económica - Documento tipo de licitación de obra pública de infraestructura de transporte - versión 4
C4: Código | D4: CCE-EICP-FM-14 | E4: Versión | F4: 4
C6: [La entidad podrá utilizar este formato para la presentación de los análisis de precios unitarios del contratista en la oportunidad prevista en el numeral 8.1. del Documento Base]
D9: INSTITUTO DE FINANCIAMIENTO, PROMOCIÓN Y DESARROLLO DE CALDAS - INFICALDAS
L10: VERSIÓN
D11: INFI L.P XXXX-2025
L12: PÁGINA | M12: 1 | N12: DE | O12: 1
D14: ANALISIS DE PRECIOS UNITARIOS
L16: FECHA | M16: DD | N16: MM | O16: AA
C18: ITEMS DE LA PROPUESTA ECONÓMICA | I18: ITEMS NO PREVISTOS
C22: DATOS ESPECÍFICOS
C24: ITEM | D24: DESCRIPCIÓN | M24: UNIDAD | O24: CANTIDAD
C25: =+'PRESUPUESTO OFICIAL (Entidad)'!C68 -> 14.2 | D25: =+'PRESUPUESTO OFICIAL (Entidad)'!G68 -> SUMINISTRO E INSTALACION DE BARRA DE SEGURIDAD EN ACERO INOXIDABLE 60 CM SATINAD | M25: =+'PRESUPUESTO OFICIAL (Entidad)'!H68 -> UND | O25: 1
C26: I. EQUIPO
C29: DESCRIPCIÓN | H29: MARCA | J29: TIPO | L29: TARIFA/HORA | M29: RENDIMIENTO | O29: Vr. UNITARIO
C30: Herramienta menor | L30: 3484 | M30: 0.3 | O30: =+ROUND(L30*M30,0) -> 1045
O31: =+ROUND(L31*M31,0) -> 0
O32: =+ROUND(L32*M32,0) -> 0
C33: SUBTOTAL $ | O33: =+O30+O31+O32 -> 1045
C34: II. MATERIALES
C37: DESCRIPCIÓN | K37: UNIDAD | L37: CANTIDAD | M37: PRECIO UNIT. | O37: Vr. UNITARIO
C38: Barra Seguridad Acero Inoxidable 60 Cm Satinado | K38: und | L38: 1 | M38: 109900 | O38: =+ROUND(M38*L38,0) -> 109900
C39: Chazo y tornillo | K39: und | L39: 6 | M39: 275 | O39: =+ROUND(M39*L39,0) -> 1650
O40: =+ROUND(M40*L40,0) -> 0
O41: =+ROUND(M41*L41,0) -> 0
O42: =+ROUND(M42*L42,0) -> 0
C43: SUBTOTAL $ | O43: =SUM(O38:O42) -> 111550
C44: III. TRANSPORTES
C47: MATERIAL | J47: VOL. o PESO | K47: DISTANCIA | L47: M3 o Ton/Km | M47: TARIFA | O47: Vr. UNITARIO
C48: ACARREO INTERNO | L48: 1 | M48: 1824 | O48: =+M48*L48 -> 1824
C50: SUBTOTAL $ | O50: =+O48+O49 -> 1824
C51: IV. MANO DE OBRA
C54: TRABAJADOR | J54: JORNAL | K54: PRESTACIONES | L54: JORNAL TOTAL | M54: RENDIMIENTO | O54: Vr. UNITARIO
C55: Ayudante | D55: 1 | J55: 52195 | K55: 1.8 | L55: =+J55*K55 -> 93951 | M55: 0.026 | O55: =+L55*M55 -> 2442.726 | R55: 27815 | S55: 1692
C56: Oficial | D56: 1 | J56: 83512 | K56: 1.8 | L56: =+J56*K56 -> 150321.6 | M56: 0.026 | O56: =+L56*M56 -> 3908.3616
C59: SUBTOTAL $ | O59: =+O55+O56 -> 6351.0876
C61: TOTAL COSTO DIRECTO $ | O61: =+O59+O50+O43+O33 -> 120770.09
C62: V. COSTOS INDIRECTOS
C65: Descripción | L65: Porcentaje | M65: Valor Total
C66: ADMINISTRACION | L66: =+'[129]APU 2,3 - 11,6'!L64 -> 0.32 | M66: =+ROUND($O$61*L66,0) -> 38646
C67: IMPREVISTOS | L67: 0 | M67: =+ROUND($O$61*L67,0) -> 0
C68: UTILIDAD | L68: 0.05 | M68: =+ROUND($O$61*L68,0) -> 6039
C69: SUBTOTAL $ | O69: =+M66+M67+M68 -> 44685
C71: Precio Unitario Total Aproximado al peso $ | O71: =+ROUND(O61+O69,0) -> 165455
H75: Firma
H76: Nombre:
H77: Representante Legal del Contratista o su Apoderado
H78: Matricula No. :
C80: OBSERVACIONES INTERVENTORÍA
C84: APROBACIÓN POR INTERVENTORÍA
C85: Nota 1: Cuando se trate de Análisis de precios unitarios correspondientes a ítems de la propuesta económica aprobada, el Interventor aprueba el desglose de los componentes manteniendo el mismo precio unitario de cada ítem, cumpliendo con las especificaciones de construcción vigentes para el proyecto.
C87: Nota 2: Cuando se trate de Análisis de precios unitarios de ítems no previstos, el Interventor aprueba el desglose y precio unitario de cada ítem no previsto, exigiendo la aplicación de los costos correspondientes a insumos y tarifas de la propuesta económica inicial cuando estén contemplados, cumpliendo con las especificaciones de construcción vigente para el proyecto.
H90: Firma
H91: Nombre:
H92: Representante Legal del Interventor o su Apoderado
H93: Matricula No. :

Sheet APU 15,4
C3: Formulario 1 - Propuesta económica - Documento tipo de licitación de obra pública de infraestructura de transporte - versión 4
C4: Código | D4: CCE-EICP-FM-14 | E4: Versión | F4: 4
C6: [La entidad podrá utilizar este formato para la presentación de los análisis de precios unitarios del contratista en la oportunidad prevista en el numeral 8.1. del Documento Base]
D9: INSTITUTO DE FINANCIAMIENTO, PROMOCIÓN Y DESARROLLO DE CALDAS - INFICALDAS
L10: VERSIÓN
D11: INFI L.P XXXX-2025
L12: PÁGINA | M12: 1 | N12: DE | O12: 1
D14: ANALISIS DE PRECIOS UNITARIOS
L16: FECHA | M16: DD | N16: MM | O16: AA
C18: ÍTEMS DE LA PROPUESTA ECONÓMICA | I18: ÍTEMS NO PREVISTOS
C22: DATOS ESPECÍFICOS
C24: ÍTEM | D24: DESCRIPCIÓN | M24: UNIDAD | O24: CANTIDAD
C25: =+'PRESUPUESTO OFICIAL (Entidad)'!C73 -> 15.4 | D25: =+'PRESUPUESTO OFICIAL (Entidad)'!G73 -> SUMINISTRO, TRANSPORTE E INSTALACION DE LOSA EN CONCRETO HIDRAULICO MR 42. ESPESOR 20 CM | M25: =+'PRESUPUESTO OFICIAL (Entidad)'!H73 -> M3
C26: I. EQUIPO
C29: DESCRIPCIÓN | H29: MARCA | J29: TIPO | L29: TARIFA/HORA | M29: RENDIMIENTO | O29: Vr. UNITARIO
C30: Regla vibratoria | L30: 90929 | M30: 0.15 | O30: =+L30*M30 -> 13639.35
C31: Vibrador a gasolina | L31: 67825 | M31: 0.1 | O31: =+L31*M31 -> 6782.5
C32: HERRAMIENTA MENOR (%) | M32: 0.05 | O32: =+O61*M32 -> 8602.685
C33: SUBTOTAL $ | O33: =SUM(O30:O32) -> 29024.535
C34: II. MATERIALES
C37: DESCRIPCIÓN | K37: UNIDAD | L37: CANTIDAD | M37: PRECIO UNIT. | O37: Vr. UNITARIO
C38: Puntilla con cabeza 1" | K38: Lb | L38: 0.2 | M38: 5100 | O38: =+L38*M38 -> 1020
C39: Tabla 1"x10"X3m | K39: UNIDAD | L39: 0.8 | M39: 14569 | O39: =+L39*M39 -> 11655.2
C40: Cuartón 2"x4"x3M | K40: UNIDAD | L40: 1.25 | M40: 12974.052 | O40: =+L40*M40 -> 16217.565
C41: CONCRETO PREMEZCLADO PARA PAVIMENTO MR 42 KG/CM2 | K41: M3 | L41: 1.05 | M41: 655690 | O41: =+L41*M41 -> 688474.5
C42: ADITIVO PARA CURAR EL CONCRETO | K42: UND | L42: 0.09 | M42: 44360.316 | O42: =+L42*M42 -> 3992.4284
C43: SELLO ELASTOMERICO | K43: M | L43: 1.09 | M43: 6586.944 | O43: =+L43*M43 -> 7179.769
C45: SUBTOTAL $ | O45: =SUM(O38:O44) -> 728539.46
C46: III. TRANSPORTES
C49: MATERIAL | J49: VOL. o PESO | K49: DISTANCIA | L49: M3 o Ton/Km | M49: TARIFA | O49: Vr. UNITARIO
C50: Equipo de transporte | J50: DIA | L50: 0.1013 | M50: 180217 | O50: =+M50*L50 -> 18255.982
C51: Acarreo interno | J51: UND | L51: 4.2 | M51: 1824 | O51: =+M51*L51 -> 7660.8
C52: SUBTOTAL $ | O52: =SUM(O50:O51) -> 25916.782
C53: IV. MANO DE OBRA
C56: TRABAJADOR | J56: JORNAL | K56: PRESTACIONES | L56: JORNAL TOTAL | M56: RENDIMIENTO | O56: Vr. UNITARIO
C57: Ayudante | D57: 4 | J57: =47450*D57 -> 189800 | K57: 1.85 | L57: =+J57*K57 -> 351130 | M57: 0.35 | O57: =+L57*M57 -> 122895.5
C58: Oficial | D58: 1 | J58: 75920 | K58: 1.85 | L58: =+J58*K58 -> 140452 | M58: 0.35 | O58: =+L58*M58 -> 49158.2
C61: SUBTOTAL $ | O61: =SUM(O57:O60) -> 172053.7
C63: TOTAL COSTO DIRECTO $ | O63: =+O33+O45+O52+O61 -> 955534.48
C64: V. COSTOS INDIRECTOS
C67: Descripción | L67: Porcentaje | M67: Valor Total
C68: ADMINISTRACION | L68: =+'PRESUPUESTO OFICIAL (Entidad)'!K91 -> 0.32 | M68: =+O63*L68 -> 305771.03
C69: IMPREVISTOS | L69: =+'PRESUPUESTO OFICIAL (Entidad)'!K92 -> 0 | M69: =+O63*L69 -> 0
C70: UTILIDAD | L70: =+'PRESUPUESTO OFICIAL (Entidad)'!K93 -> 0.05 | M70: =+O63*L70 -> 47776.724
C71: SUBTOTAL $ | O71: =+M68+M69+M70 -> 353547.76
C73: Precio Unitario Total Aproximado al peso $ | O73: =+ROUND(O63+O71,0) -> 1309082
H77: Firma
H78: Nombre:
H79: Representante Legal del Contratista o su Apoderado
H80: Matricula No. :
C82: OBSERVACIONES INTERVENTORÍA
C86: APROBACIÓN POR INTERVENTORÍA
C87: Nota 1: Cuando se trate de Análisis de precios unitarios correspondientes a ítems de la propuesta económica aprobada, el Interventor aprueba el desglose de los componentes manteniendo el mismo precio unitario de cada ítem, cumpliendo con las especificaciones de construcción vigentes para el proyecto.
C89: Nota 2: Cuando se trate de Análisis de precios unitarios de ítems no previstos, el Interventor aprueba el desglose y precio unitario de cada ítem no previsto, exigiendo la aplicación de los costos correspondientes a insumos y tarifas de la propuesta económica inicial cuando estén contemplados, cumpliendo con las especificaciones de construcción vigente para el proyecto.
H92: Firma
H93: Nombre:
H94: Representante Legal del Interventor o su Apoderado
H95: Matricula No. :

Sheet APU 15,5
C3: Formulario 1 - Propuesta económica - Documento tipo de licitación de obra pública de infraestructura de transporte - versión 4
C4: Código | D4: CCE-EICP-FM-14 | E4: Versión | F4: 4
C6: [La entidad podrá utilizar este formato para la presentación de los análisis de precios unitarios del contratista en la oportunidad prevista en el numeral 8.1. del Documento Base]
D9: INSTITUTO DE FINANCIAMIENTO, PROMOCIÓN Y DESARROLLO DE CALDAS - INFICALDAS
L10: VERSIÓN
D11: INFI L.P XXXX-2025
L12: PÁGINA | M12: 1 | N12: DE | O12: 1
D14: ANALISIS DE PRECIOS UNITARIOS
L16: FECHA | M16: DD | N16: MM | O16: AA
C18: ÍTEMS DE LA PROPUESTA ECONÓMICA | I18: ÍTEMS NO PREVISTOS
C22: DATOS ESPECÍFICOS
C24: ÍTEM | D24: DESCRIPCIÓN | M24: UNIDAD | O24: CANTIDAD
C25: =+'PRESUPUESTO OFICIAL (Entidad)'!C74 -> 15.5 | D25: =+'PRESUPUESTO OFICIAL (Entidad)'!G74 -> CONECTORES DE TRANSFERENCIA PARA PLACA DE CONCRETO EN MR42 E=0,20 | M25: =+'PRESUPUESTO OFICIAL (Entidad)'!H74 -> KG
C26: I. EQUIPO
C29: DESCRIPCIÓN | H29: MARCA | J29: TIPO | L29: TARIFA/HORA | M29: RENDIMIENTO | O29: Vr. UNITARIO
C31: HERRAMIENTA MENOR (%) | M31: 0.05 | O31: =+O56*M31 -> 342.35175
C33: SUBTOTAL $ | O33: =SUM(O31:O32) -> 342.35175
C34: II. MATERIALES
C37: DESCRIPCIÓN | K37: UNIDAD | L37: CANTIDAD | M37: PRECIO UNIT. | O37: Vr. UNITARIO
C38: Barras de transferencia de carga (1") lisa | K38: KG | L38: 1.05 | M38: 7152.6 | O38: =+L38*M38 -> 7510.23
C39: Barras de union 5 mm | K39: KG | L39: 0.4 | M39: 5775.5 | O39: =+L39*M39 -> 2310.2
C40: SUBTOTAL $ | O40: =SUM(O38:O39) -> 9820.43
C41: III. TRANSPORTES
C44: MATERIAL | J44: VOL. o PESO | K44: DISTANCIA | L44: M3 o Ton/Km | M44: TARIFA | O44: Vr. UNITARIO
C47: SUBTOTAL $
C48: IV. MANO DE OBRA
C51: TRABAJADOR | J51: JORNAL | K51: PRESTACIONES | L51: JORNAL TOTAL | M51: RENDIMIENTO | O51: Vr. UNITARIO
C52: Ayudante | D52: 1 | J52: =47450*D52 -> 47450 | K52: 1.85 | L52: =+J52*K52 -> 87782.5 | M52: 0.03 | O52: =+L52*M52 -> 2633.475
C53: Oficial | D53: 1 | J53: 75920 | K53: 1.85 | L53: =+J53*K53 -> 140452 | M53: 0.03 | O53: =+L53*M53 -> 4213.56
C56: SUBTOTAL $ | O56: =SUM(O52:O55) -> 6847.035
C58: TOTAL COSTO DIRECTO $ | O58: =+O33+O40+O56 -> 17009.817
C59: V. COSTOS INDIRECTOS
C62: Descripción | L62: Porcentaje | M62: Valor Total
C63: ADMINISTRACION | L63: =+'PRESUPUESTO OFICIAL (Entidad)'!K91 -> 0.32 | M63: =+O58*L63 -> 5443.1414
C64: IMPREVISTOS | L64: =+'PRESUPUESTO OFICIAL (Entidad)'!K92 -> 0 | M64: =+O58*L64 -> 0
C65: UTILIDAD | L65: =+'PRESUPUESTO OFICIAL (Entidad)'!K93 -> 0.05 | M65: =+O58*L65 -> 850.49084
C66: SUBTOTAL $ | O66: =+M63+M64+M65 -> 6293.6322
C68: Precio Unitario Total Aproximado al peso $ | O68: =+ROUND(O58+O66,0) -> 23303
H72: Firma
H73: Nombre:
H74: Representante Legal del Contratista o su Apoderado
H75: Matricula No. :
C77: OBSERVACIONES INTERVENTORÍA
C81: APROBACIÓN POR INTERVENTORÍA
C82: Nota 1: Cuando se trate de Análisis de precios unitarios correspondientes a ítems de la propuesta económica aprobada, el Interventor aprueba el desglose de los componentes manteniendo el mismo precio unitario de cada ítem, cumpliendo con las especificaciones de construcción vigentes para el proyecto.
C84: Nota 2: Cuando se trate de Análisis de precios unitarios de ítems no previstos, el Interventor aprueba el desglose y precio unitario de cada ítem no previsto, exigiendo la aplicación de los costos correspondientes a insumos y tarifas de la propuesta económica inicial cuando estén contemplados, cumpliendo con las especificaciones de construcción vigente para el proyecto.
H87: Firma
H88: Nombre:
H89: Representante Legal del Interventor o su Apoderado
H90: Matricula No. :

Sheet APU 15,6
C3: Formulario 1 - Propuesta económica - Documento tipo de licitación de obra pública de infraestructura de transporte - versión 4
C4: Código | D4: CCE-EICP-FM-14 | E4: Versión | F4: 4
C6: [La entidad podrá utilizar este formato para la presentación de los análisis de precios unitarios del contratista en la oportunidad prevista en el numeral 8.1. del Documento Base]
D9: INSTITUTO DE FINANCIAMIENTO, PROMOCIÓN Y DESARROLLO DE CALDAS - INFICALDAS
L10: VERSIÓN
D11: INFI L.P XXXX-2025
L12: PÁGINA | M12: 1 | N12: DE | O12: 1
D14: ANALISIS DE PRECIOS UNITARIOS
L16: FECHA | M16: DD | N16: MM | O16: AA
C18: ÍTEMS DE LA PROPUESTA ECONÓMICA | I18: ÍTEMS NO PREVISTOS
C22: DATOS ESPECÍFICOS
C24: ÍTEM | D24: DESCRIPCIÓN | M24: UNIDAD | O24: CANTIDAD
C25: =+'PRESUPUESTO OFICIAL (Entidad)'!C75 -> 15.6 | D25: =+'PRESUPUESTO OFICIAL (Entidad)'!G75 -> ACERO DE REFUERZO DE 420 MPA | M25: =+'PRESUPUESTO OFICIAL (Entidad)'!H75 -> KG
C26: I. EQUIPO
C29: DESCRIPCIÓN | H29: MARCA | J29: TIPO | L29: TARIFA/HORA | M29: RENDIMIENTO | O29: Vr. UNITARIO
C30: Cizalla manual de 90 cm (se sugiere hacer uso de la cortadora eléctrica | L30: 1873.4263 | M30: 0.026229508 | O30: =+L30*M30 -> 49.13905
C31: HERRAMIENTA MENOR (%) | M31: 0.02 | O31: =+O56*M31 -> 14.966197
C33: SUBTOTAL $ | O33: =SUM(O30:O32) -> 64.105247
C34: II. MATERIALES
C37: DESCRIPCIÓN | K37: UNIDAD | L37: CANTIDAD | M37: PRECIO UNIT. | O37: Vr. UNITARIO
C38: Acero de refuerzo PDR-60, Fy: 4200 kg/cm2 | K38: KG | L38: 1.05 | M38: 5246.34 | O38: =+M38*L38 -> 5508.657
C39: Alambre negro para amarre calibre 18 | K39: KG | L39: 0.038 | M39: 9225.25 | O39: =+M39*L39 -> 350.5595
C40: SUBTOTAL $ | O40: =SUM(O38:O39) -> 5859.2165
C41: III. TRANSPORTES
C44: MATERIAL | J44: VOL. o PESO | K44: DISTANCIA | L44: M3 o Ton/Km | M44: TARIFA | O44: Vr. UNITARIO
C45: Transporte de acero | J45: 1.05 | K45: 1 | L45: 1.05 | M45: 2 | O45: =+M45*L45 -> 2.1
C47: SUBTOTAL $ | O47: =SUM(O45:O46) -> 2.1
C48: IV. MANO DE OBRA
C51: TRABAJADOR | J51: JORNAL | K51: PRESTACIONES | L51: JORNAL TOTAL | M51: RENDIMIENTO | O51: Vr. UNITARIO
C52: Ayudante | D52: 1 | J52: =47450*D52 -> 47450 | K52: 1.85 | L52: =+J52*K52 -> 87782.5 | M52: 305 | O52: =+L52/M52 -> 287.81148
C53: Oficial | D53: 1 | J53: 75920 | K53: 1.85 | L53: =+J53*K53 -> 140452 | M53: 305 | O53: =+L53/M53 -> 460.49836
C56: SUBTOTAL $ | O56: =SUM(O52:O55) -> 748.30984
C58: TOTAL COSTO DIRECTO $ | O58: =+O33+O40+O47+O56 -> 6673.7316
C59: V. COSTOS INDIRECTOS
C62: Descripción | L62: Porcentaje | M62: Valor Total
C63: ADMINISTRACION | L63: =+'PRESUPUESTO OFICIAL (Entidad)'!K91 -> 0.32 | M63: =+O58*L63 -> 2135.5941
C64: IMPREVISTOS | L64: =+'PRESUPUESTO OFICIAL (Entidad)'!K92 -> 0 | M64: =+O58*L64 -> 0
C65: UTILIDAD | L65: =+'PRESUPUESTO OFICIAL (Entidad)'!K93 -> 0.05 | M65: =+O58*L65 -> 333.68658
C66: SUBTOTAL $ | O66: =SUM(M63:N65) -> 2469.2807
C68: Precio Unitario Total Aproximado al peso $ | O68: =+ROUND(O58+O66,0) -> 9143
H72: Firma
H73: Nombre:
H74: Representante Legal del Contratista o su Apoderado
H75: Matricula No. :
C77: OBSERVACIONES INTERVENTORÍA
C81: APROBACIÓN POR INTERVENTORÍA
C82: Nota 1: Cuando se trate de Análisis de precios unitarios correspondientes a ítems de la propuesta económica aprobada, el Interventor aprueba el desglose de los componentes manteniendo el mismo precio unitario de cada ítem, cumpliendo con las especificaciones de construcción vigentes para el proyecto.
C84: Nota 2: Cuando se trate de Análisis de precios unitarios de ítems no previstos, el Interventor aprueba el desglose y precio unitario de cada ítem no previsto, exigiendo la aplicación de los costos correspondientes a insumos y tarifas de la propuesta económica inicial cuando estén contemplados, cumpliendo con las especificaciones de construcción vigente para el proyecto.
H87: Firma
H88: Nombre:
H89: Representante Legal del Interventor o su Apoderado
H90: Matricula No. :

Sheet APU 16,1
C3: Formulario 1 - Propuesta económica - Documento tipo de licitación de obra pública de infraestructura de transporte - versión 4
C4: Código | D4: CCE-EICP-FM-14 | E4: Versión | F4: 4
C6: [La entidad podrá utilizar este formato para la presentación de los análisis de precios unitarios del contratista en la oportunidad prevista en el numeral 8.1. del Documento Base]
D9: INSTITUTO DE FINANCIAMIENTO, PROMOCIÓN Y DESARROLLO DE CALDAS - INFICALDAS
L10: VERSIÓN
D11: INFI L.P XXXX-2025
L12: PÁGINA | M12: 1 | N12: DE | O12: 1
D14: ANALISIS DE PRECIOS UNITARIOS
L16: FECHA | M16: DD | N16: MM | O16: AA
C18: ÍTEMS DE LA PROPUESTA ECONÓMICA | I18: ÍTEMS NO PREVISTOS
C22: DATOS ESPECÍFICOS
C24: ÍTEM | D24: DESCRIPCIÓN | M24: UNIDAD | O24: CANTIDAD
C25: =+'PRESUPUESTO OFICIAL (Entidad)'!C77 -> 16.1 | D25: =+'PRESUPUESTO OFICIAL (Entidad)'!G77 -> SUMINISTRO, TRANSPORTE E INSTALACION JUNTA DE DILATACION PARA PLACA DE CONCRETO (Inlcuye sellante y limpieza) | M25: =+'PRESUPUESTO OFICIAL (Entidad)'!H77 -> ML
C26: I. EQUIPO
C29: DESCRIPCIÓN | H29: MARCA | J29: TIPO | L29: TARIFA/HORA | M29: RENDIMIENTO | O29: Vr. UNITARIO
C30: HERRAMIENTA MENOR | L30: 3484 | M30: 0.5 | O30: =+L30*M30 -> 1742
C33: SUBTOTAL $ | O33: =SUM(O30:O32) -> 1742
C34: II. MATERIALES
C37: DESCRIPCIÓN | K37: UNIDAD | L37: CANTIDAD | M37: PRECIO UNIT. | O37: Vr. UNITARIO
C38: Sello de poliuretano en cinta para juntas en pavimentos de concreto hidraulico. | K38: m | L38: 1.01 | M38: 1491.1119 | O38: =+M38*L38 -> 1506.023
C39: Sello de silicona o sellador autonivelante | K39: m | L39: 1.01 | M39: 10741.705 | O39: =+M39*L39 -> 10849.123
C40: SUBTOTAL $ | O40: =SUM(O38:O39) -> 12355.146
C41: III. TRANSPORTES
C44: MATERIAL | J44: VOL. o PESO | K44: DISTANCIA | L44: M3 o Ton/Km | M44: TARIFA | O44: Vr. UNITARIO
C47: SUBTOTAL $ | O47: =SUM(O45:O46) -> 0
C48: IV. MANO DE OBRA
C51: TRABAJADOR | J51: JORNAL | K51: PRESTACIONES | L51: JORNAL TOTAL | M51: RENDIMIENTO | O51: Vr. UNITARIO
C52: Ayudante | D52: 2 | J52: =47450*D52 -> 94900 | K52: 1.85 | L52: =+J52*K52 -> 175565 | M52: 0.03 | O52: =+L52*M52 -> 5266.95
C53: Oficial | D53: 1 | J53: 75920 | K53: 1.85 | L53: =+J53*K53 -> 140452 | M53: =+M52 -> 0.03 | O53: =+L53*M53 -> 4213.56
C56: SUBTOTAL $ | O56: =SUM(O52:O55) -> 9480.51
C58: TOTAL COSTO DIRECTO $ | O58: =+O56+O47+O40+O33 -> 23577.656
C59: V. COSTOS INDIRECTOS
C62: Descripción | L62: Porcentaje | M62: Valor Total
C63: ADMINISTRACION | L63: =+'PRESUPUESTO OFICIAL (Entidad)'!K91 -> 0.32 | M63: =+O58*L63 -> 7544.8498
C64: IMPREVISTOS | L64: =+'PRESUPUESTO OFICIAL (Entidad)'!K92 -> 0
C65: UTILIDAD | L65: =+'PRESUPUESTO OFICIAL (Entidad)'!K93 -> 0.05 | M65: =+O58*L65 -> 1178.8828
C66: SUBTOTAL $ | O66: =SUM(M63:N65) -> 8723.7326
C68: Precio Unitario Total Aproximado al peso $ | O68: =+ROUND(O58+O66,0) -> 32301
H72: Firma
H73: Nombre:
H74: Representante Legal del Contratista o su Apoderado
H75: Matricula No. :
C77: OBSERVACIONES INTERVENTORÍA
C81: APROBACIÓN POR INTERVENTORÍA
C82: Nota 1: Cuando se trate de Análisis de precios unitarios correspondientes a ítems de la propuesta económica aprobada, el Interventor aprueba el desglose de los componentes manteniendo el mismo precio unitario de cada ítem, cumpliendo con las especificaciones de construcción vigentes para el proyecto.
C84: Nota 2: Cuando se trate de Análisis de precios unitarios de ítems no previstos, el Interventor aprueba el desglose y precio unitario de cada ítem no previsto, exigiendo la aplicación de los costos correspondientes a insumos y tarifas de la propuesta económica inicial cuando estén contemplados, cumpliendo con las especificaciones de construcción vigente para el proyecto.
H87: Firma
H88: Nombre:
H89: Representante Legal del Interventor o su Apoderado
H90: Matricula No. :
